Workbook

Sheet Activities and Costing
C1: Iyanola | D1: GEF Funding | E1: Co-Financing | F1: Total Funding | G1: Consultant(s) responsible | H1: =D11='GEF funding'!AZ151 -> TRUE | I1: PIF - by Focal Area | M1: % of PIF | Q1: X-Check
C2: Focal Area | I2: GEF Funding | J2: Co-Financing | K2: Total Funding | M2: GEF Funding | N2: Co-Financing | O2: Total Funding
C3: BD-1 Outcome 1.1: Improved management effectiveness of existing and new protected areas | D3: =D12 -> 267169.35 | E3: =E12 -> 856232.38 | F3: =F12 -> 1123401.7 | I3: 665109 | J3: 2365000 | K3: =I3+J3 -> 3030109 | M3: =D3/I3*100 -> 40.169258 | N3: =E3/J3*100 -> 36.204329 | O3: =F3/K3*100 -> 37.074631 | Q3: =D3='GEF funding'!BF151 -> TRUE | R3: =E3='Appendix 2'!#REF! -> #REF! | S3: =F3='Total Terr ES budget'!BF151 -> TRUE
C4: BD-2: Outcome 2.1: Increase in sustainably managed landscapes and seascapes that integrate biodiversity conservation. | D4: =D57+D68+D75 -> 665109 | E4: =E57+E68+E75 -> 1026762.5 | F4: =F57+F68+F75 -> 1691871.5 | I4: 560000 | J4: 2085000 | K4: =I4+J4 -> 2645000 | M4: =D4/I4*100 -> 118.76946 | N4: =E4/J4*100 -> 49.245203 | O4: =F4/K4*100 -> 63.964895 | Q4: =D4='GEF funding'!BG151 -> TRUE | R4: =E4='Appendix 2'!#REF! -> #REF! | S4: =F4='Total Terr ES budget'!BG151 -> FALSE
C5: LD-2: Outcome 2.2 Improved dryland forest management | D5: =D89 -> 192619.68 | E5: =E89 -> 320919.97 | F5: =F89 -> 513539.65 | I5: 259740 | J5: 800000 | K5: =I5+J5 -> 1059740 | M5: =D5/I5*100 -> 74.15865 | N5: =E5/J5*100 -> 40.114996 | O5: =F5/K5*100 -> 48.459023
C6: LD-2: Outcome 2.4 Increased investments in SFM dryland forest ecosystems .
C7: SFM/REDD 1: Outcome 1.2: Good management practices applied in in existing forests | D7: =D30+D82 -> 261880.86 | E7: =E30 -> 365646.12 | F7: =F30 -> 520129.73 | I7: 562770 | J7: 2624483 | K7: =I7+J7 -> 3187253 | M7: =D7/I7*100 -> 46.534261 | N7: =E7/J7*100 -> 13.93212 | O7: =F7/K7*100 -> 16.31906
C8: CC-5: Outcome 5.2 Restoration and enhancement of carbon stocks in forests and non forest lands | D8: =D35+D41 -> 850794.22 | E8: =E35+E41 -> 1702213.1 | F8: =F35+F41 -> 2553007.3 | I8: 173160 | J8: 700000 | K8: =I8+J8 -> 873160 | M8: =D8/I8*100 -> 491.33415 | N8: =E8/J8*100 -> 243.1733 | O8: =F8/K8*100 -> 292.38711 | Q8: =D8='GEF funding'!BJ151 -> FALSE | R8: =E8='Appendix 2'!#REF! -> #REF! | S8: =F8='Total Terr ES budget'!BJ151 -> FALSE
C9: Total | D9: =SUM(D3:D8) -> 2237573.1 | E9: =SUM(E3:E8) -> 4271774.1 | F9: =SUM(F3:F8) -> 6401949.9 | H9: Total | I9: =SUM(I3:I8) -> 2220779 | J9: =SUM(J3:J8) -> 8574483 | K9: =SUM(K3:K8) -> 10795262 | M9: =D9/I9*100 -> 100.75623 | N9: =E9/J9*100 -> 49.819611 | O9: =F9/K9*100 -> 59.303331
C10: Activities | H10: Proj Mgmt | I10: =0.05*I9 -> 111038.95 | J10: =0.05*J9 -> 428724.15 | K10: =0.05*K9 -> 539763.1
C11: Component 1: Enhanced land use planning and regulatory framework (as applied to NE Coast) | D11: =D12 -> 267169.35 | E11: =E12 -> 856232.38 | F11: =F12 -> 1123401.7 | H11: Grand Total | I11: =I9+I10 -> 2331818 | J11: =J9+J10 -> 9003207.2 | K11: =K9+K10 -> 11335025 | Q11: =D11='GEF funding'!AZ151 -> TRUE | R11: =E11='Appendix 2'!BA151 -> TRUE | S11: =F11='Total Terr ES budget'!AZ151 -> TRUE
C12: =Logframe!A13 -> Outcome C1.1: Integration of ecosystems approach into legal and policy framework | D12: =D13+D18+D23 -> 267169.35 | E12: =E13+E18+E23 -> 856232.38 | F12: =F13+F18+F23 -> 1123401.7 | I12: =D9=D97 -> TRUE | J12: =E9=E97 -> FALSE | K12: =F9=F97 -> FALSE
C13: =Logframe!A30 -> Output C1.1.1: Ecological considerations integrated into planning policies and regulations for development categories | D13: =SUM(D14:D17) -> 35748.245 | E13: =SUM(E14:E17) -> 125558.55 | F13: =SUM(F14:F17) -> 161306.8 | I13: PIF - by Component
C14: Activity 1.1.1.1: Review of the National Planning and Development Policies (including Physical development, Forests, Land, Policies related to conservation and sustainable use of BD, etc.), Standards and Guidelines, and Regulations, including Draft Environmental Impact Assessment Regulations, to identify strategic entry points and recommend measures to incorporate ES, biodiversity and SFM and other ecological considerations for strengthening sustainable national land use planning for enhanced applicability in the NE Iyanola Region | D14: ='GEF funding'!E151 -> 3602.1238 | E14: ='Appendix 2'!E151 -> 23605.489 | F14: =D14+E14 -> 27207.613 | H14: C1 | I14: 260000 | J14: 1700000 | K14: =I14+J14 -> 1960000 | M14: =D11/I14*100 -> 102.75744 | N14: =E11/J14*100 -> 50.36661 | O14: =F11/K14*100 -> 57.316415
C15: Activity 1.1.1.2: Identification and assessment of viability of innovative economic and fiscal instruments and other options for conservation and sustainable use of critical biodiversity and ecosystems in NE Iyanola Region | D15: ='GEF funding'!F151 -> 18901.318 | E15: ='Appendix 2'!F151 -> 59976.74 | F15: =D15+E15 -> 78878.057 | H15: C2 | I15: 995670 | J15: 4374483 | K15: =I15+J15 -> 5370153 | M15: =D29/I15*100 -> 100.96496 | N15: =E29/J15*100 -> 47.27094 | O15: =F29/K15*100 -> 57.226248
C16: Activity 1.1.1.3:Develop concept note to demonstrate the link between resource conservation and income generation (Valuation/CBA) and propose measures to support integration of ecological considerations into planning and development policy framework; (build on case studies in 1.1.3.1 and info 1.1.2.2.) | D16: ='GEF funding'!G151 -> 13244.803 | E16: ='Appendix 2'!G151 -> 41976.323 | F16: =D16+E16 -> 55221.126 | H16: C3 | I16: 665109 | J16: 1600000 | K16: =I16+J16 -> 2265109 | M16: =D56/I16*100 -> 100 | N16: =E56/J16*100 -> 64.172655 | O16: =F56/K16*100 -> 74.692718
H17: BD1 | I17: 665109 | J17: 2365000 | K17: =I17+J17 -> 3030109 | M17: ='GEF funding'!BF151/I17*100 -> 40.169258 | N17: ='Appendix 2'!#REF!/'Activities and Costing'!J17*100 -> #REF! | O17: ='Total Terr ES budget'!BF151/'Activities and Costing'!K17*100 -> 37.074631
C18: =Logframe!A31 -> Output C1.1.2: Land Use Plan for NE Coast/Iyanola, incorporating valuation of ecosystem goods and services | D18: =SUM(D19:D22) -> 48895.881 | E18: =SUM(E19:E22) -> 177612.08 | F18: =SUM(F19:F22) -> 226507.96 | H18: BD2 | I18: 560000 | J18: 2085000 | K18: =I18+J18 -> 2645000 | M18: ='GEF funding'!BG151/'Activities and Costing'!I18*100 -> 118.76946 | N18: ='Appendix 2'!#REF!/'Activities and Costing'!J18*100 -> #REF! | O18: ='Total Terr ES budget'!BG151/'Activities and Costing'!K18*100 -> 64.921403
C19: Activity 1.1.2.1: Collate and update selected species and ecosystems baseline information in NE Iyanola Region | D19: ='GEF funding'!H151 -> 18299.807 | E19: ='Appendix 2'!H151 -> 53128.968 | F19: =D19+E19 -> 71428.775 | H19: LD | I19: 259740 | J19: 800000 | K19: =I19+J19 -> 1059740 | M19: =#REF!/I19*100 -> #REF! | N19: =#REF!/J19*100 -> #REF! | O19: =#REF!/K19*100 -> #REF!
C20: Activity 1.1.2.2: Conduct valuation of selected species and ecosystems in NE Iyanola Region | D20: ='GEF funding'!I151 -> 5749.0544 | E20: ='Appendix 2'!I151 -> 50194.362 | F20: =D20+E20 -> 55943.417 | H20: SFM/REDD | I20: 562770 | J20: 2624483 | K20: =I20+J20 -> 3187253 | M20: =#REF!/I20*100 -> #REF! | N20: =#REF!/J20*100 -> #REF! | O20: =#REF!/K20*100 -> #REF!
C21: Activity 1.1.2.3: Development of Land Use Plan (Terrestrial and Marine Resource Use) with identification/Zoning of critical ecosystems | D21: ='GEF funding'!J151 -> 24847.02 | E21: ='Appendix 2'!J151 -> 74288.747 | F21: =D21+E21 -> 99135.767 | H21: CC | I21: 173160 | J21: 700000 | K21: =I21+J21 -> 873160 | M21: ='GEF funding'!BJ151/'Activities and Costing'!I21*100 -> 580.54853 | N21: ='Appendix 2'!#REF!/'Activities and Costing'!J21*100 -> #REF! | O21: ='Total Terr ES budget'!BJ151/'Activities and Costing'!K21*100 -> 351.95578
C23: =Logframe!A32 -> Output C1.1.3: Enhanced capacity of national and local leaders to uptake ecosystem services values considerations in planning in decision making | D23: =SUM(D24:D28) -> 182525.23 | E23: =SUM(E24:E28) -> 553061.75 | F23: =SUM(F24:F28) -> 735586.98
C24: Activity 1.1.3.1 Develop case studies for selected critical species and ecosytems in NE Iyanola Region to demonstrate and showcase the value (economic, social, intrinsic…) | D24: ='GEF funding'!K151 -> 28525.489 | E24: ='Appendix 2'!K151 -> 85590.304 | F24: =D24+E24 -> 114115.79
C25: Activity 1.1.3.2: Develop and implement a national Public Awareness and Sensitization strategy that addresses NE Iyanola environmentally sensitive issues | D25: ='GEF funding'!L151 -> 12793.67 | E25: ='Appendix 2'!L151 -> 37601.408 | F25: =D25+E25 -> 50395.078
C26: Activity 1.1.3.3: Initiate and cultivate national, regional and international collaboration and partnerships to foster exchange of experiences and lessons learnt regarding critical terrestrial and marine biodiversity and ecosytems in NE Iyanola Region | D26: ='GEF funding'!M151 -> 7021.4809 | E26: ='Appendix 2'!M151 -> 19598.616 | F26: =D26+E26 -> 26620.097
C27: Activity 1.1.3.4: Develop and/or adapt and implement training plan inclusive of training material and resources to support biodiversity and ecosystem management focused on NE Iyanola Region | D27: ='GEF funding'!N151 -> 134184.59 | E27: ='Appendix 2'!N151 -> 410271.42 | F27: =D27+E27 -> 544456.01
C29: Component 2: Enhanced sustainable land management and carbon benefits in deciduous seasonal and low montane rainforest zones | D29: =D30+D35+D41 -> 1005277.8 | E29: =E30+E35+E41 -> 2067859.2 | F29: =F30+F35+F41 -> 3073137.1 | Q29: =D29='GEF funding'!BA151 -> TRUE | R29: =E29='Appendix 2'!BB151 -> TRUE | S29: =F29='Total Terr ES budget'!BA151 -> FALSE
C30: =Logframe!A16 -> Outcome C2.1: Improved ecosystems restoration and management | D30: =D31 -> 154483.61 | E30: =E31 -> 365646.12 | F30: =F31 -> 520129.73
C31: =Logframe!A35 -> Output C2.1.1: Zoning plan for restoration of degraded forest areas NE Coast | D31: =SUM(D32:D34) -> 154483.61 | E31: =SUM(E32:E34) -> 365646.12 | F31: =SUM(F32:F34) -> 520129.73
C32: Activity C2.1.1.1: Spatially represent using appropriate tools the location and distribution of DFAs; zone and quantify special management areas (e.g. areas to be restored); facilitate incorporation of Spatial Zoning Plan into Land Use Plan generated under Activity C1.1.2.3: | D32: ='GEF funding'!O151 -> 20183.781 | E32: ='Appendix 2'!O151 -> 109160.58 | F32: =D32+E32 -> 129344.36
C33: Activity C2.1.1.2: Develop an integrated sustainable forest management (SFM) plan for NE Iyanola Region inclusive of best practices for restoration/rehabilitation/ stabilisation of both terrestrial and marine resources in DFAs, including forest lands, and riverbanks and estuaries, based on Spatial Zoning Plan developed under Activity C2.1.1.1 | D33: ='GEF funding'!P151 -> 134299.83 | E33: ='Appendix 2'!P151 -> 256485.54 | F33: =D33+E33 -> 390785.37
C35: =Logframe!A17 -> Outcome C2.2: Restoration of 1,157 hectares of forest of global BD significance, enhancing carbon stocks | D35: =D36 -> 318114.33 | E35: =E36 -> 616042.47 | F35: =F36 -> 934156.79
C36: Output C2.2.1: Restoration of degraded priority forest areas nationwide, enhancing connectivity in a 10,000 ha and a 5,090 ha overall areas), with potential total carbon benefit of 691,689 tons CO2 at the end of a 30 year period | D36: =SUM(D37:D40) -> 318114.33 | E36: =SUM(E37:E40) -> 616042.47 | F36: =SUM(F37:F40) -> 934156.79
C37: Activity C2.2.1.1: Develop and commence implementation of Participatory based Site Specific Management Plans based on the SFM Plan developed in C2.1.1.2 for restoring/enhancing forests and lands with appropriate plant species to enhance carbon stocks while creating connectivity in Key Biodiversity Areas/Key Bird Areas; | D37: ='GEF funding'!Q151 -> 53685.727 | E37: ='Appendix 2'!Q151 -> 101752.91 | F37: =D37+E37 -> 155438.63
C38: Activity C2.2.1.2: Establish community based flying nursery facilities | D38: ='GEF funding'!R151 -> 79542.529 | E38: ='Appendix 2'!R151 -> 167061.71 | F38: =D38+E38 -> 246604.24
C39: Activity C2.2.1.3: Production, distribution, planting and maintenance of at least 50,000 seedlings of appropriate plant species in designated areas which will enhance carbon stocks while forming migratory corridors | D39: ='GEF funding'!S151 -> 184886.07 | E39: ='Appendix 2'!S151 -> 347227.85 | F39: =D39+E39 -> 532113.92
C41: =Logframe!A18 -> Outcome C2.3: Restoration efforts and avoided degradation lead projected annual tons CO2savings 23,056. Potential total carbon benefit of 691,689 tons CO2 over 30 years. | D41: =D42+D45+D49+D53 -> 532679.89 | E41: =E42+E45+E49+E53 -> 1086170.6 | F41: =F42+F45+F49+F53 -> 1618850.5
C42: Output C2.3.1: Rehabilitation of riparian, ravine, beach and migratory corridors of NE Coast/ Iyanola forest areas (200 ha) | D42: =SUM(D43:D44) -> 28119.409 | E42: =SUM(E43:E44) -> 88788.777 | F42: =SUM(F43:F44) -> 116908.19
C43: Activity C2.3.1.1: Develop and commence implementation of Participatory based Site Specific Management Plans based on the SFM Plan developed under activity C2.1.1.2 for restoring/stabilising eroded/vulnerable riverbanks and estuaries in conjunction with Activities C 2.2.1.2 and C2.2.1.3 | D43: ='GEF funding'!T151 -> 28119.409 | E43: ='Appendix 2'!T151 -> 88788.777 | F43: =D43+E43 -> 116908.19
C45: Output C2.3.2: At least 1 agreement negotiated for non government forest areas NE Coast/Iyanola | D45: =SUM(D46:D48) -> 191709.83 | E45: =SUM(E46:E48) -> 376335.47 | F45: =SUM(F46:F48) -> 568045.3
C46: Activity C2.3.2.1: Explore, discuss and recommend partnership agreements, and options for compensation and incentives with appropriate stakeholders, consistent with planning and development legislation | D46: ='GEF funding'!U151 -> 104282.96 | E46: ='Appendix 2'!U151 -> 210197.99 | F46: =D46+E46 -> 314480.95
C47: Activity C2.3.2.2: Negotiate at least 1 private public partnerships for restoration efforts on private lands | D47: ='GEF funding'!V151 -> 87426.867 | E47: ='Appendix 2'!V151 -> 166137.49 | F47: =D47+E47 -> 253564.35
C49: Output C2.3.3: Two private concessions established to raise revenue for SFM | D49: =SUM(D50:D52) -> 115801.51 | E49: =SUM(E50:E52) -> 250762.48 | F49: =SUM(F50:F52) -> 366563.98
C50: Activity C2.3.3.1: Identify opportunities/mechanisms for financing options for SFM including REDD Plus | D50: ='GEF funding'!W151 -> 99604.61 | E50: ='Appendix 2'!W151 -> 190436.26 | F50: =D50+E50 -> 290040.87
C51: Activity C2.3.3.2: Identify, define and negotiate up to 2 pilot concessions for PPP with existing and potential business enterprises and communities | D51: ='GEF funding'!X151 -> 16196.897 | E51: ='Appendix 2'!X151 -> 60326.215 | F51: =D51+E51 -> 76523.112
C53: Output C2.3.4: Research and Monitoring programme established for indicator species | D53: =SUM(D54:D55) -> 197049.14 | E53: =SUM(E54:E55) -> 370283.92 | F53: =SUM(F54:F55) -> 567333.06
C54: Activity C2.3.4.1: Design and implement a comprehensive Pressure State response Monitoring Programme for indicator species for measuring success of conservation and biodiversity businesses in NE Iyanola Region (building on existing monitoring programmes) | D54: ='GEF funding'!Y151 -> 197049.14 | E54: ='Appendix 2'!Y151 -> 370283.92 | F54: =D54+E54 -> 567333.06
C56: Component 3: Iyanola Conservation | D56: =D57+D68+D75 -> 665109 | E56: =E57+E68+E75 -> 1026762.5 | F56: =F57+F68+F75 -> 1691871.5 | Q56: =D56='GEF funding'!BB151 -> TRUE | R56: =E56='Appendix 2'!BC151 -> TRUE | S56: =F56='Total Terr ES budget'!BB151 -> FALSE
C57: Outcome C3.1 Increased management effectiveness score of 20% for Forest and Marine Reserves in NE Coast. | D57: =D58+D63 -> 407857.65 | E57: =E58+E63 -> 701440.56 | F57: =F58+F63 -> 1109298.2
C58: Output C3.1.1: Enhanced management effectiveness of 4 key NE Dry Forest Reserves (200 ha) | D58: =SUM(D59:D62) -> 301746.79 | E58: =SUM(E59:E62) -> 266503.33 | F58: =SUM(F59:F62) -> 568250.13
C59: Activity C3.1.1.1: Rapid assessment of status of Dry Forest in Forest Reserves and on private lands in Iyanola Region and zoning of critical forest areas in NE Iyanola Region (concomittant activity with Land use Plan - C1) | D59: ='GEF funding'!Z151 -> 67796.708 | E59: ='Appendix 2'!Z151 -> 58882.71 | F59: =D59+E59 -> 126679.42
C60: Activity C3.1.1.2: Conduct Baseline Assessment for Management Effectiveness of Dry Forest in NE Iyanola Region using appropriate tools such as management effectiveness score card | D60: ='GEF funding'!AA151 -> 141074.27 | E60: ='Appendix 2'!AA151 -> 115428.28 | F60: =D60+E60 -> 256502.55
C61: Activity C3.1.1.3: Develop and commence Implementation of Participatory based Site Specific Management Plans/Guidelines based on the SFM Plan developed in C2.1.1.2 for at least 4 Dry Forest areas in NE Iyanola Region in conjunction with Activities C.2.2.1.1-3; C2.3.2.1and C2.3.4.1 | D61: ='GEF funding'!AB151 -> 92875.811 | E61: ='Appendix 2'!AB151 -> 92192.348 | F61: =D61+E61 -> 185068.16
C63: Output C3.1.2: Boundaries set for Grande Anse and Louvet Marine Reserves | D63: =SUM(D64:D67) -> 106110.86 | E63: =SUM(E64:E67) -> 434937.23 | F63: =SUM(F64:F67) -> 541048.09
C64: Activity C3.1.2.1 Identification and demarcation of boundaries through field assessments, GPS coordinates and utilizing GIS to develop maps of the marine reserves (demarcation will require legal action and possible re-gazetting of the proposed boundaries). | D64: ='GEF funding'!AC151 -> 8422.8034 | E64: ='Appendix 2'!AC151 -> 43746.624 | F64: =D64+E64 -> 52169.427
C65: Activity C3.1.2.2 Testing of proposed boundaries against conservation targets (e.g. Aichi Target for 2020) and socio-economic goals and adjusting these boundaries as needed. | D65: ='GEF funding'!AD151 -> 26813.048 | E65: ='Appendix 2'!AD151 -> 121296.09 | F65: =D65+E65 -> 148109.14
C66: Activity C3.1.2.3 Conduct Baseline Assessment for Management Effectiveness using appropriate tools (prelim mgmt score card will include governance, enforcement and research, will speak more specifically to boundary delimitation) | D66: ='GEF funding'!AE151 -> 70875.01 | E66: ='Appendix 2'!AE151 -> 269894.51 | F66: =D66+E66 -> 340769.52
F67: =D67+E67 -> 0
C68: Outcome C3.2 Population of threatened species (iguana, turtle, birds) maintained or increased. | D68: =D69+D72 -> 190527.38 | E68: =E69+E72 -> 210296.97 | F68: =F69+F72 -> 400824.34
C69: Output C3.2.1.: Management and sustainable financing plan established for Grand Anse Marine Reserves in NE Coast | D69: =SUM(D70:D71) -> 145085.39 | E69: =SUM(E70:E71) -> 146849.58 | F69: =SUM(F70:F71) -> 291934.97
C70: Activity C3.2.1.1: Formulate and commence implementation of a Participatory based Site Specific Management Plan for Grand Anse Marine Reserve based on the SFM Plan developed in C2.1.1.2 , that will focus on reducing pressures on threatened terrestrial and marine species, incorporating sustainable financing options from Output C2.3.3 | D70: ='GEF funding'!AF151 -> 145085.39 | E70: ='Appendix 2'!AF151 -> 146849.58 | F70: =D70+E70 -> 291934.97
C72: Output C3.2.2: Community based management plan for Louvet Mangroves | D72: =SUM(D73:D74) -> 45441.984 | E72: =SUM(E73:E74) -> 63447.388 | F72: =SUM(F73:F74) -> 108889.37
C73: Activity C3.2.2.1: Develop and commence implementation of a Participatory based Site Specific Management Plan based on the SFM Plan developed in C2.1.1.2, that will focus on reducing pressures on threatened terrestrial and marine species in Louvet Mangroves | D73: ='GEF funding'!AG151 -> 45441.984 | E73: ='Appendix 2'!AG151 -> 63447.388 | F73: =D73+E73 -> 108889.37
C75: Outcome C3.3 Increase capacity & income derived from tourism by 10% in NE Coast | D75: =D76 -> 66723.967 | E75: =E76 -> 115024.96 | F75: =F76 -> 181748.92
C76: Output C3.3.1: Develop business plan to promote new tourism and other income generating activities and enhance existing ones | D76: =SUM(D77:D80) -> 66723.967 | E76: =SUM(E77:E80) -> 115024.96 | F76: =SUM(F77:F80) -> 181748.92
B77: * | C77: Activity 3.3.1.1: Conduct situational analysis for nature-based tourism product for the Iyanola region incorporating BD friendly and cultural heritage products and services (relate to Activity C4.1.1.1) | D77: ='GEF funding'!AH151 -> 24047.515 | E77: ='Appendix 2'!AH151 -> 42405.344 | F77: =D77+E77 -> 66452.859
C78: Activity 3.3.1.2: Conduct gap analysis and feasibility/business opportunity study to inform new product and services initiatives | D78: ='GEF funding'!AI151 -> 8422.8034 | E78: ='Appendix 2'!AI151 -> 16876.83 | F78: =D78+E78 -> 25299.634
C79: Activity 3.3.1.3: Define nature-based tourism product for the Iyanola region incorporating BD friendly and cultural heritage products and services and develop business plan (relate to Activity C4.1.1.2) | D79: ='GEF funding'!AJ151 -> 34253.648 | E79: ='Appendix 2'!AJ151 -> 55742.782 | F79: =D79+E79 -> 89996.431
F80: =D80+E80 -> 0
C81: Component 4: Enhanced capacity for the production of biodiversity friendly goods and services in inland forest and coastal communities (National with emphasis on NE Coast) | D81: =D82+D89 -> 300016.92 | E81: =E82+E89 -> 728026.54 | F81: =F82+F89 -> 1028043.5 | Q81: =D81='GEF funding'!BC151 -> TRUE | R81: =E81='Appendix 2'!BD151 -> TRUE | S81: =F81='Total Terr ES budget'!BC151 -> FALSE
C82: Outcome C4.1 Reductions in pressure on biodiversity and forest ecosystem services | D82: =D83 -> 107397.25 | E82: =E83 -> 407106.57 | F82: =F83 -> 514503.82
C83: Output C4.1.1: Market, knowledge and capacity barriers for the community level production of biodiversity friendly goods and services removed | D83: =SUM(D84:D88) -> 107397.25 | E83: =SUM(E84:E88) -> 407106.57 | F83: =SUM(F84:F88) -> 514503.82
C84: Activity C4.1.1.1: Conduct situational analysis and needs assessment to validate the 3 identified categories of Biofriendly goods and services - including inventory of resources; (linked to Activity C3.3.1.1) | D84: ='GEF funding'!AK151 -> 10500 | E84: ='Appendix 2'!AK151 -> 42236.238 | F84: =D84+E84 -> 52736.238
C85: Activity C4.1.1.2: Develop management plans and promotional strategies for Piloting of up to three the selected categories of products and services to adopt/adapt and assess best practice based on Activity C4.2.2.1 | D85: ='GEF funding'!AL151 -> 10500 | E85: ='Appendix 2'!AL151 -> 105755.97 | F85: =D85+E85 -> 116255.97
C86: Activity C4.1.1.3: Commence implementation of Pilots for up to three selected categories of products and services to assess best practice | D86: ='GEF funding'!AM151 -> 6160.1141 | E86: ='Appendix 2'!AM151 -> 100405.55 | F86: =D86+E86 -> 106565.66
C87: Activity C4.1.1.4: Define and formalise the establishment of the framework for a national management system for linking marketing with production management framework through appropriate instruments (e.g. policy, regulation under existing legislation, cabinet appointed committee, training , MIS, advisory services, etc.) to support the conduct of trade in BD friendly products and services (biotrade) | D87: ='GEF funding'!AN151 -> 80237.131 | E87: ='Appendix 2'!AN151 -> 158708.81 | F87: =D87+E87 -> 238945.95
C89: Outcome C4.2 Producers adopt best practices for production of BD friendly goods | D89: =D90+D93 -> 192619.68 | E89: =E90+E93 -> 320919.97 | F89: =F90+F93 -> 513539.65
C90: Output C4.2.1: Assessment of marketing potential for BD friendly goods and services | D90: =SUM(D91:D92) -> 34650 | E90: =SUM(E91:E92) -> 61116.284 | F90: =SUM(F91:F92) -> 95766.284
C91: Activity C4.2.1.1: Conduct market research for selected categories of biofriendly products and services | D91: ='GEF funding'!AO151 -> 34650 | E91: ='Appendix 2'!AO151 -> 61116.284 | F91: =D91+E91 -> 95766.284
F92: =D92+E92 -> 0
C93: Output C4.2.2: Guidelines for 3 BD friendly goods and services produced | D93: =SUM(D94:D96) -> 157969.68 | E93: =SUM(E94:E96) -> 259803.69 | F93: =SUM(F94:F96) -> 417773.36 | G93: AF, UK, VC
C94: Activity C4.2.2.1: Identify international best practice and develop appropriate guidelines and operational standards for production and packaging at national level of bio-diversity businesses, goods, and services, including recommendations for supporting policy and institutional framework (to support Activity C4.1.1.4) | D94: ='GEF funding'!AP151 -> 147469.68 | E94: ='Appendix 2'!AP151 -> 218150.2 | F94: =D94+E94 -> 365619.88
C95: Activity C4.2.2.2:Identify and compile best practices adapted at the local level for production (including advisory and supporting services) and sale of BD friendly goods and services and develop manuals and protocols for community replication and upscaling nationally of successes in sustainable use of local biological resources | D95: ='GEF funding'!AQ151 -> 10500 | E95: ='Appendix 2'!AQ151 -> 41653.489 | F95: =D95+E95 -> 52153.489
F96: =D96+E96 -> 0
C97: Grand Total | D97: =D11+D29+D56+D81 -> 2237573.1 | E97: =E11+E29+E56+E81 -> 4678880.6 | F97: =F11+F29+F56+F81 -> 6916453.7 | Q97: =D97='GEF funding'!BD151 -> TRUE | R97: =E97='Appendix 2'!BF151 -> FALSE | S97: =F97='Total Terr ES budget'!BD151 -> FALSE

Sheet Logframe
C1: Appendix 4: Results Framework
A3: Iyanola - Natural Resource Management of the NE Coastapproach
B4: Indicator | C4: Baseline | D4: Target | E4: Sources of verification | F4: Risks and Assumptions
A5: BD-1 Outcome 1.1: Improved management effectiveness of existing and new protected areas | B5: (i) IUCN Category of protection; (ii) area (ha) under protection; (iii) number of PAs under active and recognized conservaton management | C5: Forest reserves (ca 1600ha) with few fragmented PAs of international recognition (terrestrial: 21 ha), with information gaps and minimal management (e.g. status "proposed"): 18 terrestrial and marine protected areas with IUCN category not reported, 5 with IUCN category VI; | D5: (i) Majority of currently undesignated Pas are formalized; (ii) Improved management effectiveness and financial sustainability of existing protected areas encompassed within proposed IyanolaNational Park area (5,090 hectares) | E5: Technical and financial reports; international databases on PAs and species they contain | F5: Risks: (i) Private absentee land owners may not be cooperative; (ii) a major development (resort, road) is approved within the project area; Assumptions: (i) PA management remains GOSL priority; (ii) designation as Protected Area leverages improved management
A6: BD-2: Outcome 2.1: Increase in sustainably managed landscapes and seascapes that integrate biodiversity conservation. | B6: (i) number of previously fragmented and of new PAs merged into continuous managemetn areas; (ii) populations of rare and threatened species; Extent/Acreage of land and sea scape under strict environmental management; number pf PAs with management plans developed and under implementation | C6: (i) Five fragmented Forest Reserves plus three Protected Areas (mangroves) totalling 1664 ha; (ii) no adotped Land Use Plan; (iii) habitat loss by slash-and-burn and sand mining; (iv) renewable natural resources often overexploited; (v) users unaware of impact or alternative practices; (vi) illegal hunting declining; (vi) St Lucia ignaua estimated to below 1000 individuals; Extent of landscape sustainably managed in 2000, 2005, 2010. | D6: Land Use Plan and enhanced regulatory framework for the NE Coast incorporates biodiversity and ecosystemservices valuation. Production of biodiversity friendly goods and services; Increase size of landscape by 25-35% or 50% of total acreage under management; reduction in unregulated agriculture, sand mining, deforestation for charcoal production, hunting | E6: Land Use Plan, technical reports, sales figures of target community members; Ministry of Agriculture and Ministry of Sustainable Development Reports and Documents | F6: Risks: (i) Private absentee land owners may lack interest in sustainable land managment approaches; (ii) squatters adn sand miners may not be from NE communities; (iii) a major development (resort, road) is approved within the project area; Assumptions: (i) Adequate community buy-in and internal control mechanisms are created; (ii) Improved regulatory framework can be enforced where internal control does not apply (e.g. external squatters); Capacity to assess seascapes currently exists.
A7: LD-2: Outcome 2.2 Improved dryland forest management | C7: Degradation of dry forest is caused by slash-and-burn | D7: Two private forest concessions established | E7: Concession documents | F7: Risks: (i) ; Assumptions: (i)
A8: LD-2: Outcome 2.4 Increased investments in SFM dryland forest ecosystems . | F8: Risks: (i) ; Assumptions: (i)
A9: SFM/REDD 1: Outcome 1.2: Good management practices applied in in existing forests | B9: (i) Conservation of forests (ii) Avoided deforestation and forest degradation | C9: 250 ha of government owned forest reserve relatively well managed | D9: 1,157 hectares forest lands restored, 200 hectares forest lands enhanced management | E9: Technical reports | F9: Risks: (i) ; Assumptions: (ii) No major natural disaster (hurrican, wildfire) upsets implemetnation and forest regeneration; (i) Adequate community buy-in and internal control mechanisms are created; (iii) Improved regulatory framework can be enforced where internal control does not apply (e.g. external squatters)
A10: CC-5: Outcome 5.2 Restoration and enhancement of carbon stocks in forests and non forest lands | B10: (i) Conservation and advancement of carbon in forests | D10: Projected annual tons CO2savings of 23,056. (691689 CO2 eq. 10,000 ha avoided degradation - 113948011 CO2 eq. ) Potential total carbon benefit of 691,689 tons CO2 over 30 years. | E10: Technical reports, including carbon accounting | F10: Risks: (i) ; Assumptions: (i) No major natural disaster (hurrican, wildfire) upsets implemetnation and forest regeneration
A11: Component 1: Enhanced land use planning and regulatory framework (as applied to NE Coast)
A12: Component 1 Outcomes | B12: Indicator | C12: Baseline | D12: Target | E12: Sources of verification | F12: Risks and Assumptions
A13: Outcome C1.1: Integration of ecosystems approach into legal and policy framework | B13: Land Use trends and patterns; extent of sand mining; extent of turtle poaching of Grande Anse and Louvet nesting beaches; area cleared by slash-and-burn for charcoal production and/or short cycle crops | C13: No Land Use Plan; sand mining seriously affects nesting iguanas and marine turtles; extensive loss of marine turtles (specifically Dermochelys coriacea) as a result of slaughters for meat and eggs; significant forest degradation by slash-and-burn for charcoal production and/or short cycle crops; ca 30% of charcoal makers practice clear cutting on abandoned estates | D13: Sand mining and poaching of sea turtles and their eggs at Grand Anse and Louvet stopped; forest clearing for charcoal and agriculture limited to selective cutting by owners/care-takers on their private land (mid-term targe); Land Use Plan adopted by Cabinet (end-of-project target); Recommendations for policy and legislative reform | E13: Land Use maps, project reports, technical reports; Development Project Proposals | F13: Risks: (i) Illegal sand miners and squatters from outside NE project area largely escape internal community control and GOSL monitoring & enforcement mechanisms; Assumptions: (i) Land Use Plan remains GOSL priority; (ii) Adequate community buy-in and internal control mechanisms are created; (iii) Improved regulatory framework can be enforced where internal control does not apply (e.g. external squatters and sand miners); (iv) Au Picon Charcoal and Agricultural Producers' experience can be adapted to NE coast users; (v) Continued technicla asisstance from teh French Government to collaborate on WBT and iguana conservation
A14: Component 2: Enhanced sustainable land management and carbon benefits in deciduous seasonal and low montane rainforest zones
A15: Component 2 Outcomes | B15: Indicator | C15: Baseline | D15: Target | E15: Sources of verification | F15: Risks and Assumptions
A16: Outcome C2.1: Improved ecosystems restoration and management | F16: Risks: (i) Assumptions: (i)
A17: Outcome C2.2: Restoration of 1,157 hectares of forest of global BD significance, enhancing carbon stocks | B17: Number of planted trees; | D17: 50,000 seedlings planted; | E17: Project reports, Technical reports, including carbon accounting | F17: Risks: (i) Assumptions: (i) acceptable survival rates of tree seedlings
A18: Outcome C2.3: Restoration efforts and avoided degradation lead projected annual tons CO2savings 23,056. Potential total carbon benefit of 691,689 tons CO2 over 30 years. | B18: Length of restored and stabilized river banks and riparian vegetation strips; Carbon accounting/forecasting; | C18: Land degradation causes erosion and siltation; e.g. Trou Salee River bank seriously affected by ATV tours; | D18: 2km of riverbanks restored/stabilized; | E18: GIS maps; Technical reports and international databases | F18: Risks: (i) Potential conflicts of interest with private sector stakeholders; Assumptions: (i) Continued overlap ov interest in riparian conservation with BYS; (ii) no major flooding event interferes with riparian restoration; (iii) buy-in from private land owners can be created;
A19: Component 3: Iyanola Conservation
A20: Component 3 Outcomes | B20: Indicator | C20: Baseline | D20: Target | E20: Sources of verification | F20: Risks and Assumptions
A21: Outcome C3.1 Increased management effectiveness score of 20% for Forest and Marine Reserves in NE Coast. | B21: Area of forest protected by Reserve status or active management on private lands | C21: Five fragmented Forest Reserves plus three Protected Areas (mangroves) totalling 1664 ha and ca 3000 ha of nominally protected forests with lack of active management | D21: 20% increase in management effectiveness score in Forest Reserves | E21: Technical reports | F21: Risks: (i) None foreseen; Assumptions: (i) Regular presence by responsible agencies; (ii) adequate expert input
A22: Outcome C3.2 Population of threatened species (iguana, turtle, birds) maintained or increased. | B22: Species population statistics for selected indicator species (animals and plants); Nesting data of marine turtles, iguanas and birds stable or increasing; | C22: 2 terrestrial species rated CR, 2 VU, 3 EN, and 3 not assessed# of nesting marine turtles (only females), size of nesting female turtles; size and number of large male iguanas. Number of bird species, number of individual birds of each species. Techncial feasibility study for "Mainland Island" at Marquis 2 prepared; Draft Iguana Species Action Plan; | D22: Populations of at least one rare animal and two rare plant species show increasing trends; Nesting intensity of marine turtles, birds and iguana. Population counts indicate an increase in population size over the average for the past 5 years. | E22: Population assessment reports and international databases and technical reports; Feasibility studies; Publication/presentation record | F22: Risks: (i) Natural disasters and external impacts on migratory species for example, can mask project impact; Assumptions: (i) Continued support by international NGOs with relevant technical expertise; (iii) buy-in from private land owners can be created; Data collection is accurate, and standardized. Capacity exists in country to monitor population trends; or community or data collectors are willing and able to be trained. Willingness to carry out annual population assessments for a minimum of 3 consecutive years.
A23: Outcome C3.3 Increase capacity & income derived from tourism by 10% in NE Coast | B23: Income generated (sales revenue) by Iyanola-based tourist enterprises; Feasibility studies; tourism-based enterprises in NE Coast; linkages with BD friendly producers at the local level | C23: Curriculum and training programme developed by Media Impact Plc available for roll-out for NE Coast campaign; A number of nature-based tourism products and associations exist, but there is an unknown number. There is also no cohesive structure and weak local linkages exist | D23: Awareness and pride in NE Coast assets increased by 25% across Saint Lucia; 2 costed studies on novel, BD-related tourism products; increased income derived from tourism by 10% in NE Coast; Increased viability of nature-based tourism businesses through implementation of a cohesive operational structure, greater adoption of conservation and sustainability measures, and expansion of markets and local linkages. | E23: Training reports; Feasibility studies; business reports/accounts; Busines performance reports; sales data; operational structure; contracts/agreements | F23: Risks: (i) Novel products selected for feasibility studies turn out to be not economical upon detailed analysis; Assumptions: (i) Continued support by international NGOs with relevant social marketing and technical expertise; Existing operators are willing to include NE nature-based products in their offerings; improved data collection measures; accurate record keeping.
A24: Component 4: Enhanced Capacity for the production of biodiversity friendly goods and servicesin inland forest and coastal communities (National with emphasis on NE Coast)
A25: Component 4 Outcomes | B25: Indicator | C25: Baseline | D25: Target | E25: Sources of verification | F25: Risks and Assumptions
A26: Outcome C4.1 Reductions in pressure on biodiversity and forest ecosystem services | B26: Poaching levels of threatened species reduced; Criteria for conservation and sustainable use of biodiversity incorporated in policies, standards, and regulations for production and sale of biodiversity friendly products | C26: Turtle mortalities around 20% of nesting, deforestation at ~10%; At the local level, there is limited knowledge/awareness of the criteria for sustainable production of BD friendly goods as businesses are mostly informal and production is primarily undertaken at the subsistence level. | D26: Marine turtle poaching levels reduced to < 5% of nesting. Forest loss is 0%; Increased adoption of biodiversity friendly practices in keeping with criteria and indicators for conservation and sustainable use of natural resources | E26: Technical reports; Nesting data from turtle watch teams. Forest loss data; Standards; policies; guidelines; operating procedures; compliance cheklists | F26: Risks: (i) Assumptions: (i) Data collection is accurate. Capacity exists locally to monitor the poaching and deforest ation levels. Resource loss is reversible; Buy-in to policy recommendations; Compliance mechanisms are supported
A27: Outcome C4.2 Producers adopt best practices for production of BD friendly goods | B27: X Number of producers employing best practices for production of BD friendly goods at one marine reserve; Best practices documented and promulgated among local producers of BF friendly products | C27: X- ??? Producers employ best practices; Extension services and other programmes provide information on conservation and sustainability measures, but there is no measure of compliance; No best practice guidelines and certification schemes (Some standards for latanye; lansan; honey) | D27: Number of producers increase to 75% of total producers operating; Best practices adopted in production of biodiversity friendly products | E27: Technical reports; business reports/accounts; Data based on research on production activites ongoing at the marine reserves; Documented best practices; training curriculum and other relevant materials; compliance evaluations | F27: Risks: (i) Assumptions: (i) Best practices have been identifies, tested and approved; Buy-in to policy recommendations; Producers understand the value of conservation and sustainability efforts
A28: =A11 -> Component 1: Enhanced land use planning and regulatory framework (as applied to NE Coast)
A29: Component I Outputs | B29: Indicator | C29: Baseline | D29: Target | E29: Sources of verification
A30: Output C1.1.1: Ecological considerations integrated into planning policies and regulations for development categories | B30: Revision of Development Policy and Standards/ Guidelines Report on current land use policies, legislation, regulations and standards, and opportunities; Policy guidelines for incorporating ecological considerations into Land Use and Development Policy | C30: Existing DCSG document does not cater for ecological considerations; Some Government policies incorporate species and landscape protection considerations; Current land Use Policy does not integrated ecological considerations; No legislation on land use | D30: Concept Note/Cabinet Paper proposing measures for revisions and approvals for DCSG document with ecological requirements; The Physical Planning Dept. & the DCA establishes measures for evaluating planing applications from a multidimensional perspective, including ecological considerations; | E30: Existing and revised DCSG document Technical reports; Government / national policy documents. | F30: Risk of competing land use, private ownership resistance, acceptance of zoning
A31: Output C1.1.2: Land Use Plan for NE Coast/Iyanola, incorporating valuation of ecosystem goods and services | B31: Land Use Plan; electronic inventory of ecosystem goods ans services and biodiv in NE Coast | C31: Existence of NE Quadrant plan; No local Land Use Plan exist for NE Coast; no inventory of ecosystem goods & services and biodiv in NE Coast | D31: Formulation of local and integrated land use plan; Land Use Plan adopted by Cabinet (end-of-project terget) | E31: Completed land use plan document and strategy map; Technical Reports and documents, databases/ electronic documentation - videography | F31: Existence of NE Quadrant plan, low priority status, financial constraints and acceptance
A32: Output C1.1.3: Enhanced capacity of national and local leaders to uptake ecosystem services values considerations in planning in decision making | B32: Training opportunities and sensitization meetings/ workshops and seminars Number of trainees x weeks training; conservation techniques employed; tools and techniques for mapping and valuing ecosystem services | C32: Limited qualitative and quantitative capacity and specialized knowledge and expertise; Forestry Dept benefited from past exchange with French WBT researchers; 5 Forestry staff trained in capture, tag release technique for Iguana delicatissima; On-going analysis of Iguana genetics in Americas with support fo French Government | D32: Case Studies using ecosystem valuation to demonstrate socio-economic importance of critical BD friendly goods and services in NE coast. A cadre of practitioners with the requisite capacity - trainees, increased capacity and increased levels of integration; At least one exchange with overseas agency; | E32: Project technical and training reports; publications/presentations | F32: Risk of low awareness, recognition lack of technical and financial support and assuming priority acceptance by authorities
A33: =A14 -> Component 2: Enhanced sustainable land management and carbon benefits in deciduous seasonal and low montane rainforest zones
A34: Component 2 Outputs | B34: Indicator | C34: Baseline | D34: Target | E34: Sources of verification
A35: Output C2.1.1: Zoning plan for restoration of degraded forest areas NE Coast | B35: Spatial map showing location, distribution, area and severity | C35: Land use plan with zonation of intact and/or degraded forests does not exist | D35: Statutory land use zoning plan of DFAs to be restored completed, approved and adopted; national scalemap identifying location, distribution, density and road network linkage | E35: GIS maps; Technical reports and databases | F35: Risk of competing land use, private ownership resistance; Approval from central govt , aceptance of zoning, sterilization of land in terms of alternative options, private land rights
A36: Output C2.2.1: Restoration of degraded priority forest areas nationwide, enhancing connectivity in a 10,000 ha and a 5,090 ha overall areas), with potential total carbon benefit of 691,689 tons CO2 at the end of a 30 year period | B36: Extent of Forest areas and acreages planted | C36: Depletion of stocks of intact forest areas that are unzoned with no legal status for conservation and protection | D36: Planting/replacement of 250 ha in NE Coast within nationwide frame of 15,090 ha of forest lands integrated into a national land use plan | E36: Project reports; Forestry and other department reports
A37: Output C2.3.1: Rehabilitation of riparian, ravine, beach and migratory corridors of NE Coast/ Iyanola forest areas (200 ha) | B37: Functional and effective mitigative measures such as buffers; Length of restored and stabilized beach fronts, river banks, and riparian vegetation strips; Area of migratory corridors rehabilitated; | C37: Uncontrolled negative ecosystem impacts from unsustainable physical and economic activity with deleterious effects; Land degradation causes erosion and siltation; significant beach degradation due to sand mining at approximately 50 tonnes per week at Grande Anse, and a lesser extent at Louvet. e.g. Trou Salee River bank seriously affected by ATV tours; poor management on privatelands between Forest Reserves creating fragmented landscape; | D37: Inclusion in zoning regime proposals and strategy of land use plan for implementation; 2km of riverbanks restored/stabilized; total of 200ha of non-fragmented migratory corridors rehabilitated; Quantity of beach sand loss as a result of mining on Grande Anse and Louvet beaches halted or reduced by 70 - 90% of baseline. | E37: Technical reports and databases
A38: Output C2.3.2: At least 1 agreement negotiated for non government forest areas NE Coast/Iyanola | B38: Incentive mechanisms and MOUs/Agreements | C38: Limited incentive mechanisms applicable to privately owned lands; No formal agreement with private land owners exist; responsibilities on lands owned by absentee owners not always clear | D38: Model Framework for conservation PPP; At least 1 agreement negotiated for non government forest areas NE Coast/Iyanola | E38: Project reports; Signed MoU/Agreement
A39: Output C2.3.3: Two private concessions established to raise revenue for FD | C39: Conservation and management programmes of FD constrained due to limited resources - annual government budget of >>>> | D39: Model Framework for Sustainable Financing for Forestry/BD related programmes - – at least 2 private concessions within a sustainable financing frame negotiated to raise revenue for SFM
A40: Output C2.3.4: Research and Monitoring programme established for indicator species | B40: Populations of selected indicator species (animals and plants); Research Plan | C40: Knowledge base on rare species limited, but recent assessments of some birds and plants exist; Several additional candidate indicator species have been identified; IUCN assesment: 2 terrestrial species rated CR, 2 VU, 3 EN, and 3 not assessed; add marine species | D40: Increased IUCN assessments; Quantity of beach sand loss as a result of mining on Grande Anse and Louvet beaches halted or reduced by 70 - 90% of baseline.Assessment of species and ecosystem responses to human activites including CC; Populations of at least one rare animal and two rare plant species show increasing trends | E40: Project Reports, Technical reports, international and national databases and statistics; publications and records
A41: =A19 -> Component 3: Iyanola Conservation
A42: Component 3 Outputs | B42: Indicator | C42: Baseline | D42: Target | E42: Sources of verification
A43: Output C3.1.1: Enhanced management effectiveness of 4 key NE Dry Forest Reserves (200 ha) | B43: Areas of degraded and of reforested land | C43: Forest reserves consist of natural dry forest and exotic plantations; incursions into Forest Reserves are rare, but management levels are low. | D43: Regular and proactive management in at least 4 key NE Dry Forest Reserves, toalling 200 ha | E43: Technical reports, reports to relevant Conventions, publications and presentations
A44: Output C3.1.2: Boundaries set for Grande Anse and Louvet Marine Reserves | B44: Map boundary parameters - upper limits and buffer zones | C44: Marine reserve designated under SPPA; No delineation of marine reserves for the two areas exist; General outer limits described in relation to the extent of beachfront and fringing forest, and mangroves | D44: Defined boundaries spatially represented in map format - Marine and terrestrial boundaries set and include demarcation around freshwater, swamps, forested sites | E44: Technical reports from Fisheries Department, Survey Dept; Maps | F44: Risk of development policy conflicts and assunption that policymakers will accede
A45: Output C3.2.1.: Management and sustainable financing plan established for Grand Anse Marine Reserve | B45: Populations of selected indicator species (animals and plants) | C45: 2 terrestrial species rated CR, 2 VU, 3 EN, and 3 not assessed by IUCN; indicator species, marine turtles / Dermochelys coriacea CR and Chelonia mydas, Eretmochelys imbricata, EN; Grand Anse Beach and Mangrove is designated Marine Reserve (WDPA ID 31421) but IUCN category not defined; Several IAS and control strategies identified for NE Coast; A Number of sustainable management projects ongoing. | D45: Management and sustainable financing plan; Increased IUCN assessments of species and protected areas; Populations of at least one rare animal and two rare plant species show increasing trends; IAS contained or show decreasing trend | E45: Technical and financial reports, reports to relevant Conventions, international and national databases and statistics, publications and presentations; Reports on biodiversity loss and commercial activiites in marine reserves
A46: Output C3.2.2: Community based management plan for Louvet Mangroves | B46: Engagement and inputs from local council and local groups; Size and distibution of mangrove species; Populations of selected indicator species (animals and plants) | C46: Stakeholder Participation Plan; No management Plan; Spatial map of mangrove, and list of vulnerable plant and animal species; list of community extractive and non-extractive activities | D46: Designate mangroves as part MRM Area of LU zoning plan; Management plan produced through broad-based community consultation, formally endorsed by community representatives, and being implemented. GPS markers established for all outer boundaries, (land and offshore), and key ecosystems such as mangroves, river beds, wetlands demarcated and assessed, with clearly defined harvest control mechanisms. | E46: Fisheries` Dept and LU Zoning Plan; Management Plan document, endorsement signature; GPS markers
A47: Output C3.3.1: Develop business plan to promote new tourism and other income generating activities and enhance existing ones | B47: Business plan, tourism-based income; new nature-based business enterprises | C47: No business plan exists; Most initiatives at the community level are fragmented and lack proper management/operational structures, including guidelines for sustainable resource use two potential opportunities (mainland island and in situ iguana breeding) have been identified by stakeholder consultation; technical feasibility or draft action plans were prepared | D47: Business plan developed and adopted by stakeholders; at least 1 novel revenue-generating enterprise piloted; 10% increase in tourism-related income in NE Coast; Revenue from nature based tourism activities at the community level increased through implementation of a structured and sustainable business approach | E47: Business Performance Reports; Sales Data; Business Plan; Feasibility study on cost-recovery for maintenance of "mainland Island" in Marquis 2; Training reports; Press releases on special events
A48: =A24 -> Component 4: Enhanced Capacity for the production of biodiversity friendly goods and servicesin inland forest and coastal communities (National with emphasis on NE Coast)
A49: Component 4 Outputs | B49: Indicator | C49: Baseline | D49: Target | E49: Sources of verification
A50: Output C4.1.1: Market, knowledge and capacity barriers for the community level production of biodiversity friendly goods and services removed | B50: Access to markets; mechanisms for sharing of information at community level; training programmes; trends in sustainable livelihoods; trading agreements; production and sale of products from three categories of BD friendly businesses | C50: Insufficient data available to inform current availability of resources, level of production, market access, or revenue derived from biodiversity friendly goods and services; absence of an institutionalised and regulated by national systems framework for production of BD friendly goods and services; Government ministries, agencies, NGOs provide support for development and implementation of BD friendly businesses but the support is not holistic; Selected categories for pilots have been identified based on available resources and current activities. | D50: Increased viability of enterprises for the production of biodiversity friendly goods and services facilitated through increased market access, research and training initiatives and piloting of national management system; Pilot management plans and promotional strategies for 3 BD friendly goods and services; Structured/ coordinated approach to providing support at the national level for the production and sale of BD friendly products for the enhancement of sustainable livelihoods; Community Replication Framework established to support the upscaling in production B D Friendly businesses | E50: Market data; Business Performance Reports; Training Materials; Operational structure; Government instrument formalising system; Buyer-Supplier trading agreements; contracts; Business Performance Reports
A51: Output C4.2.1: Assessment of marketing potential for BD friendly goods and services | B51: Extent of market information available | C51: The business component of the production of local biodiversity friendly products is not well developed as most products are mainly used for subsistence or sold locally and there is little evidence of record keeping. | D51: Market information for application of a more strategic approach to production and trade of biodiversity friendly goods and services | E51: Project Reports; Market data;
A52: Output C4.2.2: Guidelines for 3 BD friendly goods and services produced | B52: Standards, codes of practice and operational procedures for production of BD friendly goods and services | C52: There is limited awareness of measures that inform the use of natural resources for sustainable livelihoods at the community level; No best practice guidelines and certification schemes (Some standards for latanye; lansan; honey) | D52: Pilot guidelines for the production of 3 biodiversity friendly goods and services | E52: Standard operating procedures; Policies, guidelines for the production of BD friendly products

Sheet Work plan and time table
B1: Saint Lucia | C1: Year 1 | G1: Year 2 | K1: Year 3 | O1: Year 4 | S1: Responsible
C2: Q1 | D2: Q2 | E2: Q3 | F2: Q4 | G2: Q1 | H2: Q2 | I2: Q3 | J2: Q4 | K2: Q1 | L2: Q2 | M2: Q3 | N2: Q4 | O2: Q1 | P2: Q2 | Q2: Q3 | R2: Q4 | S2: consultant(s)
B3: ='Activities and Costing'!C11 -> Component 1: Enhanced land use planning and regulatory framework (as applied to NE Coast)
B4: ='Activities and Costing'!C12 -> Outcome C1.1: Integration of ecosystems approach into legal and policy framework
B5: ='Activities and Costing'!C13 -> Output C1.1.1: Ecological considerations integrated into planning policies and regulations for development categories
B6: ='Activities and Costing'!C14 -> Activity 1.1.1.1: Review of the National Planning and Development Policies (including Physical development, Forests, Land, Policies related to conservation and sustainable use of BD, etc.), Standards and Guidelines, and Regulations, including Draft Environmental Impact Assessment Regulations, to identify strategic entry points and recommend measures to incorporate ES, biodiversity and SFM and other ecological considerations for strengthening sustainable national land use planning for enhanced applicability in the NE Iyanola Region
B7: ='Activities and Costing'!C15 -> Activity 1.1.1.2: Identification and assessment of viability of innovative economic and fiscal instruments and other options for conservation and sustainable use of critical biodiversity and ecosystems in NE Iyanola Region
B8: ='Activities and Costing'!C16 -> Activity 1.1.1.3:Develop concept note to demonstrate the link between resource conservation and income generation (Valuation/CBA) and propose measures to support integration of ecological considerations into planning and development policy framework; (build on case studies in 1.1.3.1 and info 1.1.2.2.)
B10: ='Activities and Costing'!C18 -> Output C1.1.2: Land Use Plan for NE Coast/Iyanola, incorporating valuation of ecosystem goods and services
B11: ='Activities and Costing'!C19 -> Activity 1.1.2.1: Collate and update selected species and ecosystems baseline information in NE Iyanola Region
B12: ='Activities and Costing'!C20 -> Activity 1.1.2.2: Conduct valuation of selected species and ecosystems in NE Iyanola Region
B13: ='Activities and Costing'!C21 -> Activity 1.1.2.3: Development of Land Use Plan (Terrestrial and Marine Resource Use) with identification/Zoning of critical ecosystems
B15: ='Activities and Costing'!C23 -> Output C1.1.3: Enhanced capacity of national and local leaders to uptake ecosystem services values considerations in planning in decision making
B16: ='Activities and Costing'!C24 -> Activity 1.1.3.1 Develop case studies for selected critical species and ecosytems in NE Iyanola Region to demonstrate and showcase the value (economic, social, intrinsic…)
... B46: ='Activities and Costing'!C54 -> Activity C2.3.4.1: Design and implement a comprehensive Pressure State response Monitoring Programme for indicator species for measuring success of conservation and biodiversity businesses in NE Iyanola Region (building on existing monitoring programmes)
B48: Component 3 Objective: To strengthen policy, legislative and institutional reforms and capacity building to support Sustainable Land Management (SLM), Integrating Water Resources Management (IWRM) and ecosystem services management taking into consideration climate change resilience building in Trinidad and Tobago, particularly the Arima watershed.
B49: ='Activities and Costing'!C57 -> Outcome C3.1 Increased management effectiveness score of 20% for Forest and Marine Reserves in NE Coast.
B50: ='Activities and Costing'!C58 -> Output C3.1.1: Enhanced management effectiveness of 4 key NE Dry Forest Reserves (200 ha)
B51: ='Activities and Costing'!C59 -> Activity C3.1.1.1: Rapid assessment of status of Dry Forest in Forest Reserves and on private lands in Iyanola Region and zoning of critical forest areas in NE Iyanola Region (concomittant activity with Land use Plan - C1)
B52: ='Activities and Costing'!C60 -> Activity C3.1.1.2: Conduct Baseline Assessment for Management Effectiveness of Dry Forest in NE Iyanola Region using appropriate tools such as management effectiveness score card
B53: ='Activities and Costing'!C61 -> Activity C3.1.1.3: Develop and commence Implementation of Participatory based Site Specific Management Plans/Guidelines based on the SFM Plan developed in C2.1.1.2 for at least 4 Dry Forest areas in NE Iyanola Region in conjunction with Activities C.2.2.1.1-3; C2.3.2.1and C2.3.4.1
B55: ='Activities and Costing'!C63 -> Output C3.1.2: Boundaries set for Grande Anse and Louvet Marine Reserves
B56: ='Activities and Costing'!C64 -> Activity C3.1.2.1 Identification and demarcation of boundaries through field assessments, GPS coordinates and utilizing GIS to develop maps of the marine reserves (demarcation will require legal action and possible re-gazetting of the proposed boundaries).
B57: ='Activities and Costing'!C65 -> Activity C3.1.2.2 Testing of proposed boundaries against conservation targets (e.g. Aichi Target for 2020) and socio-economic goals and adjusting these boundaries as needed.
B58: ='Activities and Costing'!C66 -> Activity C3.1.2.3 Conduct Baseline Assessment for Management Effectiveness using appropriate tools (prelim mgmt score card will include governance, enforcement and research, will speak more specifically to boundary delimitation)
B60: ='Activities and Costing'!C68 -> Outcome C3.2 Population of threatened species (iguana, turtle, birds) maintained or increased.
B61: ='Activities and Costing'!C69 -> Output C3.2.1.: Management and sustainable financing plan established for Grand Anse Marine Reserves in NE Coast
B62: ='Activities and Costing'!C70 -> Activity C3.2.1.1: Formulate and commence implementation of a Participatory based Site Specific Management Plan for Grand Anse Marine Reserve based on the SFM Plan developed in C2.1.1.2 , that will focus on reducing pressures on threatened terrestrial and marine species, incorporating sustainable financing options from Output C2.3.3
... B87: ='Activities and Costing'!C95 -> Activity C4.2.2.2:Identify and compile best practices adapted at the local level for production (including advisory and supporting services) and sale of BD friendly goods and services and develop manuals and protocols for community replication and upscaling nationally of successes in sustainable use of local biological resources

Sheet GEF funding
AT1: APPENDICES 1 AND 2
B2: GF/
B3: BUDGET in UNEP Format -- GEF Resources
D5: ='Appendix 2'!D5 -> Breakdown by | E5: ='Appendix 2'!E5 -> Activity | AT5: ='Appendix 2'!AU5 -> Year | AZ5: ='Appendix 2'!BA5 -> Component | BF5: Focal Area
D6: Component | E6: 1 | O6: 2 | Z6: 3 | AR6: Total | AT6: Year 1 | AU6: Year 2 | AV6: Year 3 | AW6: Year 4 | AX6: Total | AZ6: 1 | BA6: 2 | BB6: 3 | BC6: 4 | BD6: Total | BF6: BD1 | BG6: BD2 | BH6: LD | BI6: SFM/REDD | BJ6: CC | BK6: Total
D7: Activity | E7: 1.1.1.1 | F7: 1.1.1.2 | G7: 1.1.1.3 | H7: 1.1.2.1 | I7: 1.1.2.2 | J7: 1.1.2.3 | K7: 1.1.3.1 | L7: 1.1.3.2 | M7: 1.1.3.3 | N7: 1.1.3.4 | O7: 2.1.1.1 | P7: 2.1.1.2 | Q7: 2.2.1.1 | R7: 2.2.1.2 | S7: 2.2.1.3 | T7: 2.3.1.1 | U7: 2.3.2.1 | V7: 2.3.2.2 | W7: 2.3.3.1 | X7: 2.3.3.2 | Y7: 2.3.4.1 | Z7: 3.1.1.1 | AA7: 3.1.1.2 | AB7: 3.1.1.3 | AC7: 3.1.2.1 | AD7: 3.1.2.2 | AE7: 3.1.2.3 | AF7: 3.2.1.1 | AG7: 3.2.2.1 | AH7: 3.3.1.1. | AI7: 3.3.1.2 | AJ7: 3.3.1.3 | AK7: 4..1.1.1 | AL7: 4..1.1.2 | AM7: 4..1.1.3 | AN7: 4..1.1.4 | AO7: 4.2.1.1 | AP7: 4.2.2.1 | AQ7: 4.2.2.2 | AR7: US$ | AT7: US$ | AU7: US$ | AV7: US$ | AW7: US$ | AX7: US$ | AZ7: US$ | BA7: US$ | BB7: US$ | BC7: US$ | BD7: US$ | BF7: US$ | BG7: US$ | BH7: US$ | BI7: US$ | BJ7: US$ | BK7: US$
A8: 10 | B8: PROJECT PERSONNEL COMPONENT
B9: 1100 | C9: Project Personnel
C10: 1101 | D10: Full-time project coordiantor | E10: =0.05*SUM(E11:E17, E32, E37, E43, E65, E85, E110, E149) -> 171.5297 | F10: =0.05*SUM(F11:F17, F32, F37, F43, F65, F85, F110, F149) -> 900.06274 | G10: =0.05*SUM(G11:G17, G32, G37, G43, G65, G85, G110, G149) -> 630.70492 | H10: =0.05*SUM(H11:H17, H32, H37, H43, H65, H85, H110, H149) -> 871.41937 | I10: =0.05*SUM(I11:I17, I32, I37, I43, I65, I85, I110, I149) -> 273.76449 | J10: =0.05*SUM(J11:J17, J32, J37, J43, J65, J85, J110, J149) -> 1183.1914 | K10: =0.05*SUM(K11:K17, K32, K37, K43, K65, K85, K110, K149) -> 1358.3566 | L10: =0.05*SUM(L11:L17, L32, L37, L43, L65, L85, L110, L149) -> 609.22239 | ... AQ10: =0.05*SUM(AQ11:AQ17, AQ32, AQ37, AQ43, AQ65, AQ85, AQ110, AQ149) -> 500 | AR10: =SUM(E10:AQ10) -> 106551.1 | AT10: =$AR10/4 -> 26637.775 | AU10: =$AR10/4 -> 26637.775 | AV10: =$AR10/4 -> 26637.775 | AW10: =$AR10/4 -> 26637.775 | AX10: =SUM(AT10:AW10) -> 106551.1 | AZ10: =SUM(E10:N10) -> 12722.35 | BA10: =SUM(O10:Y10) -> 47870.373 | BB10: =SUM(Z10:AJ10) -> 31671.857 | BC10: =SUM(AK10:AQ10) -> 14286.52 | BD10: =SUM(AZ10:BC10) -> 106551.1 | BF10: =SUM(E10:N10) -> 12722.35 | BG10: =SUM(Z10:AJ10) -> 31671.857 | BJ10: =SUM(O10:Y10) -> 47870.373 | BK10: =SUM(BF10:BJ10) -> 92264.58
C11: 1102 | D11: Part-time project director | AR11: =SUM(E11:AQ11) -> 0 | AT11: =$AR11/4 -> 0 | AU11: =$AR11/4 -> 0 | AV11: =$AR11/4 -> 0 | AW11: =$AR11/4 -> 0 | AX11: =SUM(AT11:AW11) -> 0 | AZ11: =SUM(E11:N11) -> 0 | BA11: =SUM(O11:Y11) -> 0 | BB11: =SUM(Z11:AJ11) -> 0 | BC11: =SUM(AK11:AQ11) -> 0 | BD11: =SUM(AZ11:BC11) -> 0 | BF11: =SUM(E11:N11) -> 0 | BG11: =SUM(Z11:AJ11) -> 0 | BJ11: =SUM(O11:Y11) -> 0 | BK11: =SUM(BF11:BJ11) -> 0
C12: 1103 | D12: MSDEST: Forester, Wildlife biologist, Conservationist. BD Coordinator, Environmental Education | AR12: =SUM(E12:AQ12) -> 0 | AT12: =$AR12/4 -> 0 | AU12: =$AR12/4 -> 0 | AV12: =$AR12/4 -> 0 | AW12: =$AR12/4 -> 0 | AX12: =SUM(AT12:AW12) -> 0 | AZ12: =SUM(E12:N12) -> 0 | BA12: =SUM(O12:Y12) -> 0 | BB12: =SUM(Z12:AJ12) -> 0 | BC12: =SUM(AK12:AQ12) -> 0 | BD12: =SUM(AZ12:BC12) -> 0 | BF12: =SUM(E12:N12) -> 0 | BG12: =SUM(Z12:AJ12) -> 0 | BJ12: =SUM(O12:Y12) -> 0 | BK12: =SUM(BF12:BJ12) -> 0
C13: 1104 | D13: MAFF: Fisheries/marine biologist, vet & lifestock | AR13: =SUM(E13:AQ13) -> 0 | AT13: =$AR13/4 -> 0 | AU13: =$AR13/4 -> 0 | AV13: =$AR13/4 -> 0 | AW13: =$AR13/4 -> 0 | AX13: =SUM(AT13:AW13) -> 0 | AZ13: =SUM(E13:N13) -> 0 | BA13: =SUM(O13:Y13) -> 0 | BB13: =SUM(Z13:AJ13) -> 0 | BC13: =SUM(AK13:AQ13) -> 0 | BD13: =SUM(AZ13:BC13) -> 0 | BF13: =SUM(E13:N13) -> 0 | BG13: =SUM(Z13:AJ13) -> 0 | BJ13: =SUM(O13:Y13) -> 0 | BK13: =SUM(BF13:BJ13) -> 0
C14: 1105 | D14: Landuse / physical planner | AR14: =SUM(E14:AQ14) -> 0 | AT14: =$AR14/4 -> 0 | AU14: =$AR14/4 -> 0 | AV14: =$AR14/4 -> 0 | AW14: =$AR14/4 -> 0 | AX14: =SUM(AT14:AW14) -> 0 | AZ14: =SUM(E14:N14) -> 0 | BA14: =SUM(O14:Y14) -> 0 | BB14: =SUM(Z14:AJ14) -> 0 | BC14: =SUM(AK14:AQ14) -> 0 | BD14: =SUM(AZ14:BC14) -> 0 | BF14: =SUM(E14:N14) -> 0 | BG14: =SUM(Z14:AJ14) -> 0 | BJ14: =SUM(O14:Y14) -> 0 | BK14: =SUM(BF14:BJ14) -> 0
C15: 1106 | D15: Socioeconomist | AR15: =SUM(E15:AQ15) -> 0 | AT15: =$AR15/4 -> 0 | AU15: =$AR15/4 -> 0 | AV15: =$AR15/4 -> 0 | AW15: =$AR15/4 -> 0 | AX15: =SUM(AT15:AW15) -> 0 | AZ15: =SUM(E15:N15) -> 0 | BA15: =SUM(O15:Y15) -> 0 | BB15: =SUM(Z15:AJ15) -> 0 | BC15: =SUM(AK15:AQ15) -> 0 | BD15: =SUM(AZ15:BC15) -> 0 | BF15: =SUM(E15:N15) -> 0 | BG15: =SUM(Z15:AJ15) -> 0 | BJ15: =SUM(O15:Y15) -> 0 | BK15: =SUM(BF15:BJ15) -> 0
C16: 1107 | D16: Tourism expert | AR16: =SUM(E16:AQ16) -> 0 | AT16: =$AR16/4 -> 0 | AU16: =$AR16/4 -> 0 | AV16: =$AR16/4 -> 0 | AW16: =$AR16/4 -> 0 | AX16: =SUM(AT16:AW16) -> 0 | AZ16: =SUM(E16:N16) -> 0 | BA16: =SUM(O16:Y16) -> 0 | BB16: =SUM(Z16:AJ16) -> 0 | BC16: =SUM(AK16:AQ16) -> 0 | BD16: =SUM(AZ16:BC16) -> 0 | BF16: =SUM(E16:N16) -> 0 | BG16: =SUM(Z16:AJ16) -> 0 | BJ16: =SUM(O16:Y16) -> 0 | BK16: =SUM(BF16:BJ16) -> 0
C17: 1108 | D17: Misc technical GOSL support, incl field and nursery assistance | AR17: =SUM(E17:AQ17) -> 0 | AT17: =$AR17/4 -> 0 | AU17: =$AR17/4 -> 0 | AV17: =$AR17/4 -> 0 | AW17: =$AR17/4 -> 0 | AX17: =SUM(AT17:AW17) -> 0 | AZ17: =SUM(E17:N17) -> 0 | BA17: =SUM(O17:Y17) -> 0 | BB17: =SUM(Z17:AJ17) -> 0 | BC17: =SUM(AK17:AQ17) -> 0 | BD17: =SUM(AZ17:BC17) -> 0 | BF17: =SUM(E17:N17) -> 0 | BG17: =SUM(Z17:AJ17) -> 0 | BJ17: =SUM(O17:Y17) -> 0 | BK17: =SUM(BF17:BJ17) -> 0
C19: 1199 | D19: Sub-Total | E19: =SUM(E10:E17) -> 171.5297 | F19: =SUM(F10:F17) -> 900.06274 | G19: =SUM(G10:G17) -> 630.70492 | H19: =SUM(H10:H17) -> 871.41937 | I19: =SUM(I10:I17) -> 273.76449 | J19: =SUM(J10:J17) -> 1183.1914 | K19: =SUM(K10:K17) -> 1358.3566 | L19: =SUM(L10:L17) -> 609.22239 | ... AR19: =SUM(AR10:AR17) -> 106551.1 | AT19: =SUM(AT10:AT17) -> 26637.775 | AU19: =SUM(AU10:AU17) -> 26637.775 | AV19: =SUM(AV10:AV17) -> 26637.775 | AW19: =SUM(AW10:AW17) -> 26637.775 | AX19: =SUM(AX10:AX17) -> 106551.1 | AZ19: =SUM(E19:N19) -> 12722.35 | BA19: =SUM(O19:Y19) -> 47870.373 | BB19: =SUM(Z19:AJ19) -> 31671.857 | BC19: =SUM(AK19:AQ19) -> 14286.52 | BD19: =SUM(AZ19:BC19) -> 106551.1 | BF19: =SUM(E19:N19) -> 12722.35 | BG19: =SUM(Z19:AJ19) -> 31671.857 | BJ19: =SUM(O19:Y19) -> 47870.373 | BK19: =SUM(BF19:BJ19) -> 92264.58
B21: 1200 | C21: Consultants
C22: 1201 | D22: Environmental Education / Training Specialist / Social Marketing | E22: 0 | F22: 1101.668 | G22: 0 | H22: 1101.668 | I22: 1101.668 | J22: 550.83399 | K22: 0 | L22: 1762.6688 | M22: 0 | N22: 6007.0775 | O22: 1676.3937 | P22: 3492.4869 | Q22: 1816.0932 | R22: 2374.8911 | S22: 6007.0775 | T22: 558.79791 | U22: 3492.4869 | V22: 3352.7875 | W22: 838.19687 | X22: 186.26597 | Y22: 5634.5456 | Z22: 1741.9582 | AA22: 3788.7591 | AB22: 783.88119 | AC22: 522.58746 | AD22: 0 | AE22: 2612.9373 | AF22: 5095.2277 | AG22: 522.58746 | AH22: 0 | AI22: 522.58746 | AJ22: 0 | AK22: 0 | AL22: 0 | AM22: 0 | AN22: 1164.0427 | AO22: 5000 | AP22: 5005.5874 | AQ22: 6000 | AR22: =SUM(E22:AQ22) -> 73815.763 | AT22: =$AR22/4 -> 18453.941 | AU22: =$AR22/4 -> 18453.941 | AV22: =$AR22/4 -> 18453.941 | AW22: =$AR22/4 -> 18453.941 | AX22: =SUM(AT22:AW22) -> 73815.763 | AZ22: =SUM(E22:N22) -> 11625.584 | BA22: =SUM(O22:Y22) -> 29430.023 | BB22: =SUM(Z22:AJ22) -> 15590.526 | BC22: =SUM(AK22:AQ22) -> 17169.63 | BD22: =SUM(AZ22:BC22) -> 73815.763 | BF22: =SUM(E22:N22) -> 11625.584 | BG22: =SUM(Z22:AJ22) -> 15590.526 | BJ22: =SUM(O22:Y22) -> 29430.023 | BK22: =SUM(BF22:BJ22) -> 56646.133
C23: 1202 | D23: Biodiversity / Conservation Experts (terrestrial & aquatic) | E23: 0 | F23: 2423.6696 | G23: 1762.6688 | H23: 220.3336 | I23: 661.00079 | J23: 7932.0095 | K23: 2644.0032 | L23: 440.66719 | M23: 0 | N23: 13131.751 | O23: 1676.3937 | P23: 9220.1655 | Q23: 4190.9843 | R23: 5867.3781 | S23: 15087.544 | T23: 2235.1916 | U23: 7264.3728 | V23: 20815.222 | W23: 10896.559 | X23: 6659.0084 | Y23: 22584.749 | Z23: 7795.2629 | AA23: 25737.432 | AB23: 10190.455 | AC23: 4180.6997 | AD23: 4050.0528 | AE23: 14371.155 | AF23: 11758.218 | AG23: 18682.502 | AH23: 3135.5248 | AI23: 4180.6997 | AJ23: 13587.274 | AK23: 0 | AL23: 0 | AM23: 2037.0748 | AN23: 25000 | AO23: 0 | AP23: 13460.641 | AQ23: 4000 | AR23: =SUM(E23:AQ23) -> 297880.66 | AT23: =$AR23/4 -> 74470.166 | AU23: =$AR23/4 -> 74470.166 | AV23: =$AR23/4 -> 74470.166 | AW23: =$AR23/4 -> 74470.166 | AX23: =SUM(AT23:AW23) -> 297880.66 | AZ23: =SUM(E23:N23) -> 29216.103 | BA23: =SUM(O23:Y23) -> 106497.57 | BB23: =SUM(Z23:AJ23) -> 117669.28 | BC23: =SUM(AK23:AQ23) -> 44497.716 | BD23: =SUM(AZ23:BC23) -> 297880.66 | BF23: =SUM(E23:N23) -> 29216.103 | BG23: =SUM(Z23:AJ23) -> 117669.28 | BJ23: =SUM(O23:Y23) -> 106497.57 | BK23: =SUM(BF23:BJ23) -> 253382.95
C24: 1203 | D24: Socioeconomist / Livelihood expert | E24: 1101.668 | F24: 2203.336 | G24: 1101.668 | H24: 661.00079 | I24: 550.83399 | J24: 0 | K24: 0 | L24: 440.66719 | M24: 1652.502 | N24: 2235.1916 | O24: 838.19687 | P24: 8056.0032 | Q24: 93.132985 | R24: 3213.088 | S24: 3399.354 | T24: 1722.9602 | U24: 7543.7718 | V24: 279.39896 | W24: 1396.9948 | X24: 93.132985 | Y24: 5401.7131 | Z24: 2830.6821 | AA24: 6662.9901 | AB24: 1306.4686 | AC24: 261.29373 | AD24: 3396.8185 | AE24: 0 | AF24: 1567.7624 | AG24: 261.29373 | AH24: 3396.8185 | AI24: 261.29373 | AJ24: 0 | AK24: 10000 | AL24: 5000 | AM24: 0 | AN24: 582.02136 | AO24: 3000 | AP24: 5730.3204 | AQ24: 0 | AR24: =SUM(E24:AQ24) -> 86242.377 | AT24: =$AR24/4 -> 21560.594 | AU24: =$AR24/4 -> 21560.594 | AV24: =$AR24/4 -> 21560.594 | AW24: =$AR24/4 -> 21560.594 | AX24: =SUM(AT24:AW24) -> 86242.377 | AZ24: =SUM(E24:N24) -> 9946.8675 | BA24: =SUM(O24:Y24) -> 32037.747 | BB24: =SUM(Z24:AJ24) -> 19945.421 | BC24: =SUM(AK24:AQ24) -> 24312.342 | BD24: =SUM(AZ24:BC24) -> 86242.377 | BF24: =SUM(E24:N24) -> 9946.8675 | BG24: =SUM(Z24:AJ24) -> 19945.421 | BJ24: =SUM(O24:Y24) -> 32037.747 | BK24: =SUM(BF24:BJ24) -> 61930.036
C25: 1204 | D25: Sustainable Forest Management; Climate Change / Carbon Specialist | E25: 0 | F25: 1322.0016 | G25: 1322.0016 | H25: 0 | I25: 0 | J25: 0 | K25: 0 | L25: 440.66719 | M25: 0 | N25: 1983.7326 | O25: 1676.3937 | P25: 5317.8934 | Q25: 288.71225 | R25: 1965.106 | S25: 2542.5305 | T25: 1676.3937 | U25: 5057.1211 | V25: 0 | W25: 838.19687 | X25: 0 | Y25: 4218.9242 | Z25: 1567.7624 | AA25: 4729.4165 | AB25: 783.88119 | AC25: 0 | AD25: 3135.5248 | AE25: 0 | AF25: 810.01056 | AG25: 0 | AH25: 3135.5248 | AI25: 0 | AJ25: 0 | AK25: 0 | AL25: 0 | AM25: 0 | AN25: 0 | AO25: 0 | AP25: 3492.1282 | AQ25: 0 | AR25: =SUM(E25:AQ25) -> 46303.923 | AT25: =$AR25/4 -> 11575.981 | AU25: =$AR25/4 -> 11575.981 | AV25: =$AR25/4 -> 11575.981 | AW25: =$AR25/4 -> 11575.981 | AX25: =SUM(AT25:AW25) -> 46303.923 | AZ25: =SUM(E25:N25) -> 5068.4029 | BA25: =SUM(O25:Y25) -> 23581.272 | BB25: =SUM(Z25:AJ25) -> 14162.12 | BC25: =SUM(AK25:AQ25) -> 3492.1282 | BD25: =SUM(AZ25:BC25) -> 46303.923 | BF25: =SUM(E25:N25) -> 5068.4029 | BG25: =SUM(Z25:AJ25) -> 14162.12 | BJ25: =SUM(O25:Y25) -> 23581.272 | BK25: =SUM(BF25:BJ25) -> 42811.795
C26: 1205 | D26: Ecotourism Expert | E26: 1101.668 | F26: 1762.6688 | G26: 1101.668 | H26: 661.00079 | I26: 440.66719 | J26: 0 | K26: 0 | L26: 440.66719 | M26: 0 | N26: 2514.5906 | O26: 1676.3937 | P26: 7171.2398 | Q26: 186.26597 | R26: 2980.2555 | S26: 4051.2848 | T26: 1955.7927 | U26: 6286.4765 | V26: 279.39896 | W26: 1676.3937 | X26: 0 | Y26: 5867.3781 | Z26: 1567.7624 | AA26: 5225.8746 | AB26: 1567.7624 | AC26: 0 | AD26: 3658.1122 | AE26: 261.29373 | AF26: 1829.0561 | AG26: 0 | AH26: 3658.1122 | AI26: 0 | AJ26: 0 | AK26: 0 | AL26: 0 | AM26: 0 | AN26: 0 | AO26: 5000 | AP26: 9312.3418 | AQ26: 0 | AR26: =SUM(E26:AQ26) -> 72234.126 | AT26: =$AR26/4 -> 18058.531 | AU26: =$AR26/4 -> 18058.531 | AV26: =$AR26/4 -> 18058.531 | AW26: =$AR26/4 -> 18058.531 | AX26: =SUM(AT26:AW26) -> 72234.126 | AZ26: =SUM(E26:N26) -> 8022.9305 | BA26: =SUM(O26:Y26) -> 32130.88 | BB26: =SUM(Z26:AJ26) -> 17767.974 | BC26: =SUM(AK26:AQ26) -> 14312.342 | BD26: =SUM(AZ26:BC26) -> 72234.126 | BF26: =SUM(E26:N26) -> 8022.9305 | BG26: =SUM(Z26:AJ26) -> 17767.974 | BJ26: =SUM(O26:Y26) -> 32130.88 | BK26: =SUM(BF26:BJ26) -> 57921.784
C27: 1206 | D27: Agroforester | E27: 0 | F27: 661.00079 | G27: 661.00079 | H27: 661.00079 | I27: 0 | J27: 0 | K27: 0 | L27: 440.66719 | M27: 0 | N27: 4749.7822 | O27: 838.19687 | P27: 4516.9498 | Q27: 1862.6597 | R27: 2281.7581 | S27: 5308.5801 | T27: 1117.5958 | U27: 4051.2848 | V27: 2793.9896 | W27: 1396.9948 | X27: 0 | Y27: 6705.5749 | Z27: 783.88119 | AA27: 3135.5248 | AB27: 1306.4686 | AC27: 0 | AD27: 2351.6436 | AE27: 2612.9373 | AF27: 3919.4059 | AG27: 0 | AH27: 2351.6436 | AI27: 0 | AJ27: 0 | AK27: 0 | AL27: 0 | AM27: 0 | AN27: 0 | AO27: 0 | AP27: 3783.1388 | AQ27: 0 | AR27: =SUM(E27:AQ27) -> 58291.68 | AT27: =$AR27/4 -> 14572.92 | AU27: =$AR27/4 -> 14572.92 | AV27: =$AR27/4 -> 14572.92 | AW27: =$AR27/4 -> 14572.92 | AX27: =SUM(AT27:AW27) -> 58291.68 | AZ27: =SUM(E27:N27) -> 7173.4518 | BA27: =SUM(O27:Y27) -> 30873.585 | BB27: =SUM(Z27:AJ27) -> 16461.505 | BC27: =SUM(AK27:AQ27) -> 3783.1388 | BD27: =SUM(AZ27:BC27) -> 58291.68 | BF27: =SUM(E27:N27) -> 7173.4518 | BG27: =SUM(Z27:AJ27) -> 16461.505 | BJ27: =SUM(O27:Y27) -> 30873.585 | BK27: =SUM(BF27:BJ27) -> 54508.541
C28: 1207 | D28: Agro-processing / Marketing Specialist | E28: 0 | F28: 661.00079 | G28: 661.00079 | H28: 661.00079 | I28: 517.78395 | J28: 0 | K28: 0 | L28: 969.46782 | M28: 550.83399 | N28: 0 | O28: 838.19687 | P28: 5378.4299 | Q28: 0 | R28: 1792.81 | S28: 1792.81 | T28: 1792.81 | U28: 5378.4299 | V28: 0 | W28: 0 | X28: 0 | Y28: 2514.5906 | Z28: 2678.2607 | AA28: 5029.9043 | AB28: 0 | AC28: 0 | AD28: 2351.6436 | AE28: 0 | AF28: 0 | AG28: 0 | AH28: 2351.6436 | AI28: 0 | AJ28: 0 | AK28: 0 | AL28: 5000 | AM28: 0 | AN28: 0 | AO28: 20000 | AP28: 1164.0427 | AQ28: 0 | AR28: =SUM(E28:AQ28) -> 62084.66 | AT28: =$AR28/4 -> 15521.165 | AU28: =$AR28/4 -> 15521.165 | AV28: =$AR28/4 -> 15521.165 | AW28: =$AR28/4 -> 15521.165 | AX28: =SUM(AT28:AW28) -> 62084.66 | AZ28: =SUM(E28:N28) -> 4021.0881 | BA28: =SUM(O28:Y28) -> 19488.077 | BB28: =SUM(Z28:AJ28) -> 12411.452 | BC28: =SUM(AK28:AQ28) -> 26164.043 | BD28: =SUM(AZ28:BC28) -> 62084.66 | BF28: =SUM(E28:N28) -> 4021.0881 | BG28: =SUM(Z28:AJ28) -> 12411.452 | BJ28: =SUM(O28:Y28) -> 19488.077 | BK28: =SUM(BF28:BJ28) -> 35920.617
C29: 1208 | D29: Land Degradation & Physical Planning Expert | E29: 0 | F29: 2919.4201 | G29: 550.83399 | H29: 330.50039 | I29: 330.50039 | J29: 0 | K29: 0 | L29: 440.66719 | M29: 1762.6688 | N29: 558.79791 | O29: 1676.3937 | P29: 2933.689 | Q29: 0 | R29: 977.89634 | S29: 1676.3937 | T29: 977.89634 | U29: 2933.689 | V29: 0 | W29: 0 | X29: 0 | Y29: 1257.2953 | Z29: 1567.7624 | AA29: 3788.7591 | AB29: 0 | AC29: 0 | AD29: 1175.8218 | AE29: 0 | AF29: 0 | AG29: 0 | AH29: 1175.8218 | AI29: 0 | AJ29: 0 | AK29: 0 | AL29: 0 | AM29: 0 | AN29: 0 | AO29: 0 | AP29: 2161.2199 | AQ29: 0 | AR29: =SUM(E29:AQ29) -> 29196.027 | AT29: =$AR29/4 -> 7299.0068 | AU29: =$AR29/4 -> 7299.0068 | AV29: =$AR29/4 -> 7299.0068 | AW29: =$AR29/4 -> 7299.0068 | AX29: =SUM(AT29:AW29) -> 29196.027 | AZ29: =SUM(E29:N29) -> 6893.3888 | BA29: =SUM(O29:Y29) -> 12433.254 | BB29: =SUM(Z29:AJ29) -> 7708.165 | BC29: =SUM(AK29:AQ29) -> 2161.2199 | BD29: =SUM(AZ29:BC29) -> 29196.027 | BF29: =SUM(E29:N29) -> 6893.3888 | BG29: =SUM(Z29:AJ29) -> 7708.165 | BJ29: =SUM(O29:Y29) -> 12433.254 | BK29: =SUM(BF29:BJ29) -> 27034.807
C30: 1209 | D30: Policy Expert, Legislative Drafter | E30: 0 | F30: 1432.1684 | G30: 330.50039 | H30: 330.50039 | I30: 550.83399 | J30: 0 | K30: 0 | L30: 440.66719 | M30: 0 | N30: 1117.5958 | O30: 838.19687 | P30: 2281.7581 | Q30: 186.26597 | R30: 884.76336 | S30: 2095.4922 | T30: 1257.2953 | U30: 2095.4922 | V30: 0 | W30: 558.79791 | X30: 0 | Y30: 1816.0932 | Z30: 783.88119 | AA30: 1959.703 | AB30: 522.58746 | AC30: 0 | AD30: 1175.8218 | AE30: 0 | AF30: 522.58746 | AG30: 0 | AH30: 1175.8218 | AI30: 0 | AJ30: 0 | AK30: 0 | AL30: 0 | AM30: 0 | AN30: 0 | AO30: 0 | AP30: 5513.4592 | AQ30: 0 | AR30: =SUM(E30:AQ30) -> 27870.283 | AT30: =$AR30/4 -> 6967.5708 | AU30: =$AR30/4 -> 6967.5708 | AV30: =$AR30/4 -> 6967.5708 | AW30: =$AR30/4 -> 6967.5708 | AX30: =SUM(AT30:AW30) -> 27870.283 | AZ30: =SUM(E30:N30) -> 4202.2662 | BA30: =SUM(O30:Y30) -> 12014.155 | BB30: =SUM(Z30:AJ30) -> 6140.4026 | BC30: =SUM(AK30:AQ30) -> 5513.4592 | BD30: =SUM(AZ30:BC30) -> 27870.283 | BF30: =SUM(E30:N30) -> 4202.2662 | BG30: =SUM(Z30:AJ30) -> 6140.4026 | BJ30: =SUM(O30:Y30) -> 12014.155 | BK30: =SUM(BF30:BJ30) -> 22356.824
C32: 1299 | D32: Sub-Total | E32: =SUM(E22:E30) -> 2203.336 | F32: =SUM(F22:F30) -> 14486.934 | G32: =SUM(G22:G30) -> 7491.3423 | H32: =SUM(H22:H30) -> 4627.0055 | I32: =SUM(I22:I30) -> 4153.2883 | J32: =SUM(J22:J30) -> 8482.8434 | K32: =SUM(K22:K30) -> 2644.0032 | L32: =SUM(L22:L30) -> 5816.8069 | ... AR32: =SUM(AR22:AR30) -> 753919.5 | AT32: =SUM(AT22:AT30) -> 188479.88 | AU32: =SUM(AU22:AU30) -> 188479.88 | AV32: =SUM(AV22:AV30) -> 188479.88 | AW32: =SUM(AW22:AW30) -> 188479.88 | AX32: =SUM(AX22:AX30) -> 753919.5 | AZ32: =SUM(E32:N32) -> 86170.083 | BA32: =SUM(O32:Y32) -> 298486.56 | BB32: =SUM(Z32:AJ32) -> 227856.84 | BC32: =SUM(AK32:AQ32) -> 141406.02 | BD32: =SUM(AZ32:BC32) -> 753919.5 | BF32: =SUM(E32:N32) -> 86170.083 | BG32: =SUM(Z32:AJ32) -> 227856.84 | BJ32: =SUM(O32:Y32) -> 298486.56 | BK32: =SUM(BF32:BJ32) -> 612513.49
B34: 1300 | C34: Administrative Support
C35: 1301 | D35: Admin GOSL support | AR35: =SUM(E35:AQ35) -> 0 | AT35: =$AR35/4 -> 0 | AU35: =$AR35/4 -> 0 | AV35: =$AR35/4 -> 0 | AW35: =$AR35/4 -> 0 | AX35: =SUM(AT35:AW35) -> 0 | AZ35: =SUM(E35:N35) -> 0 | BA35: =SUM(O35:Y35) -> 0 | BB35: =SUM(Z35:AJ35) -> 0 | BC35: =SUM(AK35:AQ35) -> 0 | BD35: =SUM(AZ35:BC35) -> 0 | BF35: =SUM(E35:N35) -> 0 | BG35: =SUM(Z35:AJ35) -> 0 | BJ35: =SUM(O35:Y35) -> 0 | BK35: =SUM(BF35:BJ35) -> 0
C37: 1399 | D37: Sub-Total | E37: =E35 -> 0 | F37: =F35 -> 0 | G37: =G35 -> 0 | H37: =H35 -> 0 | I37: =I35 -> 0 | J37: =J35 -> 0 | K37: =K35 -> 0 | L37: =L35 -> 0 | ... AR37: =AR35 -> 0 | AT37: =AT35 -> 0 | AU37: =AU35 -> 0 | AV37: =AV35 -> 0 | AW37: =AW35 -> 0 | AX37: =AX35 -> 0 | AZ37: =SUM(E37:N37) -> 0 | BA37: =SUM(O37:Y37) -> 0 | BB37: =SUM(Z37:AJ37) -> 0 | BC37: =SUM(AK37:AQ37) -> 0 | BD37: =SUM(AZ37:BC37) -> 0 | BF37: =SUM(E37:N37) -> 0 | BG37: =SUM(Z37:AJ37) -> 0 | BJ37: =SUM(O37:Y37) -> 0 | BK37: =SUM(BF37:BJ37) -> 0
B39: 1600 | C39: Travel on Official Business
C40: 1601 | D40: Local and national travel | E40: 0 | F40: 991.50118 | G40: 1211.8348 | H40: 1542.3352 | I40: 0 | J40: 220.3336 | K40: 1542.3352 | L40: 1101.668 | M40: 771.16759 | N40: 20182.557 | O40: 279.39896 | P40: 11138.705 | Q40: 8344.7155 | R40: 9834.8432 | S40: 26105.176 | T40: 931.32985 | U40: 9331.9251 | V40: 5727.6786 | W40: 15786.041 | X40: 773.00378 | Y40: 27623.243 | Z40: 1637.4407 | AA40: 10504.008 | AB40: 14763.096 | AC40: 783.88119 | AD40: 1907.4442 | AE40: 4624.899 | AF40: 23411.918 | AG40: 2168.738 | AH40: 1698.4092 | AI40: 783.88119 | AJ40: 1175.8218 | AK40: 0 | AL40: 0 | AM40: 465.61709 | AN40: 3275 | AO40: 0 | AP40: 16878.619 | AQ40: 0 | AR40: =SUM(E40:AQ40) -> 227518.57 | AT40: =$AR40/4 -> 56879.642 | AU40: =$AR40/4 -> 56879.642 | AV40: =$AR40/4 -> 56879.642 | AW40: =$AR40/4 -> 56879.642 | AX40: =SUM(AT40:AW40) -> 227518.57 | AZ40: =SUM(E40:N40) -> 27563.733 | BA40: =SUM(O40:Y40) -> 115876.06 | BB40: =SUM(Z40:AJ40) -> 63459.537 | BC40: =SUM(AK40:AQ40) -> 20619.237 | BD40: =SUM(AZ40:BC40) -> 227518.57 | BF40: =SUM(E40:N40) -> 27563.733 | BG40: =SUM(Z40:AJ40) -> 63459.537 | BJ40: =SUM(O40:Y40) -> 115876.06 | BK40: =SUM(BF40:BJ40) -> 206899.33
C41: 1602 | D41: International travel | E41: 0 | F41: 1013.5345 | G41: 550.83399 | H41: 0 | I41: 0 | J41: 0 | K41: 661.00079 | L41: 0 | M41: 881.33438 | N41: 1233.8681 | O41: 0 | P41: 1909.2262 | Q41: 1378.3682 | R41: 698.49739 | S41: 2169.9986 | T41: 605.3644 | U41: 2584.4403 | V41: 0 | W41: 1285.2352 | X41: 0 | Y41: 2263.1315 | Z41: 1045.1749 | AA41: 1959.703 | AB41: 1201.9512 | AC41: 0 | AD41: 653.23432 | AE41: 0 | AF41: 1463.2449 | AG41: 0 | AH41: 653.23432 | AI41: 0 | AJ41: 0 | AK41: 0 | AL41: 0 | AM41: 0 | AN41: 0 | AO41: 0 | AP41: 2764.6015 | AQ41: 0 | AR41: =SUM(E41:AQ41) -> 26975.978 | AT41: =$AR41/4 -> 6743.9944 | AU41: =$AR41/4 -> 6743.9944 | AV41: =$AR41/4 -> 6743.9944 | AW41: =$AR41/4 -> 6743.9944 | AX41: =SUM(AT41:AW41) -> 26975.978 | AZ41: =SUM(E41:N41) -> 4340.5718 | BA41: =SUM(O41:Y41) -> 12894.262 | BB41: =SUM(Z41:AJ41) -> 6976.5426 | BC41: =SUM(AK41:AQ41) -> 2764.6015 | BD41: =SUM(AZ41:BC41) -> 26975.978 | BF41: =SUM(E41:N41) -> 4340.5718 | BG41: =SUM(Z41:AJ41) -> 6976.5426 | BJ41: =SUM(O41:Y41) -> 12894.262 | BK41: =SUM(BF41:BJ41) -> 24211.376
C43: 1699 | D43: Sub-Total | E43: =SUM(E40:E41) -> 0 | F43: =SUM(F40:F41) -> 2005.0357 | G43: =SUM(G40:G41) -> 1762.6688 | H43: =SUM(H40:H41) -> 1542.3352 | I43: =SUM(I40:I41) -> 0 | J43: =SUM(J40:J41) -> 220.3336 | K43: =SUM(K40:K41) -> 2203.336 | L43: =SUM(L40:L41) -> 1101.668 | ... AR43: =SUM(AR40:AR41) -> 254494.54 | AT43: =SUM(AT40:AT41) -> 63623.636 | AU43: =SUM(AU40:AU41) -> 63623.636 | AV43: =SUM(AV40:AV41) -> 63623.636 | AW43: =SUM(AW40:AW41) -> 63623.636 | AX43: =SUM(AX40:AX41) -> 254494.54 | AZ43: =SUM(E43:N43) -> 31904.305 | BA43: =SUM(O43:Y43) -> 128770.32 | BB43: =SUM(Z43:AJ43) -> 70436.08 | BC43: =SUM(AK43:AQ43) -> 23383.838 | BD43: =SUM(AZ43:BC43) -> 254494.54 | BF43: =SUM(E43:N43) -> 31904.305 | BG43: =SUM(Z43:AJ43) -> 70436.08 | BJ43: =SUM(O43:Y43) -> 128770.32 | BK43: =SUM(BF43:BJ43) -> 231110.71
B45: 1999 | C45: Component Total | E45: =E19+E32+E37+E43 -> 2374.8657 | F45: =F19+F32+F37+F43 -> 17392.032 | G45: =G19+G32+G37+G43 -> 9884.716 | H45: =H19+H32+H37+H43 -> 7040.7601 | I45: =I19+I32+I37+I43 -> 4427.0528 | J45: =J19+J32+J37+J43 -> 9886.3685 | K45: =K19+K32+K37+K43 -> 6205.6957 | L45: =L19+L32+L37+L43 -> 7527.6973 | ... AR45: =AR19+AR32+AR37+AR43 -> 1114965.1 | AT45: =AT19+AT32+AT37+AT43 -> 278741.29 | AU45: =AU19+AU32+AU37+AU43 -> 278741.29 | AV45: =AV19+AV32+AV37+AV43 -> 278741.29 | AW45: =AW19+AW32+AW37+AW43 -> 278741.29 | AX45: =AX19+AX32+AX37+AX43 -> 1114965.1 | AZ45: =SUM(E45:N45) -> 130796.74 | BA45: =SUM(O45:Y45) -> 475127.26 | BB45: =SUM(Z45:AJ45) -> 329964.78 | BC45: =SUM(AK45:AQ45) -> 179076.38 | BD45: =SUM(AZ45:BC45) -> 1114965.1 | BF45: =SUM(E45:N45) -> 130796.74 | BG45: =SUM(Z45:AJ45) -> 329964.78 | BJ45: =SUM(O45:Y45) -> 475127.26 | BK45: =SUM(BF45:BJ45) -> 935888.77
A47: 20 | B47: SUB-CONTRACT COMPONENT
B48: 2100 | C48: Sub-Contracts with cooperating agencies (UN Agency)
C49: 2101 | AR49: =SUM(E49:AQ49) -> 0 | AT49: =$AR49/4 -> 0 | AU49: =$AR49/4 -> 0 | AV49: =$AR49/4 -> 0 | AW49: =$AR49/4 -> 0 | AX49: =SUM(AT49:AW49) -> 0 | AZ49: =SUM(E49:N49) -> 0 | BA49: =SUM(O49:Y49) -> 0 | BB49: =SUM(Z49:AJ49) -> 0 | BC49: =SUM(AK49:AQ49) -> 0 | BD49: =SUM(AZ49:BC49) -> 0 | BF49: =SUM(E49:N49) -> 0 | BG49: =SUM(Z49:AJ49) -> 0 | BJ49: =SUM(O49:Y49) -> 0 | BK49: =SUM(BF49:BJ49) -> 0
C50: 2102 | AR50: =SUM(E50:AQ50) -> 0 | AT50: =$AR50/4 -> 0 | AU50: =$AR50/4 -> 0 | AV50: =$AR50/4 -> 0 | AW50: =$AR50/4 -> 0 | AX50: =SUM(AT50:AW50) -> 0 | AZ50: =SUM(E50:N50) -> 0 | BA50: =SUM(O50:Y50) -> 0 | BB50: =SUM(Z50:AJ50) -> 0 | BC50: =SUM(AK50:AQ50) -> 0 | BD50: =SUM(AZ50:BC50) -> 0 | BF50: =SUM(E50:N50) -> 0 | BG50: =SUM(Z50:AJ50) -> 0 | BJ50: =SUM(O50:Y50) -> 0 | BK50: =SUM(BF50:BJ50) -> 0
C52: 2199 | D52: Sub-Total | E52: =SUM(E49:E50) -> 0 | F52: =SUM(F49:F50) -> 0 | G52: =SUM(G49:G50) -> 0 | H52: =SUM(H49:H50) -> 0 | I52: =SUM(I49:I50) -> 0 | J52: =SUM(J49:J50) -> 0 | K52: =SUM(K49:K50) -> 0 | L52: =SUM(L49:L50) -> 0 | ... AR52: =SUM(AR49:AR50) -> 0 | AT52: =SUM(AT49:AT50) -> 0 | AU52: =SUM(AU49:AU50) -> 0 | AV52: =SUM(AV49:AV50) -> 0 | AW52: =SUM(AW49:AW50) -> 0 | AX52: =SUM(AX49:AX50) -> 0 | AZ52: =SUM(E52:N52) -> 0 | BA52: =SUM(O52:Y52) -> 0 | BB52: =SUM(Z52:AJ52) -> 0 | BC52: =SUM(AK52:AQ52) -> 0 | BD52: =SUM(AZ52:BC52) -> 0 | BF52: =SUM(E52:N52) -> 0 | BG52: =SUM(Z52:AJ52) -> 0 | BJ52: =SUM(O52:Y52) -> 0 | BK52: =SUM(BF52:BJ52) -> 0
B54: 2200 | C54: Sub-Contracts with supporting organisation (NGOs, Govts.)
C55: 2201 | D55: Misc NGO contributions | AR55: =SUM(E55:AQ55) -> 0 | AT55: =$AR55/4 -> 0 | AU55: =$AR55/4 -> 0 | AV55: =$AR55/4 -> 0 | AW55: =$AR55/4 -> 0 | AX55: =SUM(AT55:AW55) -> 0 | AZ55: =SUM(E55:N55) -> 0 | BA55: =SUM(O55:Y55) -> 0 | BB55: =SUM(Z55:AJ55) -> 0 | BC55: =SUM(AK55:AQ55) -> 0 | BD55: =SUM(AZ55:BC55) -> 0 | BF55: =SUM(E55:N55) -> 0 | BG55: =SUM(Z55:AJ55) -> 0 | BJ55: =SUM(O55:Y55) -> 0 | BK55: =SUM(BF55:BJ55) -> 0
C56: 2202 | D56: Misc CCO contributions | AR56: =SUM(E56:AQ56) -> 0 | AT56: =$AR56/4 -> 0 | AU56: =$AR56/4 -> 0 | AV56: =$AR56/4 -> 0 | AW56: =$AR56/4 -> 0 | AX56: =SUM(AT56:AW56) -> 0 | AZ56: =SUM(E56:N56) -> 0 | BA56: =SUM(O56:Y56) -> 0 | BB56: =SUM(Z56:AJ56) -> 0 | BC56: =SUM(AK56:AQ56) -> 0 | BD56: =SUM(AZ56:BC56) -> 0 | BF56: =SUM(E56:N56) -> 0 | BG56: =SUM(Z56:AJ56) -> 0 | BJ56: =SUM(O56:Y56) -> 0 | BK56: =SUM(BF56:BJ56) -> 0
C58: 2299 | D58: Sub-Total | E58: =SUM(E55:E56) -> 0 | F58: =SUM(F55:F56) -> 0 | G58: =SUM(G55:G56) -> 0 | H58: =SUM(H55:H56) -> 0 | I58: =SUM(I55:I56) -> 0 | J58: =SUM(J55:J56) -> 0 | K58: =SUM(K55:K56) -> 0 | L58: =SUM(L55:L56) -> 0 | ... AR58: =SUM(AR55:AR56) -> 0 | AT58: =SUM(AT55:AT56) -> 0 | AU58: =SUM(AU55:AU56) -> 0 | AV58: =SUM(AV55:AV56) -> 0 | AW58: =SUM(AW55:AW56) -> 0 | AX58: =SUM(AX55:AX56) -> 0 | AZ58: =SUM(E58:N58) -> 0 | BA58: =SUM(O58:Y58) -> 0 | BB58: =SUM(Z58:AJ58) -> 0 | BC58: =SUM(AK58:AQ58) -> 0 | BD58: =SUM(AZ58:BC58) -> 0 | BF58: =SUM(E58:N58) -> 0 | BG58: =SUM(Z58:AJ58) -> 0 | BJ58: =SUM(O58:Y58) -> 0 | BK58: =SUM(BF58:BJ58) -> 0
B60: 2300 | C60: Sub-Contracts with commercial organisations
C61: 2301 | D61: Misc private sector contributions | AR61: =SUM(E61:AQ61) -> 0 | AT61: =$AR61/4 -> 0 | AU61: =$AR61/4 -> 0 | AV61: =$AR61/4 -> 0 | AW61: =$AR61/4 -> 0 | AX61: =SUM(AT61:AW61) -> 0 | AZ61: =SUM(E61:N61) -> 0 | BA61: =SUM(O61:Y61) -> 0 | BB61: =SUM(Z61:AJ61) -> 0 | BC61: =SUM(AK61:AQ61) -> 0 | BD61: =SUM(AZ61:BC61) -> 0 | BF61: =SUM(E61:N61) -> 0 | BG61: =SUM(Z61:AJ61) -> 0 | BJ61: =SUM(O61:Y61) -> 0 | BK61: =SUM(BF61:BJ61) -> 0
C63: 2399 | D63: Sub-Total | E63: =E61 -> 0 | F63: =F61 -> 0 | G63: =G61 -> 0 | H63: =H61 -> 0 | I63: =I61 -> 0 | J63: =J61 -> 0 | K63: =K61 -> 0 | L63: =L61 -> 0 | ... AR63: =AR61 -> 0 | AT63: =AT61 -> 0 | AU63: =AU61 -> 0 | AV63: =AV61 -> 0 | AW63: =AW61 -> 0 | AX63: =AX61 -> 0 | AZ63: =SUM(E63:N63) -> 0 | BA63: =SUM(O63:Y63) -> 0 | BB63: =SUM(Z63:AJ63) -> 0 | BC63: =SUM(AK63:AQ63) -> 0 | BD63: =SUM(AZ63:BC63) -> 0 | BF63: =SUM(E63:N63) -> 0 | BG63: =SUM(Z63:AJ63) -> 0 | BJ63: =SUM(O63:Y63) -> 0 | BK63: =SUM(BF63:BJ63) -> 0
B65: 2999 | C65: Component Total | E65: =E52+E58+E63 -> 0 | F65: =F52+F58+F63 -> 0 | G65: =G52+G58+G63 -> 0 | H65: =H52+H58+H63 -> 0 | I65: =I52+I58+I63 -> 0 | J65: =J52+J58+J63 -> 0 | K65: =K52+K58+K63 -> 0 | L65: =L52+L58+L63 -> 0 | ... AR65: =AR52+AR58+AR63 -> 0 | AT65: =AT52+AT58+AT63 -> 0 | AU65: =AU52+AU58+AU63 -> 0 | AV65: =AV52+AV58+AV63 -> 0 | AW65: =AW52+AW58+AW63 -> 0 | AX65: =AX52+AX58+AX63 -> 0 | AZ65: =SUM(E65:N65) -> 0 | BA65: =SUM(O65:Y65) -> 0 | BB65: =SUM(Z65:AJ65) -> 0 | BC65: =SUM(AK65:AQ65) -> 0 | BD65: =SUM(AZ65:BC65) -> 0 | BF65: =SUM(E65:N65) -> 0 | BG65: =SUM(Z65:AJ65) -> 0 | BJ65: =SUM(O65:Y65) -> 0 | BK65: =SUM(BF65:BJ65) -> 0
A67: 30 | B67: TRAINING COMPONENT
B68: 3200 | C68: Group-Training
C69: 3201 | D69: Training of GOSL agency and project partner staff | E69: 0 | F69: 44.066719 | G69: 661.00079 | H69: 661.00079 | I69: 0 | J69: 0 | K69: 0 | L69: 440.66719 | M69: 110.1668 | N69: 4168.7116 | O69: 0 | P69: 1743.4495 | Q69: 1799.3293 | R69: 1743.4495 | S69: 5286.2282 | T69: 0 | U69: 335.27875 | V69: 983.48432 | W69: 4526.2631 | X69: 0 | Y69: 5286.2282 | Z69: 0 | AA69: 52.258746 | AB69: 3971.6647 | AC69: 0 | AD69: 0 | AE69: 919.75393 | AF69: 4943.6774 | AG69: 0 | AH69: 0 | AI69: 0 | AJ69: 0 | AK69: 0 | AL69: 0 | AM69: 0 | AN69: 342 | AO69: 0 | AP69: 6111.2243 | AQ69: 0 | AR69: =SUM(E69:AQ69) -> 44129.904 | AT69: =($AR69-AJ69)/4 -> 11032.476 | AU69: =($AR69-AK69)/4 -> 11032.476 | AV69: =($AR69-AL69)/4 -> 11032.476 | AW69: =($AR69-AM69)/4 -> 11032.476 | AX69: =SUM(AT69:AW69) -> 44129.904 | AZ69: =SUM(E69:N69) -> 6085.6139 | BA69: =SUM(O69:Y69) -> 21703.711 | BB69: =SUM(Z69:AJ69) -> 9887.3547 | BC69: =SUM(AK69:AQ69) -> 6453.2243 | BD69: =SUM(AZ69:BC69) -> 44129.904 | BF69: =SUM(E69:N69) -> 6085.6139 | BG69: =SUM(Z69:AJ69) -> 9887.3547 | BJ69: =SUM(O69:Y69) -> 21703.711 | BK69: =SUM(BF69:BJ69) -> 37676.679
C70: 3202 | D70: Volunteer and student placements | E70: 0 | F70: 440.66719 | G70: 0 | H70: 0 | I70: 220.3336 | J70: 0 | K70: 0 | L70: 0 | M70: 0 | N70: 1872.8356 | O70: 0 | P70: 791.63037 | Q70: 791.63037 | R70: 791.63037 | S70: 2374.8911 | T70: 0 | U70: 558.79791 | V70: 419.09843 | W70: 1676.3937 | X70: 93.132985 | Y70: 2468.0241 | Z70: 87.09791 | AA70: 783.88119 | AB70: 1567.7624 | AC70: 0 | AD70: 0 | AE70: 391.94059 | AF70: 2220.9967 | AG70: 261.29373 | AH70: 0 | AI70: 0 | AJ70: 261.29373 | AK70: 0 | AL70: 0 | AM70: 0 | AN70: 582.02136 | AO70: 0 | AP70: 1164.0427 | AQ70: 0 | AR70: =SUM(E70:AQ70) -> 19819.396 | AT70: =$AR70/4 -> 4954.849 | AU70: =$AR70/4 -> 4954.849 | AV70: =$AR70/4 -> 4954.849 | AW70: =$AR70/4 -> 4954.849 | AX70: =SUM(AT70:AW70) -> 19819.396 | AZ70: =SUM(E70:N70) -> 2533.8364 | BA70: =SUM(O70:Y70) -> 9965.2294 | BB70: =SUM(Z70:AJ70) -> 5574.2662 | BC70: =SUM(AK70:AQ70) -> 1746.0641 | BD70: =SUM(AZ70:BC70) -> 19819.396 | BF70: =SUM(E70:N70) -> 2533.8364 | BG70: =SUM(Z70:AJ70) -> 5574.2662 | BJ70: =SUM(O70:Y70) -> 9965.2294 | BK70: =SUM(BF70:BJ70) -> 18073.332
C71: 3203 | D71: Training of community stakeholders and groups | E71: 0 | F71: 484.73391 | G71: 661.00079 | H71: 0 | I71: 0 | J71: 2093.1692 | K71: 1542.3352 | L71: 550.83399 | M71: 0 | N71: 2247.4027 | O71: 0 | P71: 2048.9257 | Q71: 987.20964 | R71: 1303.8618 | S71: 3222.4013 | T71: 372.53194 | U71: 1396.9948 | V71: 4749.7822 | W71: 894.07666 | X71: 1024.4628 | Y71: 3874.3322 | Z71: 2003.2519 | AA71: 4180.6997 | AB71: 836.13993 | AC71: 0 | AD71: 0 | AE71: 4441.9934 | AF71: 2665.196 | AG71: 2874.231 | AH71: 0 | AI71: 0 | AJ71: 2874.231 | AK71: 0 | AL71: 0 | AM71: 0 | AN71: 6402.235 | AO71: 0 | AP71: 5238.1922 | AQ71: 0 | AR71: =SUM(E71:AQ71) -> 58970.225 | AT71: =($AR71-AJ71)/4-O71/8 -> 14023.998 | AU71: =($AR71-AK71)/4-P71/8 -> 14486.441 | AV71: =($AR71-AL71)/4-Q71/8 -> 14619.155 | AW71: =($AR71-AM71)/4-R71/8 -> 14579.574 | AX71: =SUM(AT71:AW71) -> 57709.168 | AZ71: =SUM(E71:N71) -> 7579.4757 | BA71: =SUM(O71:Y71) -> 19874.579 | BB71: =SUM(Z71:AJ71) -> 19875.743 | BC71: =SUM(AK71:AQ71) -> 11640.427 | BD71: =SUM(AZ71:BC71) -> 58970.225 | BF71: =SUM(E71:N71) -> 7579.4757 | BG71: =SUM(Z71:AJ71) -> 19875.743 | BJ71: =SUM(O71:Y71) -> 19874.579 | BK71: =SUM(BF71:BJ71) -> 47329.798
C72: 3204 | D72: Awareness-raising in schools and youth organisations | E72: 0 | F72: 0 | G72: 0 | H72: 0 | I72: 0 | J72: 220.3336 | K72: 0 | L72: 220.3336 | M72: 0 | N72: 1872.8356 | O72: 0 | P72: 791.63037 | Q72: 791.63037 | R72: 791.63037 | S72: 2374.8911 | T72: 0 | U72: 0 | V72: 1257.2953 | W72: 1676.3937 | X72: 186.26597 | Y72: 2561.1571 | Z72: 174.19582 | AA72: 522.58746 | AB72: 1567.7624 | AC72: 522.58746 | AD72: 0 | AE72: 653.23432 | AF72: 2220.9967 | AG72: 522.58746 | AH72: 0 | AI72: 522.58746 | AJ72: 0 | AK72: 0 | AL72: 0 | AM72: 0 | AN72: 1164.0427 | AO72: 0 | AP72: 1164.0427 | AQ72: 0 | AR72: =SUM(E72:AQ72) -> 21779.022 | AT72: =$AR72/4 -> 5444.7554 | AU72: =$AR72/4 -> 5444.7554 | AV72: =$AR72/4 -> 5444.7554 | AW72: =$AR72/4 -> 5444.7554 | AX72: =SUM(AT72:AW72) -> 21779.022 | AZ72: =SUM(E72:N72) -> 2313.5028 | BA72: =SUM(O72:Y72) -> 10430.894 | BB72: =SUM(Z72:AJ72) -> 6706.5391 | BC72: =SUM(AK72:AQ72) -> 2328.0854 | BD72: =SUM(AZ72:BC72) -> 21779.022 | BF72: =SUM(E72:N72) -> 2313.5028 | BG72: =SUM(Z72:AJ72) -> 6706.5391 | BJ72: =SUM(O72:Y72) -> 10430.894 | BK72: =SUM(BF72:BJ72) -> 19450.936
C73: 3205 | D73: Pubic awareness-raising among general public | E73: 0 | F73: 0 | G73: 0 | H73: 0 | I73: 0 | J73: 3415.1707 | K73: 1542.3352 | L73: 440.66719 | M73: 0 | N73: 1872.8356 | O73: 0 | P73: 1350.4283 | Q73: 791.63037 | R73: 977.89634 | S73: 2561.1571 | T73: 186.26597 | U73: 977.89634 | V73: 4330.6838 | W73: 1676.3937 | X73: 1350.4283 | Y73: 3725.3194 | Z73: 1785.5072 | AA73: 4703.2871 | AB73: 1567.7624 | AC73: 522.58746 | AD73: 0 | AE73: 3527.4653 | AF73: 2220.9967 | AG73: 3788.7591 | AH73: 0 | AI73: 522.58746 | AJ73: 3266.1716 | AK73: 0 | AL73: 0 | AM73: 0 | AN73: 6439.3097 | AO73: 0 | AP73: 5820.2136 | AQ73: 0 | AR73: =SUM(E73:AQ73) -> 59363.756 | AT73: =$AR73/4-O73/8 -> 14840.939 | AU73: =$AR73/4-P73/8 -> 14672.135 | AV73: =$AR73/4-Q73/8 -> 14741.985 | AW73: =$AR73/4-R73/8 -> 14718.702 | AX73: =SUM(AT73:AW73) -> 58973.762 | AZ73: =SUM(E73:N73) -> 7271.0087 | BA73: =SUM(O73:Y73) -> 17928.1 | BB73: =SUM(Z73:AJ73) -> 21905.124 | BC73: =SUM(AK73:AQ73) -> 12259.523 | BD73: =SUM(AZ73:BC73) -> 59363.756 | BF73: =SUM(E73:N73) -> 7271.0087 | BG73: =SUM(Z73:AJ73) -> 21905.124 | BJ73: =SUM(O73:Y73) -> 17928.1 | BK73: =SUM(BF73:BJ73) -> 47104.233
C75: 3299 | D75: Sub-Total | E75: =SUM(E69:E73) -> 0 | F75: =SUM(F69:F73) -> 969.46782 | G75: =SUM(G69:G73) -> 1322.0016 | H75: =SUM(H69:H73) -> 661.00079 | I75: =SUM(I69:I73) -> 220.3336 | J75: =SUM(J69:J73) -> 5728.6735 | K75: =SUM(K69:K73) -> 3084.6703 | L75: =SUM(L69:L73) -> 1652.502 | ... AR75: =SUM(AR69:AR73) -> 204062.3 | AT75: =SUM(AT69:AT73) -> 50297.018 | AU75: =SUM(AU69:AU73) -> 50590.656 | AV75: =SUM(AV69:AV73) -> 50793.221 | AW75: =SUM(AW69:AW73) -> 50730.356 | AX75: =SUM(AX69:AX73) -> 202411.25 | AZ75: =SUM(E75:N75) -> 25783.437 | BA75: =SUM(O75:Y75) -> 79902.513 | BB75: =SUM(Z75:AJ75) -> 63949.027 | BC75: =SUM(AK75:AQ75) -> 34427.324 | BD75: =SUM(AZ75:BC75) -> 204062.3 | BF75: =SUM(E75:N75) -> 25783.437 | BG75: =SUM(Z75:AJ75) -> 63949.027 | BJ75: =SUM(O75:Y75) -> 79902.513 | BK75: =SUM(BF75:BJ75) -> 169634.98
B77: 3300 | C77: Meetings/Conferences
C78: 3301 | D78: Project management meetings | E78: 0 | F78: 0 | G78: 0 | H78: 110.1668 | I78: 0 | J78: 1277.9349 | K78: 1410.135 | L78: 859.30102 | M78: 881.33438 | N78: 969.46782 | O78: 1871.973 | P78: 7199.1797 | Q78: 409.78513 | R78: 2812.6161 | S78: 3492.4869 | T78: 2263.1315 | U78: 6929.0941 | V78: 949.95645 | W78: 558.79791 | X78: 139.69948 | Y78: 1369.0549 | Z78: 6480.0845 | AA78: 6872.0251 | AB78: 522.58746 | AC78: 0 | AD78: 0 | AE78: 888.39868 | AF78: 1149.6924 | AG78: 391.94059 | AH78: 0 | AI78: 0 | AJ78: 391.94059 | AK78: 0 | AL78: 0 | AM78: 0 | AN78: 873.03204 | AO78: 0 | AP78: 1164.0427 | AQ78: 0 | AR78: =SUM(E78:AQ78) -> 52237.859 | AT78: =$AR78/4 -> 13059.465 | AU78: =$AR78/4 -> 13059.465 | AV78: =$AR78/4 -> 13059.465 | AW78: =$AR78/4 -> 13059.465 | AX78: =SUM(AT78:AW78) -> 52237.859 | AZ78: =SUM(E78:N78) -> 5508.3399 | BA78: =SUM(O78:Y78) -> 27995.775 | BB78: =SUM(Z78:AJ78) -> 16696.669 | BC78: =SUM(AK78:AQ78) -> 2037.0748 | BD78: =SUM(AZ78:BC78) -> 52237.859 | BF78: =SUM(E78:N78) -> 5508.3399 | BG78: =SUM(Z78:AJ78) -> 16696.669 | BJ78: =SUM(O78:Y78) -> 27995.775 | BK78: =SUM(BF78:BJ78) -> 50200.785
C79: 3302 | D79: National workshops and consultations | E79: 1194.2081 | F79: 440.66719 | G79: 1432.1684 | H79: 1762.6688 | I79: 1101.668 | J79: 881.33438 | K79: 881.33438 | L79: 2203.336 | M79: 0 | N79: 1767.0754 | O79: 0 | P79: 802.80633 | Q79: 718.98664 | R79: 998.3856 | S79: 2240.7796 | T79: 0 | U79: 83.819687 | V79: 5615.919 | W79: 1346.703 | X79: 1601.8873 | Y79: 3842.667 | Z79: 1498.084 | AA79: 4572.6403 | AB79: 1259.4358 | AC79: 0 | AD79: 1489.3743 | AE79: 3762.6297 | AF79: 2095.5757 | AG79: 4494.2521 | AH79: 0 | AI79: 0 | AJ79: 3004.8779 | AK79: 0 | AL79: 0 | AM79: 3317.5218 | AN79: 10010.767 | AO79: 0 | AP79: 23862.876 | AQ79: 0 | AR79: =SUM(E79:AQ79) -> 88284.449 | AT79: =$AR79/4 -> 22071.112 | AU79: =$AR79/4 -> 22071.112 | AV79: =$AR79/4 -> 22071.112 | AW79: =$AR79/4 -> 22071.112 | AX79: =SUM(AT79:AW79) -> 88284.449 | AZ79: =SUM(E79:N79) -> 11664.461 | BA79: =SUM(O79:Y79) -> 17251.954 | BB79: =SUM(Z79:AJ79) -> 22176.87 | BC79: =SUM(AK79:AQ79) -> 37191.165 | BD79: =SUM(AZ79:BC79) -> 88284.449 | BF79: =SUM(E79:N79) -> 11664.461 | BG79: =SUM(Z79:AJ79) -> 22176.87 | BJ79: =SUM(O79:Y79) -> 17251.954 | BK79: =SUM(BF79:BJ79) -> 51093.285
C80: 3303 | D80: Regional and international meetings and conferences of relevance | E80: 0 | F80: 0 | G80: 0 | H80: 881.33438 | I80: 0 | J80: 0 | K80: 0 | L80: 0 | M80: 0 | N80: 2974.5035 | O80: 0 | P80: 1257.2953 | Q80: 1257.2953 | R80: 1257.2953 | S80: 3771.8859 | T80: 0 | U80: 419.09843 | V80: 838.19687 | W80: 2514.5906 | X80: 0 | Y80: 3771.8859 | Z80: 0 | AA80: 391.94059 | AB80: 2351.6436 | AC80: 0 | AD80: 0 | AE80: 783.88119 | AF80: 3527.4653 | AG80: 0 | AH80: 0 | AI80: 0 | AJ80: 0 | AK80: 0 | AL80: 0 | AM80: 0 | AN80: 0 | AO80: 0 | AP80: 2328.0854 | AQ80: 0 | AR80: =SUM(E80:AQ80) -> 28326.398 | AT80: =$AR80/4 -> 7081.5994 | AU80: =$AR80/4 -> 7081.5994 | AV80: =$AR80/4 -> 7081.5994 | AW80: =$AR80/4 -> 7081.5994 | AX80: =SUM(AT80:AW80) -> 28326.398 | AZ80: =SUM(E80:N80) -> 3855.8379 | BA80: =SUM(O80:Y80) -> 15087.544 | BB80: =SUM(Z80:AJ80) -> 7054.9307 | BC80: =SUM(AK80:AQ80) -> 2328.0854 | BD80: =SUM(AZ80:BC80) -> 28326.398 | BF80: =SUM(E80:N80) -> 3855.8379 | BG80: =SUM(Z80:AJ80) -> 7054.9307 | BJ80: =SUM(O80:Y80) -> 15087.544 | BK80: =SUM(BF80:BJ80) -> 25998.312
C81: 3304 | D81: Overseas training courses | E81: 0 | F81: 0 | G81: 0 | H81: 440.66719 | I81: 0 | J81: 0 | K81: 661.00079 | L81: 0 | M81: 0 | N81: 1101.668 | O81: 0 | P81: 465.66493 | Q81: 465.66493 | R81: 465.66493 | S81: 1396.9948 | T81: 0 | U81: 279.39896 | V81: 1117.5958 | W81: 0 | X81: 0 | Y81: 1396.9948 | Z81: 0 | AA81: 261.29373 | AB81: 0 | AC81: 0 | AD81: 0 | AE81: 1045.1749 | AF81: 1306.4686 | AG81: 0 | AH81: 0 | AI81: 0 | AJ81: 0 | AK81: 0 | AL81: 0 | AM81: 0 | AN81: 0 | AO81: 0 | AP81: 2910.1068 | AQ81: 0 | AR81: =SUM(E81:AQ81) -> 13314.359 | AT81: =$AR81/4 -> 3328.5898 | AU81: =$AR81/4 -> 3328.5898 | AV81: =$AR81/4 -> 3328.5898 | AW81: =$AR81/4 -> 3328.5898 | AX81: =SUM(AT81:AW81) -> 13314.359 | AZ81: =SUM(E81:N81) -> 2203.336 | BA81: =SUM(O81:Y81) -> 5587.9791 | BB81: =SUM(Z81:AJ81) -> 2612.9373 | BC81: =SUM(AK81:AQ81) -> 2910.1068 | BD81: =SUM(AZ81:BC81) -> 13314.359 | BF81: =SUM(E81:N81) -> 2203.336 | BG81: =SUM(Z81:AJ81) -> 2612.9373 | BJ81: =SUM(O81:Y81) -> 5587.9791 | BK81: =SUM(BF81:BJ81) -> 10404.252
C83: 3399 | D83: Sub-Total | E83: =SUM(E78:E81) -> 1194.2081 | F83: =SUM(F78:F81) -> 440.66719 | G83: =SUM(G78:G81) -> 1432.1684 | H83: =SUM(H78:H81) -> 3194.8371 | I83: =SUM(I78:I81) -> 1101.668 | J83: =SUM(J78:J81) -> 2159.2692 | K83: =SUM(K78:K81) -> 2952.4702 | L83: =SUM(L78:L81) -> 3062.637 | ... AR83: =SUM(AR78:AR81) -> 182163.07 | AT83: =SUM(AT78:AT81) -> 45540.766 | AU83: =SUM(AU78:AU81) -> 45540.766 | AV83: =SUM(AV78:AV81) -> 45540.766 | AW83: =SUM(AW78:AW81) -> 45540.766 | AX83: =SUM(AX78:AX81) -> 182163.07 | AZ83: =SUM(E83:N83) -> 23231.974 | BA83: =SUM(O83:Y83) -> 65923.252 | BB83: =SUM(Z83:AJ83) -> 48541.407 | BC83: =SUM(AK83:AQ83) -> 44466.432 | BD83: =SUM(AZ83:BC83) -> 182163.07 | BF83: =SUM(E83:N83) -> 23231.974 | BG83: =SUM(Z83:AJ83) -> 48541.407 | BJ83: =SUM(O83:Y83) -> 65923.252 | BK83: =SUM(BF83:BJ83) -> 137696.63
B85: 3999 | C85: Component Total | E85: =E75+E83 -> 1194.2081 | F85: =F75+F83 -> 1410.135 | G85: =G75+G83 -> 2754.17 | H85: =H75+H83 -> 3855.8379 | I85: =I75+I83 -> 1322.0016 | J85: =J75+J83 -> 7887.9427 | K85: =K75+K83 -> 6037.1405 | L85: =L75+L83 -> 4715.139 | ... AR85: =AR75+AR83 -> 386225.37 | AT85: =AT75+AT83 -> 95837.784 | AU85: =AU75+AU83 -> 96131.423 | AV85: =AV75+AV83 -> 96333.987 | AW85: =AW75+AW83 -> 96271.122 | AX85: =AX75+AX83 -> 384574.32 | AZ85: =SUM(E85:N85) -> 49015.412 | BA85: =SUM(O85:Y85) -> 145825.77 | BB85: =SUM(Z85:AJ85) -> 112490.43 | BC85: =SUM(AK85:AQ85) -> 78893.756 | BD85: =SUM(AZ85:BC85) -> 386225.37 | BF85: =SUM(E85:N85) -> 49015.412 | BG85: =SUM(Z85:AJ85) -> 112490.43 | BJ85: =SUM(O85:Y85) -> 145825.77 | BK85: =SUM(BF85:BJ85) -> 307331.61
A87: 40 | B87: EQUIPMENT AND PREMISES COMPONENT
B88: 4100 | C88: Expendable Equipment
C89: 4101 | D89: Field, lab and office consumables for NE coast intervention sites | E89: 0 | F89: 0 | G89: 440.66719 | H89: 1101.668 | I89: 0 | J89: 2203.336 | K89: 7491.3423 | L89: 0 | M89: 0 | N89: 7304.0587 | O89: 0 | P89: 9141.0025 | Q89: 3273.6244 | R89: 5043.1511 | S89: 11311.001 | T89: 2048.9257 | U89: 6188.6869 | V89: 9778.9634 | W89: 7264.3728 | X89: 2607.7236 | Y89: 11869.799 | Z89: 8187.2035 | AA89: 13103.881 | AB89: 6793.637 | AC89: 1045.1749 | AD89: 0 | AE89: 8100.1056 | AF89: 8661.8871 | AG89: 7316.2244 | AH89: 0 | AI89: 1045.1749 | AJ89: 6271.0495 | AK89: 0 | AL89: 0 | AM89: 0 | AN89: 16296.598 | AO89: 0 | AP89: 2910.1068 | AQ89: 0 | AR89: =SUM(E89:AQ89) -> 166799.36 | AT89: =$AR89/4 -> 41699.841 | AU89: =$AR89/4 -> 41699.841 | AV89: =$AR89/4 -> 41699.841 | AW89: =$AR89/4 -> 41699.841 | AX89: =SUM(AT89:AW89) -> 166799.36 | AZ89: =SUM(E89:N89) -> 18541.072 | BA89: =SUM(O89:Y89) -> 68527.25 | BB89: =SUM(Z89:AJ89) -> 60524.338 | BC89: =SUM(AK89:AQ89) -> 19206.705 | BD89: =SUM(AZ89:BC89) -> 166799.36 | BF89: =SUM(E89:N89) -> 18541.072 | BG89: =SUM(Z89:AJ89) -> 60524.338 | BJ89: =SUM(O89:Y89) -> 68527.25 | BK89: =SUM(BF89:BJ89) -> 147592.66
C90: 4102 | D90: Field, lab and office consumables for project management | E90: 0 | F90: 0 | G90: 0 | H90: 440.66719 | I90: 0 | J90: 0 | K90: 0 | L90: 0 | M90: 0 | N90: 555.24066 | O90: 0 | P90: 232.3668 | Q90: 239.35177 | R90: 232.3668 | S90: 704.08537 | T90: 0 | U90: 103.37761 | V90: 41.909843 | W90: 558.79791 | X90: 0 | Y90: 704.08537 | Z90: 0 | AA90: 96.67868 | AB90: 522.58746 | AC90: 0 | AD90: 0 | AE90: 39.194059 | AF90: 658.4602 | AG90: 0 | AH90: 0 | AI90: 0 | AJ90: 0 | AK90: 0 | AL90: 0 | AM90: 0 | AN90: 0 | AO90: 0 | AP90: 1164.0427 | AQ90: 0 | AR90: =SUM(E90:AQ90) -> 6293.2124 | AT90: =$AR90/4 -> 1573.3031 | AU90: =$AR90/4 -> 1573.3031 | AV90: =$AR90/4 -> 1573.3031 | AW90: =$AR90/4 -> 1573.3031 | AX90: =SUM(AT90:AW90) -> 6293.2124 | AZ90: =SUM(E90:N90) -> 995.90785 | BA90: =SUM(O90:Y90) -> 2816.3415 | BB90: =SUM(Z90:AJ90) -> 1316.9204 | BC90: =SUM(AK90:AQ90) -> 1164.0427 | BD90: =SUM(AZ90:BC90) -> 6293.2124 | BF90: =SUM(E90:N90) -> 995.90785 | BG90: =SUM(Z90:AJ90) -> 1316.9204 | BJ90: =SUM(O90:Y90) -> 2816.3415 | BK90: =SUM(BF90:BJ90) -> 5129.1697
C91: 4103 | D91: Field, lab and office consumables for training activities | E91: 0 | F91: 0 | G91: 0 | H91: 440.66719 | I91: 0 | J91: 0 | K91: 1101.668 | L91: 0 | M91: 0 | N91: 980.4845 | O91: 0 | P91: 1802.1233 | Q91: 433.06838 | R91: 870.79341 | S91: 1708.9903 | T91: 465.66493 | U91: 1550.6642 | V91: 419.09843 | W91: 670.55749 | X91: 0 | Y91: 1243.3254 | Z91: 1306.4686 | AA91: 1450.1802 | AB91: 627.10495 | AC91: 0 | AD91: 0 | AE91: 391.94059 | AF91: 1162.7571 | AG91: 0 | AH91: 0 | AI91: 0 | AJ91: 0 | AK91: 0 | AL91: 0 | AM91: 0 | AN91: 0 | AO91: 0 | AP91: 1164.0427 | AQ91: 0 | AR91: =SUM(E91:AQ91) -> 17789.6 | AT91: =$AR91/4 -> 4447.3999 | AU91: =$AR91/4 -> 4447.3999 | AV91: =$AR91/4 -> 4447.3999 | AW91: =$AR91/4 -> 4447.3999 | AX91: =SUM(AT91:AW91) -> 17789.6 | AZ91: =SUM(E91:N91) -> 2522.8197 | BA91: =SUM(O91:Y91) -> 9164.2857 | BB91: =SUM(Z91:AJ91) -> 4938.4515 | BC91: =SUM(AK91:AQ91) -> 1164.0427 | BD91: =SUM(AZ91:BC91) -> 17789.6 | BF91: =SUM(E91:N91) -> 2522.8197 | BG91: =SUM(Z91:AJ91) -> 4938.4515 | BJ91: =SUM(O91:Y91) -> 9164.2857 | BK91: =SUM(BF91:BJ91) -> 16625.557
C93: 4199 | D93: Sub-total | E93: =SUM(E89:E91) -> 0 | F93: =SUM(F89:F91) -> 0 | G93: =SUM(G89:G91) -> 440.66719 | H93: =SUM(H89:H91) -> 1983.0024 | I93: =SUM(I89:I91) -> 0 | J93: =SUM(J89:J91) -> 2203.336 | K93: =SUM(K89:K91) -> 8593.0102 | L93: =SUM(L89:L91) -> 0 | ... AR93: =SUM(AR89:AR91) -> 190882.18 | AT93: =SUM(AT89:AT91) -> 47720.544 | AU93: =SUM(AU89:AU91) -> 47720.544 | AV93: =SUM(AV89:AV91) -> 47720.544 | AW93: =SUM(AW89:AW91) -> 47720.544 | AX93: =SUM(AX89:AX91) -> 190882.18 | AZ93: =SUM(E93:N93) -> 22059.8 | BA93: =SUM(O93:Y93) -> 80507.878 | BB93: =SUM(Z93:AJ93) -> 66779.709 | BC93: =SUM(AK93:AQ93) -> 21534.79 | BD93: =SUM(AZ93:BC93) -> 190882.18 | BF93: =SUM(E93:N93) -> 22059.8 | BG93: =SUM(Z93:AJ93) -> 66779.709 | BJ93: =SUM(O93:Y93) -> 80507.878 | BK93: =SUM(BF93:BJ93) -> 169347.39
B95: 4200 | C95: Non-Expendable Equipment
C96: 4201 | D96: Non-expendable equipment for NE coast intervention sites | E96: 0 | F96: 0 | G96: 0 | H96: 0 | I96: 0 | J96: 0 | K96: 4406.6719 | L96: 0 | M96: 0 | N96: 8262.5099 | O96: 0 | P96: 8684.6509 | Q96: 4284.1173 | R96: 4959.3315 | S96: 12340.121 | T96: 1862.6597 | U96: 5587.9791 | V96: 4470.3833 | W96: 6007.0775 | X96: 0 | Y96: 10477.461 | Z96: 5225.8746 | AA96: 5225.8746 | AB96: 5617.8152 | AC96: 0 | AD96: 0 | AE96: 4180.6997 | AF96: 9798.5149 | AG96: 0 | AH96: 0 | AI96: 0 | AJ96: 0 | AK96: 0 | AL96: 0 | AM96: 0 | AN96: 0 | AO96: 0 | AP96: 0 | AQ96: 0 | AR96: =SUM(E96:AQ96) -> 101391.74 | AT96: =$AR96/4 -> 25347.935 | AU96: =$AR96/4 -> 25347.935 | AV96: =$AR96/4 -> 25347.935 | AW96: =$AR96/4 -> 25347.935 | AX96: =SUM(AT96:AW96) -> 101391.74 | AZ96: =SUM(E96:N96) -> 12669.182 | BA96: =SUM(O96:Y96) -> 58673.781 | BB96: =SUM(Z96:AJ96) -> 30048.779 | BC96: =SUM(AK96:AQ96) -> 0 | BD96: =SUM(AZ96:BC96) -> 101391.74 | BF96: =SUM(E96:N96) -> 12669.182 | BG96: =SUM(Z96:AJ96) -> 30048.779 | BJ96: =SUM(O96:Y96) -> 58673.781 | BK96: =SUM(BF96:BJ96) -> 101391.74
C97: 4202 | D97: Non-expendable equipment for project management | E97: 0 | F97: 0 | G97: 0 | H97: 440.66719 | I97: 0 | J97: 0 | K97: 0 | L97: 0 | M97: 0 | N97: 495.75059 | O97: 0 | P97: 209.54922 | Q97: 209.54922 | R97: 209.54922 | S97: 628.64765 | T97: 0 | U97: 0 | V97: 237.48911 | W97: 391.15854 | X97: 0 | Y97: 628.64765 | Z97: 0 | AA97: 0 | AB97: 365.81122 | AC97: 0 | AD97: 0 | AE97: 222.09967 | AF97: 587.91089 | AG97: 0 | AH97: 0 | AI97: 0 | AJ97: 0 | AK97: 0 | AL97: 0 | AM97: 0 | AN97: 0 | AO97: 0 | AP97: 1164.0427 | AQ97: 0 | AR97: =SUM(E97:AQ97) -> 5790.8729 | AT97: =$AR97/4 -> 1447.7182 | AU97: =$AR97/4 -> 1447.7182 | AV97: =$AR97/4 -> 1447.7182 | AW97: =$AR97/4 -> 1447.7182 | AX97: =SUM(AT97:AW97) -> 5790.8729 | AZ97: =SUM(E97:N97) -> 936.41778 | BA97: =SUM(O97:Y97) -> 2514.5906 | BB97: =SUM(Z97:AJ97) -> 1175.8218 | BC97: =SUM(AK97:AQ97) -> 1164.0427 | BD97: =SUM(AZ97:BC97) -> 5790.8729 | BF97: =SUM(E97:N97) -> 936.41778 | BG97: =SUM(Z97:AJ97) -> 1175.8218 | BJ97: =SUM(O97:Y97) -> 2514.5906 | BK97: =SUM(BF97:BJ97) -> 4626.8302
C98: 4203 | D98: Non-expendable equipment for training activities | E98: 0 | F98: 0 | G98: 0 | H98: 661.00079 | I98: 0 | J98: 0 | K98: 661.00079 | L98: 0 | M98: 0 | N98: 705.06751 | O98: 0 | P98: 1136.2224 | Q98: 298.02555 | R98: 577.42451 | S98: 1173.4756 | T98: 279.39896 | U98: 838.19687 | V98: 307.33885 | W98: 586.73781 | X98: 0 | Y98: 894.07666 | Z98: 783.88119 | AA98: 783.88119 | AB98: 548.71683 | AC98: 0 | AD98: 0 | AE98: 287.4231 | AF98: 836.13993 | AG98: 0 | AH98: 0 | AI98: 0 | AJ98: 0 | AK98: 0 | AL98: 0 | AM98: 0 | AN98: 0 | AO98: 0 | AP98: 1746.0641 | AQ98: 0 | AR98: =SUM(E98:AQ98) -> 13104.073 | AT98: =$AR98/4 -> 3276.0182 | AU98: =$AR98/4 -> 3276.0182 | AV98: =$AR98/4 -> 3276.0182 | AW98: =$AR98/4 -> 3276.0182 | AX98: =SUM(AT98:AW98) -> 13104.073 | AZ98: =SUM(E98:N98) -> 2027.0691 | BA98: =SUM(O98:Y98) -> 6090.8972 | BB98: =SUM(Z98:AJ98) -> 3240.0422 | BC98: =SUM(AK98:AQ98) -> 1746.0641 | BD98: =SUM(AZ98:BC98) -> 13104.073 | BF98: =SUM(E98:N98) -> 2027.0691 | BG98: =SUM(Z98:AJ98) -> 3240.0422 | BJ98: =SUM(O98:Y98) -> 6090.8972 | BK98: =SUM(BF98:BJ98) -> 11358.009
C99: 4204 | D99: Nursery and planting materials | E99: 0 | F99: 0 | G99: 0 | H99: 0 | I99: 0 | J99: 0 | K99: 0 | L99: 0 | M99: 0 | N99: 3305.0039 | O99: 0 | P99: 1396.9948 | Q99: 1396.9948 | R99: 1396.9948 | S99: 4190.9843 | T99: 0 | U99: 0 | V99: 1396.9948 | W99: 2793.9896 | X99: 0 | Y99: 4190.9843 | Z99: 0 | AA99: 0 | AB99: 2612.9373 | AC99: 0 | AD99: 0 | AE99: 1306.4686 | AF99: 3919.4059 | AG99: 0 | AH99: 0 | AI99: 0 | AJ99: 0 | AK99: 0 | AL99: 0 | AM99: 0 | AN99: 0 | AO99: 0 | AP99: 0 | AQ99: 0 | AR99: =SUM(E99:AQ99) -> 27907.753 | AT99: =$AR99/4 -> 6976.9383 | AU99: =$AR99/4 -> 6976.9383 | AV99: =$AR99/4 -> 6976.9383 | AW99: =$AR99/4 -> 6976.9383 | AX99: =SUM(AT99:AW99) -> 27907.753 | AZ99: =SUM(E99:N99) -> 3305.0039 | BA99: =SUM(O99:Y99) -> 16763.937 | BB99: =SUM(Z99:AJ99) -> 7838.8119 | BC99: =SUM(AK99:AQ99) -> 0 | BD99: =SUM(AZ99:BC99) -> 27907.753 | BF99: =SUM(E99:N99) -> 3305.0039 | BG99: =SUM(Z99:AJ99) -> 7838.8119 | BJ99: =SUM(O99:Y99) -> 16763.937 | BK99: =SUM(BF99:BJ99) -> 27907.753
C101: 4299 | D101: Sub-total | E101: =SUM(E96:E99) -> 0 | F101: =SUM(F96:F99) -> 0 | G101: =SUM(G96:G99) -> 0 | H101: =SUM(H96:H99) -> 1101.668 | I101: =SUM(I96:I99) -> 0 | J101: =SUM(J96:J99) -> 0 | K101: =SUM(K96:K99) -> 5067.6727 | L101: =SUM(L96:L99) -> 0 | ... AR101: =SUM(AR96:AR99) -> 148194.44 | AT101: =SUM(AT96:AT99) -> 37048.61 | AU101: =SUM(AU96:AU99) -> 37048.61 | AV101: =SUM(AV96:AV99) -> 37048.61 | AW101: =SUM(AW96:AW99) -> 37048.61 | AX101: =SUM(AX96:AX99) -> 148194.44 | AZ101: =SUM(E101:N101) -> 18937.673 | BA101: =SUM(O101:Y101) -> 84043.206 | BB101: =SUM(Z101:AJ101) -> 42303.455 | BC101: =SUM(AK101:AQ101) -> 2910.1068 | BD101: =SUM(AZ101:BC101) -> 148194.44 | BF101: =SUM(E101:N101) -> 18937.673 | BG101: =SUM(Z101:AJ101) -> 42303.455 | BJ101: =SUM(O101:Y101) -> 84043.206 | BK101: =SUM(BF101:BJ101) -> 145284.33
B103: 4300 | C103: Premises Rent
C104: 4301 | D104: Use of office facilities | E104: 0 | F104: 0 | G104: 0 | H104: 0 | I104: 0 | J104: 0 | K104: 0 | L104: 0 | M104: 0 | N104: 0 | O104: 0 | P104: 0 | Q104: 0 | R104: 0 | S104: 0 | T104: 0 | U104: 0 | V104: 0 | W104: 0 | X104: 0 | Y104: 0 | Z104: 0 | AA104: 0 | AB104: 0 | AC104: 0 | AD104: 0 | AE104: 0 | AF104: 0 | AG104: 0 | AH104: 0 | AI104: 0 | AJ104: 0 | AK104: 0 | AL104: 0 | AM104: 0 | AN104: 0 | AO104: 0 | AP104: 0 | AQ104: 0 | AR104: =SUM(E104:AQ104) -> 0 | AT104: =$AR104/4 -> 0 | AU104: =$AR104/4 -> 0 | AV104: =$AR104/4 -> 0 | AW104: =$AR104/4 -> 0 | AX104: =SUM(AT104:AW104) -> 0 | AZ104: =SUM(E104:N104) -> 0 | BA104: =SUM(O104:Y104) -> 0 | BB104: =SUM(Z104:AJ104) -> 0 | BC104: =SUM(AK104:AQ104) -> 0 | BD104: =SUM(AZ104:BC104) -> 0 | BF104: =SUM(E104:N104) -> 0 | BG104: =SUM(Z104:AJ104) -> 0 | BJ104: =SUM(O104:Y104) -> 0 | BK104: =SUM(BF104:BJ104) -> 0
C105: 4302 | D105: Use of laboratory facilities and herbarium | E105: 0 | F105: 0 | G105: 0 | H105: 0 | I105: 0 | J105: 0 | K105: 0 | L105: 0 | M105: 0 | N105: 2203.336 | O105: 0 | P105: 931.32985 | Q105: 931.32985 | R105: 931.32985 | S105: 2793.9896 | T105: 0 | U105: 0 | V105: 279.39896 | W105: 2514.5906 | X105: 0 | Y105: 2793.9896 | Z105: 0 | AA105: 0 | AB105: 2351.6436 | AC105: 0 | AD105: 0 | AE105: 261.29373 | AF105: 2612.9373 | AG105: 0 | AH105: 0 | AI105: 0 | AJ105: 0 | AK105: 0 | AL105: 0 | AM105: 0 | AN105: 0 | AO105: 0 | AP105: 0 | AQ105: 0 | AR105: =SUM(E105:AQ105) -> 18605.169 | AT105: =$AR105/4 -> 4651.2922 | AU105: =$AR105/4 -> 4651.2922 | AV105: =$AR105/4 -> 4651.2922 | AW105: =$AR105/4 -> 4651.2922 | AX105: =SUM(AT105:AW105) -> 18605.169 | AZ105: =SUM(E105:N105) -> 2203.336 | BA105: =SUM(O105:Y105) -> 11175.958 | BB105: =SUM(Z105:AJ105) -> 5225.8746 | BC105: =SUM(AK105:AQ105) -> 0 | BD105: =SUM(AZ105:BC105) -> 18605.169 | BF105: =SUM(E105:N105) -> 2203.336 | BG105: =SUM(Z105:AJ105) -> 5225.8746 | BJ105: =SUM(O105:Y105) -> 11175.958 | BK105: =SUM(BF105:BJ105) -> 18605.169
C106: 4303 | D106: Use of IT and GIS facilities | E106: 0 | F106: 0 | G106: 0 | H106: 1101.668 | I106: 0 | J106: 0 | K106: 0 | L106: 0 | M106: 0 | N106: 1013.5345 | O106: 0 | P106: 428.41173 | Q106: 428.41173 | R106: 428.41173 | S106: 1285.2352 | T106: 0 | U106: 0 | V106: 782.31707 | W106: 502.91812 | X106: 0 | Y106: 1285.2352 | Z106: 0 | AA106: 0 | AB106: 470.32871 | AC106: 0 | AD106: 0 | AE106: 731.62244 | AF106: 1201.9512 | AG106: 0 | AH106: 0 | AI106: 0 | AJ106: 0 | AK106: 0 | AL106: 0 | AM106: 0 | AN106: 0 | AO106: 0 | AP106: 2910.1068 | AQ106: 0 | AR106: =SUM(E106:AQ106) -> 12570.152 | AT106: =$AR106/4 -> 3142.5381 | AU106: =$AR106/4 -> 3142.5381 | AV106: =$AR106/4 -> 3142.5381 | AW106: =$AR106/4 -> 3142.5381 | AX106: =SUM(AT106:AW106) -> 12570.152 | AZ106: =SUM(E106:N106) -> 2115.2025 | BA106: =SUM(O106:Y106) -> 5140.9408 | BB106: =SUM(Z106:AJ106) -> 2403.9023 | BC106: =SUM(AK106:AQ106) -> 2910.1068 | BD106: =SUM(AZ106:BC106) -> 12570.152 | BF106: =SUM(E106:N106) -> 2115.2025 | BG106: =SUM(Z106:AJ106) -> 2403.9023 | BJ106: =SUM(O106:Y106) -> 5140.9408 | BK106: =SUM(BF106:BJ106) -> 9660.0456
C108: 4399 | D108: Sub-total | E108: =SUM(E104:E106) -> 0 | F108: =SUM(F104:F106) -> 0 | G108: =SUM(G104:G106) -> 0 | H108: =SUM(H104:H106) -> 1101.668 | I108: =SUM(I104:I106) -> 0 | J108: =SUM(J104:J106) -> 0 | K108: =SUM(K104:K106) -> 0 | L108: =SUM(L104:L106) -> 0 | ... AR108: =SUM(AR104:AR106) -> 31175.321 | AT108: =SUM(AT104:AT106) -> 7793.8303 | AU108: =SUM(AU104:AU106) -> 7793.8303 | AV108: =SUM(AV104:AV106) -> 7793.8303 | AW108: =SUM(AW104:AW106) -> 7793.8303 | AX108: =SUM(AX104:AX106) -> 31175.321 | AZ108: =SUM(E108:N108) -> 4318.5385 | BA108: =SUM(O108:Y108) -> 16316.899 | BB108: =SUM(Z108:AJ108) -> 7629.7769 | BC108: =SUM(AK108:AQ108) -> 2910.1068 | BD108: =SUM(AZ108:BC108) -> 31175.321 | BF108: =SUM(E108:N108) -> 4318.5385 | BG108: =SUM(Z108:AJ108) -> 7629.7769 | BJ108: =SUM(O108:Y108) -> 16316.899 | BK108: =SUM(BF108:BJ108) -> 28265.214
B110: 4999 | C110: Component Total | E110: =E93+E101+E108 -> 0 | F110: =F93+F101+F108 -> 0 | G110: =G93+G101+G108 -> 440.66719 | H110: =H93+H101+H108 -> 4186.3383 | I110: =I93+I101+I108 -> 0 | J110: =J93+J101+J108 -> 2203.336 | K110: =K93+K101+K108 -> 13660.683 | L110: =L93+L101+L108 -> 0 | ... AR110: =AR93+AR101+AR108 -> 370251.94 | AT110: =AT93+AT101+AT108 -> 92562.984 | AU110: =AU93+AU101+AU108 -> 92562.984 | AV110: =AV93+AV101+AV108 -> 92562.984 | AW110: =AW93+AW101+AW108 -> 92562.984 | AX110: =AX93+AX101+AX108 -> 370251.94 | AZ110: =SUM(E110:N110) -> 45316.011 | BA110: =SUM(O110:Y110) -> 180867.98 | BB110: =SUM(Z110:AJ110) -> 116712.94 | BC110: =SUM(AK110:AQ110) -> 27355.004 | BD110: =SUM(AZ110:BC110) -> 370251.94 | BF110: =SUM(E110:N110) -> 45316.011 | BG110: =SUM(Z110:AJ110) -> 116712.94 | BJ110: =SUM(O110:Y110) -> 180867.98 | BK110: =SUM(BF110:BJ110) -> 342896.93
A112: 50 | B112: MISCELLANEOUS COMPONENT
B113: 5100 | C113: Operation and Maintenance of Equipment
C114: 5101 | D114: Operation and maintenance costs of field equipment and tools | E114: =0.1*SUM(E93,E101) -> 0 | F114: =0.1*SUM(F93,F101) -> 0 | G114: =0.1*SUM(G93,G101) -> 44.066719 | H114: =0.1*SUM(H93,H101) -> 308.46703 | I114: =0.1*SUM(I93,I101) -> 0 | J114: =0.1*SUM(J93,J101) -> 220.3336 | K114: =0.1*SUM(K93,K101) -> 1366.0683 | L114: =0.1*SUM(L93,L101) -> 0 | ... AQ114: =0.1*SUM(AQ93,AQ101) -> 0 | AR114: =SUM(E114:AQ114) -> 33907.662 | AT114: =$AR114/4 -> 8476.9154 | AU114: =$AR114/4 -> 8476.9154 | AV114: =$AR114/4 -> 8476.9154 | AW114: =$AR114/4 -> 8476.9154 | AX114: =SUM(AT114:AW114) -> 33907.662 | AZ114: =SUM(E114:N114) -> 4099.7472 | BA114: =SUM(O114:Y114) -> 16455.108 | BB114: =SUM(Z114:AJ114) -> 10908.316 | BC114: =SUM(AK114:AQ114) -> 2444.4897 | BD114: =SUM(AZ114:BC114) -> 33907.662 | BF114: =SUM(E114:N114) -> 4099.7472 | BG114: =SUM(Z114:AJ114) -> 10908.316 | BJ114: =SUM(O114:Y114) -> 16455.108 | BK114: =SUM(BF114:BJ114) -> 31463.172
C115: 5102 | D115: Operation and maintenance of national project management, IT and GIS equipment | E115: =0.1*E106 -> 0 | F115: =0.1*F106 -> 0 | G115: =0.1*G106 -> 0 | H115: =0.1*H106 -> 110.1668 | I115: =0.1*I106 -> 0 | J115: =0.1*J106 -> 0 | K115: =0.1*K106 -> 0 | L115: =0.1*L106 -> 0 | ... AQ115: =0.1*AQ106 -> 0 | AR115: =SUM(E115:AQ115) -> 1257.0152 | AT115: =$AR115/4 -> 314.25381 | AU115: =$AR115/4 -> 314.25381 | AV115: =$AR115/4 -> 314.25381 | AW115: =$AR115/4 -> 314.25381 | AX115: =SUM(AT115:AW115) -> 1257.0152 | AZ115: =SUM(E115:N115) -> 211.52025 | BA115: =SUM(O115:Y115) -> 514.09408 | BB115: =SUM(Z115:AJ115) -> 240.39023 | BC115: =SUM(AK115:AQ115) -> 291.01068 | BD115: =SUM(AZ115:BC115) -> 1257.0152 | BF115: =SUM(E115:N115) -> 211.52025 | BG115: =SUM(Z115:AJ115) -> 240.39023 | BJ115: =SUM(O115:Y115) -> 514.09408 | BK115: =SUM(BF115:BJ115) -> 966.00456
C116: 5103 | D116: Operation and maintenance costs of vehicles | E116: =0.1*E40 -> 0 | F116: =0.1*F40 -> 99.150118 | G116: =0.1*G40 -> 121.18348 | H116: =0.1*H40 -> 154.23352 | I116: =0.1*I40 -> 0 | J116: =0.1*J40 -> 22.03336 | K116: =0.1*K40 -> 154.23352 | L116: =0.1*L40 -> 110.1668 | ... AQ116: =0.1*AQ40 -> 0 | AR116: =SUM(E116:AQ116) -> 22751.857 | AT116: =$AR116/4 -> 5687.9642 | AU116: =$AR116/4 -> 5687.9642 | AV116: =$AR116/4 -> 5687.9642 | AW116: =$AR116/4 -> 5687.9642 | AX116: =SUM(AT116:AW116) -> 22751.857 | AZ116: =SUM(E116:N116) -> 2756.3733 | BA116: =SUM(O116:Y116) -> 11587.606 | BB116: =SUM(Z116:AJ116) -> 6345.9537 | BC116: =SUM(AK116:AQ116) -> 2061.9237 | BD116: =SUM(AZ116:BC116) -> 22751.857 | BF116: =SUM(E116:N116) -> 2756.3733 | BG116: =SUM(Z116:AJ116) -> 6345.9537 | BJ116: =SUM(O116:Y116) -> 11587.606 | BK116: =SUM(BF116:BJ116) -> 20689.933
C118: 5199 | D118: Sub-total | E118: =SUM(E114:E116) -> 0 | F118: =SUM(F114:F116) -> 99.150118 | G118: =SUM(G114:G116) -> 165.2502 | H118: =SUM(H114:H116) -> 572.86735 | I118: =SUM(I114:I116) -> 0 | J118: =SUM(J114:J116) -> 242.36696 | K118: =SUM(K114:K116) -> 1520.3018 | L118: =SUM(L114:L116) -> 110.1668 | ... AR118: =SUM(AR114:AR116) -> 57916.534 | AT118: =SUM(AT114:AT116) -> 14479.133 | AU118: =SUM(AU114:AU116) -> 14479.133 | AV118: =SUM(AV114:AV116) -> 14479.133 | AW118: =SUM(AW114:AW116) -> 14479.133 | AX118: =SUM(AX114:AX116) -> 57916.534 | AZ118: =SUM(E118:N118) -> 7067.6408 | BA118: =SUM(O118:Y118) -> 28556.808 | BB118: =SUM(Z118:AJ118) -> 17494.66 | BC118: =SUM(AK118:AQ118) -> 4797.424 | BD118: =SUM(AZ118:BC118) -> 57916.534 | BF118: =SUM(E118:N118) -> 7067.6408 | BG118: =SUM(Z118:AJ118) -> 17494.66 | BJ118: =SUM(O118:Y118) -> 28556.808 | BK118: =SUM(BF118:BJ118) -> 53119.11
B120: 5200 | C120: Reporting Costs
C121: 5201 | D121: Project auditing | E121: 0 | F121: 0 | G121: 0 | H121: 0 | I121: 0 | J121: 0 | K121: 0 | L121: 0 | M121: 0 | N121: 0 | O121: 0 | P121: 0 | Q121: 0 | R121: 0 | S121: 0 | T121: 0 | U121: 0 | V121: 0 | W121: 0 | X121: 0 | Y121: 0 | Z121: 0 | AA121: 0 | AB121: 0 | AC121: 0 | AD121: 0 | AE121: 0 | AF121: 0 | AG121: 0 | AH121: 0 | AI121: 0 | AJ121: 0 | AK121: 0 | AL121: 0 | AM121: 0 | AN121: 0 | AO121: 0 | AP121: 0 | AQ121: 0 | AR121: =SUM(E121:AQ121) -> 0 | AT121: =$AR121/4 -> 0 | AU121: =$AR121/4 -> 0 | AV121: =$AR121/4 -> 0 | AW121: =$AR121/4 -> 0 | AX121: =SUM(AT121:AW121) -> 0 | AZ121: =SUM(E121:N121) -> 0 | BA121: =SUM(O121:Y121) -> 0 | BB121: =SUM(Z121:AJ121) -> 0 | BC121: =SUM(AK121:AQ121) -> 0 | BD121: =SUM(AZ121:BC121) -> 0 | BF121: =SUM(E121:N121) -> 0 | BG121: =SUM(Z121:AJ121) -> 0 | BJ121: =SUM(O121:Y121) -> 0 | BK121: =SUM(BF121:BJ121) -> 0
C122: 5202 | D122: Production of awareness-raising materials, including mascots | E122: 0 | F122: 0 | G122: 0 | H122: 661.00079 | I122: 0 | J122: 1983.0024 | K122: 0 | L122: 0 | M122: 0 | N122: 2423.6696 | O122: 2793.9896 | P122: 6333.043 | Q122: 1024.4628 | R122: 2793.9896 | S122: 4842.9152 | T122: 1769.5267 | U122: 5587.9791 | V122: 279.39896 | W122: 2514.5906 | X122: 0 | Y122: 3073.3885 | Z122: 4964.5809 | AA122: 5225.8746 | AB122: 2351.6436 | AC122: 0 | AD122: 0 | AE122: 261.29373 | AF122: 2874.231 | AG122: 0 | AH122: 0 | AI122: 0 | AJ122: 0 | AK122: 0 | AL122: 0 | AM122: 0 | AN122: 0 | AO122: 0 | AP122: 1746.0641 | AQ122: 0 | AR122: =SUM(E122:AQ122) -> 53504.645 | AT122: =$AR122/4 -> 13376.161 | AU122: =$AR122/4 -> 13376.161 | AV122: =$AR122/4 -> 13376.161 | AW122: =$AR122/4 -> 13376.161 | AX122: =SUM(AT122:AW122) -> 53504.645 | AZ122: =SUM(E122:N122) -> 5067.6727 | BA122: =SUM(O122:Y122) -> 31013.284 | BB122: =SUM(Z122:AJ122) -> 15677.624 | BC122: =SUM(AK122:AQ122) -> 1746.0641 | BD122: =SUM(AZ122:BC122) -> 53504.645 | BF122: =SUM(E122:N122) -> 5067.6727 | BG122: =SUM(Z122:AJ122) -> 15677.624 | BJ122: =SUM(O122:Y122) -> 31013.284 | BK122: =SUM(BF122:BJ122) -> 51758.58
C123: 5203 | D123: Broadcasting and dissemination of awarenss-rainsing materials | E123: 0 | F123: 0 | G123: 0 | H123: 661.00079 | I123: 0 | J123: 1322.0016 | K123: 0 | L123: 0 | M123: 0 | N123: 3260.9372 | O123: 2235.1916 | P123: 5289.9535 | Q123: 1378.3682 | R123: 2682.23 | S123: 5438.9663 | T123: 1303.8618 | U123: 4638.0227 | V123: 558.79791 | W123: 2849.8693 | X123: 0 | Y123: 4135.1045 | Z123: 3658.1122 | AA123: 4337.4759 | AB123: 2665.196 | AC123: 0 | AD123: 0 | AE123: 522.58746 | AF123: 3867.1472 | AG123: 0 | AH123: 0 | AI123: 0 | AJ123: 0 | AK123: 0 | AL123: 0 | AM123: 0 | AN123: 0 | AO123: 0 | AP123: 1746.0641 | AQ123: 0 | AR123: =SUM(E123:AQ123) -> 52550.888 | AT123: =$AR123/4 -> 13137.722 | AU123: =$AR123/4 -> 13137.722 | AV123: =$AR123/4 -> 13137.722 | AW123: =$AR123/4 -> 13137.722 | AX123: =SUM(AT123:AW123) -> 52550.888 | AZ123: =SUM(E123:N123) -> 5243.9396 | BA123: =SUM(O123:Y123) -> 30510.366 | BB123: =SUM(Z123:AJ123) -> 15050.519 | BC123: =SUM(AK123:AQ123) -> 1746.0641 | BD123: =SUM(AZ123:BC123) -> 52550.888 | BF123: =SUM(E123:N123) -> 5243.9396 | BG123: =SUM(Z123:AJ123) -> 15050.519 | BJ123: =SUM(O123:Y123) -> 30510.366 | BK123: =SUM(BF123:BJ123) -> 50804.824
C124: 5204 | D124: Regional and international knowledge exchange | E124: 0 | F124: 0 | G124: 0 | H124: 0 | I124: 0 | J124: 0 | K124: 0 | L124: 0 | M124: 0 | N124: 991.50118 | O124: 0 | P124: 419.09843 | Q124: 419.09843 | R124: 419.09843 | S124: 1257.2953 | T124: 0 | U124: 838.19687 | V124: 0 | W124: 419.09843 | X124: 0 | Y124: 1257.2953 | Z124: 0 | AA124: 783.88119 | AB124: 391.94059 | AC124: 0 | AD124: 0 | AE124: 0 | AF124: 1175.8218 | AG124: 0 | AH124: 0 | AI124: 0 | AJ124: 0 | AK124: 0 | AL124: 0 | AM124: 0 | AN124: 0 | AO124: 0 | AP124: 0 | AQ124: 0 | AR124: =SUM(E124:AQ124) -> 8372.3259 | AT124: =$AR124/4 -> 2093.0815 | AU124: =$AR124/4 -> 2093.0815 | AV124: =$AR124/4 -> 2093.0815 | AW124: =$AR124/4 -> 2093.0815 | AX124: =SUM(AT124:AW124) -> 8372.3259 | AZ124: =SUM(E124:N124) -> 991.50118 | BA124: =SUM(O124:Y124) -> 5029.1812 | BB124: =SUM(Z124:AJ124) -> 2351.6436 | BC124: =SUM(AK124:AQ124) -> 0 | BD124: =SUM(AZ124:BC124) -> 8372.3259 | BF124: =SUM(E124:N124) -> 991.50118 | BG124: =SUM(Z124:AJ124) -> 2351.6436 | BJ124: =SUM(O124:Y124) -> 5029.1812 | BK124: =SUM(BF124:BJ124) -> 8372.3259
C125: 5205 | D125: Reporting to facilitate external communication and information exchange | E125: 33.050039 | F125: 0 | G125: 0 | H125: 0 | I125: 0 | J125: 0 | K125: 0 | L125: 0 | M125: 0 | N125: 517.78395 | O125: 0 | P125: 246.80241 | Q125: 204.89257 | R125: 204.89257 | S125: 656.58754 | T125: 0 | U125: 279.39896 | V125: 0 | W125: 377.18859 | X125: 0 | Y125: 656.58754 | Z125: 0 | AA125: 261.29373 | AB125: 352.74653 | AC125: 0 | AD125: 0 | AE125: 0 | AF125: 614.04026 | AG125: 0 | AH125: 0 | AI125: 0 | AJ125: 0 | AK125: 0 | AL125: 0 | AM125: 0 | AN125: 0 | AO125: 0 | AP125: 0 | AQ125: 0 | AR125: =SUM(E125:AQ125) -> 4405.2647 | AT125: =$AR125/4 -> 1101.3162 | AU125: =$AR125/4 -> 1101.3162 | AV125: =$AR125/4 -> 1101.3162 | AW125: =$AR125/4 -> 1101.3162 | AX125: =SUM(AT125:AW125) -> 4405.2647 | AZ125: =SUM(E125:N125) -> 550.83399 | BA125: =SUM(O125:Y125) -> 2626.3502 | BB125: =SUM(Z125:AJ125) -> 1228.0805 | BC125: =SUM(AK125:AQ125) -> 0 | BD125: =SUM(AZ125:BC125) -> 4405.2647 | BF125: =SUM(E125:N125) -> 550.83399 | BG125: =SUM(Z125:AJ125) -> 1228.0805 | BJ125: =SUM(O125:Y125) -> 2626.3502 | BK125: =SUM(BF125:BJ125) -> 4405.2647
C126: 5206 | D126: Production of NE Coast interpretation materials | E126: 0 | F126: 0 | G126: 0 | H126: 0 | I126: 0 | J126: 0 | K126: 440.66719 | L126: 0 | M126: 0 | N126: 2181.3026 | O126: 0 | P126: 922.01655 | Q126: 922.01655 | R126: 922.01655 | S126: 2766.0497 | T126: 0 | U126: 1173.4756 | V126: 866.13676 | W126: 1285.2352 | X126: 186.26597 | Y126: 2952.3156 | Z126: 174.19582 | AA126: 1620.0211 | AB126: 1201.9512 | AC126: 0 | AD126: 0 | AE126: 810.01056 | AF126: 2586.8079 | AG126: 522.58746 | AH126: 0 | AI126: 0 | AJ126: 522.58746 | AK126: 0 | AL126: 0 | AM126: 0 | AN126: 1164.0427 | AO126: 0 | AP126: 0 | AQ126: 0 | AR126: =SUM(E126:AQ126) -> 23219.702 | AT126: =$AR126/4 -> 5804.9256 | AU126: =$AR126/4 -> 5804.9256 | AV126: =$AR126/4 -> 5804.9256 | AW126: =$AR126/4 -> 5804.9256 | AX126: =SUM(AT126:AW126) -> 23219.702 | AZ126: =SUM(E126:N126) -> 2621.9698 | BA126: =SUM(O126:Y126) -> 11995.528 | BB126: =SUM(Z126:AJ126) -> 7438.1615 | BC126: =SUM(AK126:AQ126) -> 1164.0427 | BD126: =SUM(AZ126:BC126) -> 23219.702 | BF126: =SUM(E126:N126) -> 2621.9698 | BG126: =SUM(Z126:AJ126) -> 7438.1615 | BJ126: =SUM(O126:Y126) -> 11995.528 | BK126: =SUM(BF126:BJ126) -> 22055.66
C128: 5299 | D128: Sub-total | E128: =SUM(E121:E126) -> 33.050039 | F128: =SUM(F121:F126) -> 0 | G128: =SUM(G121:G126) -> 0 | H128: =SUM(H121:H126) -> 1322.0016 | I128: =SUM(I121:I126) -> 0 | J128: =SUM(J121:J126) -> 3305.0039 | K128: =SUM(K121:K126) -> 440.66719 | L128: =SUM(L121:L126) -> 0 | ... AR128: =SUM(AR121:AR126) -> 142052.83 | AT128: =SUM(AT121:AT126) -> 35513.207 | AU128: =SUM(AU121:AU126) -> 35513.207 | AV128: =SUM(AV121:AV126) -> 35513.207 | AW128: =SUM(AW121:AW126) -> 35513.207 | AX128: =SUM(AX121:AX126) -> 142052.83 | AZ128: =SUM(E128:N128) -> 14475.917 | BA128: =SUM(O128:Y128) -> 81174.71 | BB128: =SUM(Z128:AJ128) -> 41746.028 | BC128: =SUM(AK128:AQ128) -> 4656.1709 | BD128: =SUM(AZ128:BC128) -> 142052.83 | BF128: =SUM(E128:N128) -> 14475.917 | BG128: =SUM(Z128:AJ128) -> 41746.028 | BJ128: =SUM(O128:Y128) -> 81174.71 | BK128: =SUM(BF128:BJ128) -> 137396.66
B130: 5300 | C130: Sundry
C131: 5301 | D131: Telecommunication and website | E131: 0 | F131: 0 | G131: 0 | H131: 0 | I131: 0 | J131: 0 | K131: 220.3336 | L131: 0 | M131: 0 | N131: 645.57744 | O131: 279.39896 | P131: 552.2786 | Q131: 272.87965 | R131: 366.01263 | S131: 911.77192 | T131: 93.132985 | U131: 321.3088 | V131: 83.819687 | W131: 692.90941 | X131: 0 | Y131: 818.63894 | Z131: 261.29373 | AA131: 300.48779 | AB131: 648.00845 | AC131: 0 | AD131: 0 | AE131: 78.388119 | AF131: 765.59063 | AG131: 0 | AH131: 0 | AI131: 0 | AJ131: 0 | AK131: 0 | AL131: 0 | AM131: 0 | AN131: 0 | AO131: 0 | AP131: 582.02136 | AQ131: 0 | AR131: =SUM(E131:AQ131) -> 7893.8527 | AT131: =$AR131/4 -> 1973.4632 | AU131: =$AR131/4 -> 1973.4632 | AV131: =$AR131/4 -> 1973.4632 | AW131: =$AR131/4 -> 1973.4632 | AX131: =SUM(AT131:AW131) -> 7893.8527 | AZ131: =SUM(E131:N131) -> 865.91103 | BA131: =SUM(O131:Y131) -> 4392.1516 | BB131: =SUM(Z131:AJ131) -> 2053.7687 | BC131: =SUM(AK131:AQ131) -> 582.02136 | BD131: =SUM(AZ131:BC131) -> 7893.8527 | BF131: =SUM(E131:N131) -> 865.91103 | BG131: =SUM(Z131:AJ131) -> 2053.7687 | BJ131: =SUM(O131:Y131) -> 4392.1516 | BK131: =SUM(BF131:BJ131) -> 7311.8313
C132: 5302 | D132: Casual labour | E132: 0 | F132: 0 | G132: 0 | H132: 1322.0016 | I132: 0 | J132: 0 | K132: 440.66719 | L132: 0 | M132: 0 | N132: 12118.348 | O132: 0 | P132: 4936.0482 | Q132: 5494.8461 | R132: 4936.0482 | S132: 15366.943 | T132: 0 | U132: 0 | V132: 5587.9791 | W132: 10337.761 | X132: 186.26597 | Y132: 15553.208 | Z132: 174.19582 | AA132: 522.58746 | AB132: 9667.868 | AC132: 0 | AD132: 0 | AE132: 5225.8746 | AF132: 14371.155 | AG132: 522.58746 | AH132: 0 | AI132: 0 | AJ132: 522.58746 | AK132: 0 | AL132: 0 | AM132: 0 | AN132: 1164.0427 | AO132: 0 | AP132: 3492.1282 | AQ132: 0 | AR132: =SUM(E132:AQ132) -> 111943.14 | AT132: =$AR132/4 -> 27985.786 | AU132: =$AR132/4 -> 27985.786 | AV132: =$AR132/4 -> 27985.786 | AW132: =$AR132/4 -> 27985.786 | AX132: =SUM(AT132:AW132) -> 111943.14 | AZ132: =SUM(E132:N132) -> 13881.017 | BA132: =SUM(O132:Y132) -> 62399.1 | BB132: =SUM(Z132:AJ132) -> 31006.856 | BC132: =SUM(AK132:AQ132) -> 4656.1709 | BD132: =SUM(AZ132:BC132) -> 111943.14 | BF132: =SUM(E132:N132) -> 13881.017 | BG132: =SUM(Z132:AJ132) -> 31006.856 | BJ132: =SUM(O132:Y132) -> 62399.1 | BK132: =SUM(BF132:BJ132) -> 107286.97
C133: 5303 | D133: Business development | E133: 0 | F133: 0 | G133: 0 | H133: 0 | I133: 0 | J133: 1322.0016 | K133: 0 | L133: 440.66719 | M133: 0 | N133: 0 | O133: 0 | P133: 2235.1916 | Q133: 0 | R133: 745.06388 | S133: 745.06388 | T133: 745.06388 | U133: 2235.1916 | V133: 0 | W133: 0 | X133: 0 | Y133: 0 | Z133: 2090.3498 | AA133: 2090.3498 | AB133: 0 | AC133: 0 | AD133: 0 | AE133: 0 | AF133: 0 | AG133: 0 | AH133: 0 | AI133: 0 | AJ133: 0 | AK133: 0 | AL133: 0 | AM133: 0 | AN133: 0 | AO133: 0 | AP133: 0 | AQ133: 0 | AR133: =SUM(E133:AQ133) -> 12648.943 | AT133: =$AR133/4 -> 3162.2358 | AU133: =$AR133/4 -> 3162.2358 | AV133: =$AR133/4 -> 3162.2358 | AW133: =$AR133/4 -> 3162.2358 | AX133: =SUM(AT133:AW133) -> 12648.943 | AZ133: =SUM(E133:N133) -> 1762.6688 | BA133: =SUM(O133:Y133) -> 6705.5749 | BB133: =SUM(Z133:AJ133) -> 4180.6997 | BC133: =SUM(AK133:AQ133) -> 0 | BD133: =SUM(AZ133:BC133) -> 12648.943 | BF133: =SUM(E133:N133) -> 1762.6688 | BG133: =SUM(Z133:AJ133) -> 4180.6997 | BJ133: =SUM(O133:Y133) -> 6705.5749 | BK133: =SUM(BF133:BJ133) -> 12648.943
...

Sheet Appendix 2
B1: GF/
B2: BUDGET in UNEP Format - Government of St. Lucia co-finance Resources
D5: Breakdown by | E5: Activity | AU5: Year | BA5: Component
D6: Component | E6: 1 | O6: 2 | Z6: 3 | AS6: Total | AU6: Year 1 | AV6: Year 2 | AW6: Year 3 | AX6: Year 4 | AY6: Total | BA6: 1 | BB6: 2 | BC6: 3 | BD6: 4 | BE6: PMC | BF6: Total
D7: Activity | E7: ='GEF funding'!E7 -> 1.1.1.1 | F7: ='GEF funding'!F7 -> 1.1.1.2 | G7: ='GEF funding'!G7 -> 1.1.1.3 | H7: ='GEF funding'!H7 -> 1.1.2.1 | I7: ='GEF funding'!I7 -> 1.1.2.2 | J7: ='GEF funding'!J7 -> 1.1.2.3 | K7: ='GEF funding'!K7 -> 1.1.3.1 | L7: ='GEF funding'!L7 -> 1.1.3.2 | ... AQ7: ='GEF funding'!AQ7 -> 4.2.2.2 | AR7: PMC | AS7: US$ | AU7: US$ | AV7: US$ | AW7: US$ | AX7: US$ | AY7: US$ | BA7: US$ | BB7: US$ | BC7: US$ | BD7: US$ | BE7: US$
A8: 10 | B8: PROJECT PERSONNEL COMPONENT
B9: 1100 | C9: Project Personnel
C10: 1101 | D10: Full-time project coordiantor | E10: 0 | F10: 0 | G10: 0 | H10: 0 | I10: 0 | J10: 0 | K10: 0 | L10: 0 | M10: 0 | N10: 0 | O10: 0 | P10: 0 | Q10: 0 | R10: 0 | S10: 0 | T10: 0 | U10: 0 | V10: 0 | W10: 0 | X10: 0 | Y10: 0 | Z10: 0 | AA10: 0 | AB10: 0 | AC10: 0 | AD10: 0 | AE10: 0 | AF10: 0 | AG10: 0 | AH10: 0 | AI10: 0 | AJ10: 0 | AK10: 0 | AL10: 0 | AM10: 0 | AN10: 0 | AO10: 0 | AP10: 0 | AQ10: 0 | AR10: 0 | AS10: =SUM(E10:AQ10) -> 0 | AU10: =$AS10/3 -> 0 | AV10: =$AS10/3 -> 0 | AX10: =$AS10/3 -> 0 | AY10: =SUM(AU10:AX10) -> 0 | BA10: =SUM(E10:N10) -> 0 | BB10: =SUM(O10:Y10) -> 0 | BC10: =SUM(Z10:AJ10) -> 0 | BD10: =SUM(AK10:AQ10) -> 0 | BE10: 0 | BF10: =SUM(BA10:BD10) -> 0
C11: 1102 | D11: Part-time project director | E11: 0 | F11: 0 | G11: 0 | H11: 0 | I11: 0 | J11: 0 | K11: 0 | L11: 0 | M11: 0 | N11: 0 | O11: 0 | P11: 0 | Q11: 0 | R11: 0 | S11: 0 | T11: 0 | U11: 0 | V11: 0 | W11: 0 | X11: 0 | Y11: 0 | Z11: 0 | AA11: 0 | AB11: 0 | AC11: 0 | AD11: 0 | AE11: 0 | AF11: 0 | AG11: 0 | AH11: 0 | AI11: 0 | AJ11: 0 | AK11: 0 | AL11: 0 | AM11: 0 | AN11: 0 | AO11: 0 | AP11: 0 | AQ11: 0 | AR11: 232568.48 | AS11: =SUM(E11:AR11) -> 232568.48 | AU11: =$AS11/4 -> 58142.12 | AV11: =$AS11/4 -> 58142.12 | AW11: =$AS11/4 -> 58142.12 | AX11: =$AS11/4 -> 58142.12 | AY11: =SUM(AU11:AX11) -> 232568.48 | BA11: =SUM(E11:N11) -> 0 | BB11: =SUM(O11:Y11) -> 0 | BC11: =SUM(Z11:AJ11) -> 0 | BD11: =SUM(AK11:AQ11) -> 0 | BE11: 232568.48 | BF11: =SUM(BA11:BE11) -> 232568.48
C12: 1103 | D12: ='GEF funding'!D12 -> MSDEST: Forester, Wildlife biologist, Conservationist. BD Coordinator, Environmental Education | E12: 0 | F12: 9201.374 | G12: 5915.169 | H12: 5257.928 | I12: 3286.205 | J12: 1643.1025 | K12: 0 | L12: 7886.892 | M12: 0 | N12: 38004.371 | O12: 7659.8466 | P12: 24358.312 | Q12: 7251.3214 | R12: 12102.558 | S12: 25328.559 | T12: 6127.8773 | U12: 23030.605 | V12: 11234.442 | W12: 5617.2208 | X12: 340.43763 | Y12: 30264.905 | Z12: 3099.0488 | AA12: 8822.3986 | AB12: 2175.9279 | AC12: 395.62325 | AD12: 4154.0442 | AE12: 43086.864 | AF12: 7437.7172 | AG12: 395.62325 | AH12: 4154.0442 | AI12: 395.62325 | AJ12: 0 | AK12: 5385.858 | AL12: 5385.858 | AM12: 0 | AN12: 1253.8738 | AO12: 0 | AP12: 25077.475 | AQ12: 0 | AR12: 0 | AS12: =SUM(E12:AQ12) -> 335731.11 | AU12: =$AS12/4 -> 83932.776 | AV12: =$AS12/4 -> 83932.776 | AW12: =$AS12/4 -> 83932.776 | AX12: =$AS12/4 -> 83932.776 | AY12: =SUM(AU12:AX12) -> 335731.11 | BA12: =SUM(E12:N12) -> 71195.041 | BB12: =SUM(O12:Y12) -> 153316.08 | BC12: =SUM(Z12:AJ12) -> 74116.915 | BD12: =SUM(AK12:AQ12) -> 37103.065 | BE12: 0 | BF12: =SUM(BA12:BD12) -> 335731.11
C13: 1104 | D13: ='GEF funding'!D13 -> MAFF: Fisheries/marine biologist, vet & lifestock | E13: 0 | F13: 7229.651 | G13: 5257.928 | H13: 657.241 | I13: 1971.723 | J13: 23660.676 | K13: 7886.892 | L13: 1314.482 | M13: 0 | N13: 39171.171 | O13: 3063.9386 | P13: 16851.662 | Q13: 7659.8466 | R13: 10723.785 | S13: 27575.448 | T13: 4085.2515 | U13: 13277.067 | V13: 38043.905 | W13: 19915.601 | X13: 12170.645 | Y13: 41278.062 | Z13: 5901.3802 | AA13: 19484.445 | AB13: 7714.6535 | AC13: 3164.986 | AD13: 3066.0802 | AE13: 26929.29 | AF13: 8901.5232 | AG13: 14143.531 | AH13: 2373.7395 | AI13: 3164.986 | AJ13: 10286.205 | AK13: 2692.929 | AL13: 2692.929 | AM13: 2194.2791 | AN13: 44825.987 | AO13: 0 | AP13: 18808.106 | AQ13: 0 | AR13: 0 | AS13: =SUM(E13:AQ13) -> 458140.03 | AU13: =$AS13/4 -> 114535.01 | AV13: =$AS13/4 -> 114535.01 | AW13: =$AS13/4 -> 114535.01 | AX13: =$AS13/4 -> 114535.01 | AY13: =SUM(AU13:AX13) -> 458140.03 | BA13: =SUM(E13:N13) -> 87149.764 | BB13: =SUM(O13:Y13) -> 194645.21 | BC13: =SUM(Z13:AJ13) -> 105130.82 | BD13: =SUM(AK13:AQ13) -> 71214.231 | BE13: 0 | BF13: =SUM(BA13:BD13) -> 458140.03
C14: 1105 | D14: Landuse / physical planner | E14: 0 | F14: 12980.51 | G14: 2628.964 | H14: 1971.723 | I14: 2628.964 | J14: 0 | K14: 0 | L14: 2628.964 | M14: 5257.928 | N14: 5000.5751 | O14: 4595.9079 | P14: 9532.2535 | Q14: 340.43763 | R14: 3404.3763 | S14: 6893.8619 | T14: 4085.2515 | U14: 9191.8159 | V14: 0 | W14: 1021.3129 | X14: 0 | Y14: 5617.2208 | Z14: 1780.3046 | AA14: 4351.8558 | AB14: 395.62325 | AC14: 0 | AD14: 1780.3046 | AE14: 10771.716 | AF14: 395.62325 | AG14: 0 | AH14: 1780.3046 | AI14: 0 | AJ14: 0 | AK14: 0 | AL14: 0 | AM14: 0 | AN14: 0 | AO14: 0 | AP14: 35196.237 | AQ14: 0 | AR14: 0 | AS14: =SUM(E14:AQ14) -> 134232.03 | AU14: =$AS14/4 -> 33558.009 | AV14: =$AS14/4 -> 33558.009 | AW14: =$AS14/4 -> 33558.009 | AX14: =$AS14/4 -> 33558.009 | AY14: =SUM(AU14:AX14) -> 134232.03 | BA14: =SUM(E14:N14) -> 33097.628 | BB14: =SUM(O14:Y14) -> 44682.438 | BC14: =SUM(Z14:AJ14) -> 21255.732 | BD14: =SUM(AK14:AQ14) -> 35196.237 | BE14: 0 | BF14: =SUM(BA14:BD14) -> 134232.03
C15: 1106 | D15: Socioeconomist | E15: 3286.205 | F15: 6572.41 | G15: 3286.205 | H15: 1971.723 | I15: 1643.1025 | J15: 0 | K15: 0 | L15: 1314.482 | M15: 4929.3075 | N15: 6667.4334 | O15: 1531.9693 | P15: 14723.927 | Q15: 170.21881 | R15: 5872.549 | S15: 6212.9867 | T15: 3149.048 | U15: 13787.724 | V15: 510.65644 | W15: 2553.2822 | X15: 170.21881 | Y15: 9872.6911 | Z15: 2142.9593 | AA15: 5044.1965 | AB15: 989.05814 | AC15: 197.81163 | AD15: 2571.5512 | AE15: 10771.716 | AF15: 1186.8698 | AG15: 197.81163 | AH15: 2571.5512 | AI15: 197.81163 | AJ15: 0 | AK15: 3231.5148 | AL15: 2692.929 | AM15: 0 | AN15: 626.93688 | AO15: 0 | AP15: 9404.0532 | AQ15: 0 | AR15: 0 | AS15: =SUM(E15:AQ15) -> 130052.91 | AU15: =$AS15/4 -> 32513.228 | AV15: =$AS15/4 -> 32513.228 | AW15: =$AS15/4 -> 32513.228 | AX15: =$AS15/4 -> 32513.228 | AY15: =SUM(AU15:AX15) -> 130052.91 | BA15: =SUM(E15:N15) -> 29670.868 | BB15: =SUM(O15:Y15) -> 58555.272 | BC15: =SUM(Z15:AJ15) -> 25871.337 | BD15: =SUM(AK15:AQ15) -> 15955.434 | BE15: 0 | BF15: =SUM(BA15:BD15) -> 130052.91
C16: 1107 | D16: Tourism expert | E16: 3286.205 | F16: 5257.928 | G16: 3286.205 | H16: 1971.723 | I16: 1314.482 | J16: 0 | K16: 0 | L16: 1314.482 | M16: 0 | N16: 7500.8626 | O16: 3063.9386 | P16: 13106.849 | Q16: 340.43763 | R16: 5447.002 | S16: 7404.5183 | T16: 3574.5951 | U16: 11489.77 | V16: 510.65644 | W16: 3063.9386 | X16: 0 | Y16: 10723.785 | Z16: 1186.8698 | AA16: 3956.2325 | AB16: 1186.8698 | AC16: 0 | AD16: 2769.3628 | AE16: 10771.716 | AF16: 1384.6814 | AG16: 0 | AH16: 2769.3628 | AI16: 0 | AJ16: 0 | AK16: 5385.858 | AL16: 5385.858 | AM16: 0 | AN16: 0 | AO16: 0 | AP16: 10030.99 | AQ16: 0 | AR16: 0 | AS16: =SUM(E16:AQ16) -> 127485.18 | AU16: =$AS16/4 -> 31871.295 | AV16: =$AS16/4 -> 31871.295 | AW16: =$AS16/4 -> 31871.295 | AX16: =$AS16/4 -> 31871.295 | AY16: =SUM(AU16:AX16) -> 127485.18 | BA16: =SUM(E16:N16) -> 23931.888 | BB16: =SUM(O16:Y16) -> 58725.49 | BC16: =SUM(Z16:AJ16) -> 24025.095 | BD16: =SUM(AK16:AQ16) -> 20802.706 | BE16: 0 | BF16: =SUM(BA16:BD16) -> 127485.18
C17: 1108 | D17: Misc technical GOSL support, incl field and nursery assistance | E17: 0 | F17: 1971.723 | G17: 1971.723 | H17: 1971.723 | I17: 1544.5163 | J17: 0 | K17: 0 | L17: 2891.8604 | M17: 1643.1025 | N17: 0 | O17: 1531.9693 | P17: 9830.1364 | Q17: 0 | R17: 3276.7121 | S17: 3276.7121 | T17: 3276.7121 | U17: 9830.1364 | V17: 0 | W17: 0 | X17: 0 | Y17: 4595.9079 | Z17: 2027.5692 | AA17: 3807.8738 | AB17: 0 | AC17: 0 | AD17: 1780.3046 | AE17: 53858.58 | AF17: 0 | AG17: 0 | AH17: 1780.3046 | AI17: 0 | AJ17: 0 | AK17: 0 | AL17: 0 | AM17: 0 | AN17: 0 | AO17: 53858.58 | AP17: 1253.8738 | AQ17: 0 | AR17: 0 | AS17: =SUM(E17:AQ17) -> 165980.02 | AU17: =$AS17/4 -> 41495.005 | AV17: =$AS17/4 -> 41495.005 | AW17: =$AS17/4 -> 41495.005 | AX17: =$AS17/4 -> 41495.005 | AY17: =SUM(AU17:AX17) -> 165980.02 | BA17: =SUM(E17:N17) -> 11994.648 | BB17: =SUM(O17:Y17) -> 35618.287 | BC17: =SUM(Z17:AJ17) -> 63254.632 | BD17: =SUM(AK17:AQ17) -> 55112.454 | BE17: 0 | BF17: =SUM(BA17:BD17) -> 165980.02
C19: 1199 | D19: Sub-Total | E19: =SUM(E10:E17) -> 6572.41 | F19: =SUM(F10:F17) -> 43213.596 | G19: =SUM(G10:G17) -> 22346.194 | H19: =SUM(H10:H17) -> 13802.061 | I19: =SUM(I10:I17) -> 12388.993 | J19: =SUM(J10:J17) -> 25303.778 | K19: =SUM(K10:K17) -> 7886.892 | L19: =SUM(L10:L17) -> 17351.162 | ... AS19: =SUM(AS10:AS17) -> 1584189.8 | AU19: =SUM(AU10:AU17) -> 396047.44 | AV19: =SUM(AV10:AV17) -> 396047.44 | AW19: =SUM(AW10:AW17) -> 396047.44 | AX19: =SUM(AX10:AX17) -> 396047.44 | AY19: =SUM(AY10:AY17) -> 1584189.8 | BA19: =SUM(E19:N19) -> 257039.84 | BB19: =SUM(O19:Y19) -> 545542.78 | BC19: =SUM(Z19:AJ19) -> 313654.53 | BD19: =SUM(AK19:AQ19) -> 235384.13 | BE19: =SUM(BE10:BE17) -> 232568.48 | BF19: =SUM(BA19:BE19) -> 1584189.8
B21: 1200 | C21: Consultants
C22: 1201 | D22: Environmental Education / Training Specialist / Social Marketing | AS22: =SUM(E22:AQ22) -> 0 | AU22: =$AS22/3 -> 0 | AV22: =$AS22/3 -> 0 | AX22: =$AS22/3 -> 0 | AY22: =SUM(AU22:AX22) -> 0 | BA22: =SUM(E22:N22) -> 0 | BB22: =SUM(O22:Y22) -> 0 | BC22: =SUM(Z22:AJ22) -> 0 | BD22: =SUM(AK22:AQ22) -> 0 | BE22: =SUM(R22:AB22) -> 0 | BF22: =SUM(BA22:BD22) -> 0
C23: 1202 | D23: Biodiversity / Conservation Experts (terrestrial & aquatic) | AS23: =SUM(E23:AQ23) -> 0 | AU23: =$AS23/3 -> 0 | AV23: =$AS23/3 -> 0 | AX23: =$AS23/3 -> 0 | AY23: =SUM(AU23:AX23) -> 0 | BA23: =SUM(E23:N23) -> 0 | BB23: =SUM(O23:Y23) -> 0 | BC23: =SUM(Z23:AJ23) -> 0 | BD23: =SUM(AK23:AQ23) -> 0 | BE23: =SUM(R23:AB23) -> 0 | BF23: =SUM(BA23:BD23) -> 0
C24: 1203 | D24: Socioeconomist / Livelihood expert | AS24: =SUM(E24:AQ24) -> 0 | AU24: =($AS24-AI24)/3+AI24 -> 0 | AV24: =($AS24-AI24)/3 -> 0 | AX24: =($AS24-AI24)/3 -> 0 | AY24: =SUM(AU24:AX24) -> 0 | BA24: =SUM(E24:N24) -> 0 | BB24: =SUM(O24:Y24) -> 0 | BC24: =SUM(Z24:AJ24) -> 0 | BD24: =SUM(AK24:AQ24) -> 0 | BE24: =SUM(R24:AB24) -> 0 | BF24: =SUM(BA24:BD24) -> 0
C25: 1204 | D25: Sustainable Forest Management; Climate Change / Carbon Specialist | AS25: =SUM(E25:AQ25) -> 0 | AU25: =$AS25/3 -> 0 | AV25: =$AS25/3 -> 0 | AX25: =$AS25/3 -> 0 | AY25: =SUM(AU25:AX25) -> 0 | BA25: =SUM(E25:N25) -> 0 | BB25: =SUM(O25:Y25) -> 0 | BC25: =SUM(Z25:AJ25) -> 0 | BD25: =SUM(AK25:AQ25) -> 0 | BE25: =SUM(R25:AB25) -> 0 | BF25: =SUM(BA25:BD25) -> 0
C26: 1205 | D26: Ecotourism Expert | AS26: =SUM(E26:AQ26) -> 0 | AU26: =($AS26-AI26)/3+AI26 -> 0 | AV26: =($AS26-AI26)/3 -> 0 | AX26: =($AS26-AI26)/3 -> 0 | AY26: =SUM(AU26:AX26) -> 0 | BA26: =SUM(E26:N26) -> 0 | BB26: =SUM(O26:Y26) -> 0 | BC26: =SUM(Z26:AJ26) -> 0 | BD26: =SUM(AK26:AQ26) -> 0 | BE26: =SUM(R26:AB26) -> 0 | BF26: =SUM(BA26:BD26) -> 0
C27: 1206 | D27: Agroforester | AS27: =SUM(E27:AQ27) -> 0 | AU27: =$AS27/3-O27/6 -> 0 | AV27: =$AS27/3+O27/3 -> 0 | AX27: =$AS27/3-O27/6 -> 0 | AY27: =SUM(AU27:AX27) -> 0 | BA27: =SUM(E27:N27) -> 0 | BB27: =SUM(O27:Y27) -> 0 | BC27: =SUM(Z27:AJ27) -> 0 | BD27: =SUM(AK27:AQ27) -> 0 | BE27: =SUM(R27:AB27) -> 0 | BF27: =SUM(BA27:BD27) -> 0
C28: 1207 | D28: Agro-processing / Marketing Specialist | AS28: =SUM(E28:AQ28) -> 0 | AU28: =$AS28/3 -> 0 | AV28: =$AS28/3 -> 0 | AX28: =$AS28/3 -> 0 | AY28: =SUM(AU28:AX28) -> 0 | BA28: =SUM(E28:N28) -> 0 | BB28: =SUM(O28:Y28) -> 0 | BC28: =SUM(Z28:AJ28) -> 0 | BD28: =SUM(AK28:AQ28) -> 0 | BE28: =SUM(R28:AB28) -> 0 | BF28: =SUM(BA28:BD28) -> 0
C29: 1208 | D29: Land Degradation & Physical Planning Expert | AS29: =SUM(E29:AQ29) -> 0 | AU29: =$AS29/3 -> 0 | AV29: =$AS29/3 -> 0 | AX29: =$AS29/3 -> 0 | AY29: =SUM(AU29:AX29) -> 0 | BA29: =SUM(E29:N29) -> 0 | BB29: =SUM(O29:Y29) -> 0 | BC29: =SUM(Z29:AJ29) -> 0 | BD29: =SUM(AK29:AQ29) -> 0 | BE29: =SUM(R29:AB29) -> 0 | BF29: =SUM(BA29:BD29) -> 0
C30: 1209 | D30: Policy Expert, Legislative Drafter | AS30: =SUM(E30:AQ30) -> 0 | AU30: =$AS30/3 -> 0 | AV30: =$AS30/3 -> 0 | AX30: =$AS30/3 -> 0 | AY30: =SUM(AU30:AX30) -> 0 | BA30: =SUM(E30:N30) -> 0 | BB30: =SUM(O30:Y30) -> 0 | BC30: =SUM(Z30:AJ30) -> 0 | BD30: =SUM(AK30:AQ30) -> 0 | BE30: =SUM(R30:AB30) -> 0 | BF30: =SUM(BA30:BD30) -> 0
C32: 1299 | D32: Sub-Total | E32: =SUM(E22:E30) -> 0 | F32: =SUM(F22:F30) -> 0 | G32: =SUM(G22:G30) -> 0 | H32: =SUM(H22:H30) -> 0 | I32: =SUM(I22:I30) -> 0 | J32: =SUM(J22:J30) -> 0 | K32: =SUM(K22:K30) -> 0 | L32: =SUM(L22:L30) -> 0 | ... AS32: =SUM(AS22:AS30) -> 0 | AU32: =SUM(AU22:AU30) -> 0 | AV32: =SUM(AV22:AV30) -> 0 | AW32: =SUM(AW22:AW30) -> 0 | AX32: =SUM(AX22:AX30) -> 0 | AY32: =SUM(AY22:AY30) -> 0 | BA32: =SUM(E32:N32) -> 0 | BB32: =SUM(O32:Y32) -> 0 | BC32: =SUM(Z32:AJ32) -> 0 | BD32: =SUM(AK32:AQ32) -> 0 | BE32: =SUM(BE22:BE30) -> 0 | BF32: =SUM(BA32:BD32) -> 0
B34: 1300 | C34: Administrative Support
C35: 1301 | D35: Admin GOSL support | E35: =0.082*SUM(E12:E17, E43, E65, E85, E110, E149, 'GEF funding'!E151) -> 2061.9448 | F35: =0.082*SUM(F12:F17, F43, F65, F85, F110, F149, 'GEF funding'!F151) -> 5977.8195 | G35: =0.082*SUM(G12:G17, G43, G65, G85, G110, G149, 'GEF funding'!G151) -> 4184.9652 | H35: =0.082*SUM(H12:H17, H43, H65, H85, H110, H149, 'GEF funding'!H151) -> 5413.2713 | I35: =0.082*SUM(I12:I17, I43, I65, I85, I110, I149, 'GEF funding'!I151) -> 4239.7044 | J35: =0.082*SUM(J12:J17, J43, J65, J85, J110, J149, 'GEF funding'!J151) -> 7513.0618 | K35: =0.082*SUM(K12:K17, K43, K65, K85, K110, K149, 'GEF funding'!K151) -> 8648.3318 | L35: =0.082*SUM(L12:L17, L43, L65, L85, L110, L149, 'GEF funding'!L151) -> 3819.2203 | ... AQ35: =0.082*SUM(AQ12:AQ17, AQ43, AQ65, AQ85, AQ110, AQ149, 'GEF funding'!AQ151) -> 3952.4825 | AR35: =24998.28-5500 -> 19498.28 | AS35: =SUM(E35:AR35) -> 543665.75 | AU35: =$AS35/4 -> 135916.44 | AV35: =$AS35/4 -> 135916.44 | AW35: =$AS35/4 -> 135916.44 | AX35: =$AS35/4 -> 135916.44 | AY35: =SUM(AU35:AX35) -> 543665.75 | BA35: =SUM(E35:N35) -> 85137.654 | BB35: =SUM(O35:Y35) -> 232899.48 | BC35: =SUM(Z35:AJ35) -> 128219.47 | BD35: =SUM(AK35:AQ35) -> 77910.873 | BE35: 19498 | BF35: =SUM(BA35:BE35) -> 543665.47
C37: 1399 | D37: Sub-Total | E37: =E35 -> 2061.9448 | F37: =F35 -> 5977.8195 | G37: =G35 -> 4184.9652 | H37: =H35 -> 5413.2713 | I37: =I35 -> 4239.7044 | J37: =J35 -> 7513.0618 | K37: =K35 -> 8648.3318 | L37: =L35 -> 3819.2203 | ... AS37: =AS35 -> 543665.75 | AU37: =AU35 -> 135916.44 | AV37: =AV35 -> 135916.44 | AW37: =AW35 -> 135916.44 | AX37: =AX35 -> 135916.44 | AY37: =AY35 -> 543665.75 | BA37: =SUM(E37:N37) -> 85137.654 | BB37: =SUM(O37:Y37) -> 232899.48 | BC37: =SUM(Z37:AJ37) -> 128219.47 | BD37: =SUM(AK37:AQ37) -> 77910.873 | BE37: 19499 | BF37: =SUM(BA37:BD37) -> 524167.47
B39: 1600 | C39: Travel on Official Business
C40: 1601 | D40: Local and national travel | E40: 0 | F40: 5980.8931 | G40: 5257.928 | H40: 4600.687 | I40: 0 | J40: 657.241 | K40: 6572.41 | L40: 3286.205 | M40: 4929.3075 | N40: 63883.825 | O40: 510.65644 | P40: 23847.656 | Q40: 17770.844 | R40: 19251.748 | S40: 51678.431 | T40: 2808.6104 | U40: 21779.497 | V40: 10468.457 | W40: 31201.108 | X40: 1412.8161 | Y40: 54623.217 | Z40: 2030.866 | AA40: 9435.6146 | AB40: 12086.29 | AC40: 593.43488 | AD40: 1938.5539 | AE40: 3501.2658 | AF40: 18831.667 | AG40: 1641.8365 | AH40: 1780.3046 | AI40: 593.43488 | AJ40: 890.15232 | AK40: 0 | AL40: 0 | AM40: 501.54951 | AN40: 5203.5761 | AO40: 0 | AP40: 21159.12 | AQ40: 0 | AR40: 0 | AS40: =SUM(E40:AQ40) -> 410709.2 | AU40: =$AS40/4 -> 102677.3 | AV40: =$AS40/4 -> 102677.3 | AW40: =$AS40/4 -> 102677.3 | AX40: =$AS40/4 -> 102677.3 | AY40: =SUM(AU40:AX40) -> 410709.2 | BA40: =SUM(E40:N40) -> 95168.497 | BB40: =SUM(O40:Y40) -> 235353.04 | BC40: =SUM(Z40:AJ40) -> 53323.421 | BD40: =SUM(AK40:AQ40) -> 26864.245 | BE40: 0 | BF40: =SUM(BA40:BD40) -> 410709.2
C41: 1602 | D41: International travel | K41: 215.43432 | N41: 161.57574 | AC41: 0 | AS41: =SUM(E41:AQ41) -> 377.01006 | AU41: =$AS41/4 -> 94.252515 | AV41: =$AS41/4 -> 94.252515 | AW41: =$AS41/4 -> 94.252515 | AX41: =$AS41/4 -> 94.252515 | AY41: =SUM(AU41:AX41) -> 377.01006 | BA41: =SUM(E41:N41) -> 377.01006 | BB41: =SUM(O41:Y41) -> 0 | BC41: =SUM(Z41:AJ41) -> 0 | BD41: =SUM(AK41:AQ41) -> 0 | BE41: 0 | BF41: =SUM(BA41:BD41) -> 377.01006
C43: 1699 | D43: Sub-Total | E43: =SUM(E40:E41) -> 0 | F43: =SUM(F40:F41) -> 5980.8931 | G43: =SUM(G40:G41) -> 5257.928 | H43: =SUM(H40:H41) -> 4600.687 | I43: =SUM(I40:I41) -> 0 | J43: =SUM(J40:J41) -> 657.241 | K43: =SUM(K40:K41) -> 6787.8443 | L43: =SUM(L40:L41) -> 3286.205 | ... AS43: =SUM(AS40:AS41) -> 411086.21 | AU43: =SUM(AU40:AU41) -> 102771.55 | AV43: =SUM(AV40:AV41) -> 102771.55 | AW43: =SUM(AW40:AW41) -> 102771.55 | AX43: =SUM(AX40:AX41) -> 102771.55 | AY43: =SUM(AY40:AY41) -> 411086.21 | BA43: =SUM(E43:N43) -> 95545.507 | BB43: =SUM(O43:Y43) -> 235353.04 | BC43: =SUM(Z43:AJ43) -> 53323.421 | BD43: =SUM(AK43:AQ43) -> 26864.245 | BE43: =SUM(BE40:BE41) -> 0 | BF43: =SUM(BA43:BD43) -> 411086.21
B45: 1999 | C45: Component Total | E45: =E19+E32+E37+E43 -> 8634.3548 | F45: =F19+F32+F37+F43 -> 55172.308 | G45: =G19+G32+G37+G43 -> 31789.087 | H45: =H19+H32+H37+H43 -> 23816.019 | I45: =I19+I32+I37+I43 -> 16628.697 | J45: =J19+J32+J37+J43 -> 33474.081 | K45: =K19+K32+K37+K43 -> 23323.068 | L45: =L19+L32+L37+L43 -> 24456.588 | ... AS45: =AS19+AS32+AS37+AS43 -> 2538941.7 | AU45: =AU19+AU32+AU37+AU43 -> 634735.43 | AV45: =AV19+AV32+AV37+AV43 -> 634735.43 | AW45: =AW19+AW32+AW37+AW43 -> 634735.43 | AX45: =AX19+AX32+AX37+AX43 -> 634735.43 | AY45: =AY19+AY32+AY37+AY43 -> 2538941.7 | BA45: =SUM(E45:N45) -> 437723 | BB45: =SUM(O45:Y45) -> 1013795.3 | BC45: =SUM(Z45:AJ45) -> 495197.42 | BD45: =SUM(AK45:AQ45) -> 340159.24 | BE45: =BE19+BE32+BE37+BE43 -> 252067.48 | BF45: =SUM(BA45:BD45) -> 2286875
A47: 20 | B47: SUB-CONTRACT COMPONENT
B48: 2100 | C48: Sub-Contracts with cooperating agencies (UN Agency)
C49: 2101 | AS49: =SUM(E49:AQ49) -> 0 | AU49: =$AS49/3-O49/6 -> 0 | AV49: =$AS49/3+O49/3 -> 0 | AX49: =$AS49/3-O49/6 -> 0 | AY49: =SUM(AU49:AX49) -> 0 | BA49: =SUM(E49:N49) -> 0 | BB49: =SUM(O49:Y49) -> 0 | BC49: =SUM(Z49:AJ49) -> 0 | BD49: =SUM(AK49:AQ49) -> 0 | BE49: 0 | BF49: =SUM(BA49:BD49) -> 0
C50: 2102 | AS50: =SUM(E50:AQ50) -> 0 | AU50: =$AS50/3 -> 0 | AV50: =$AS50/3 -> 0 | AX50: =$AS50/3 -> 0 | AY50: =SUM(AU50:AX50) -> 0 | BA50: =SUM(E50:N50) -> 0 | BB50: =SUM(O50:Y50) -> 0 | BC50: =SUM(Z50:AJ50) -> 0 | BD50: =SUM(AK50:AQ50) -> 0 | BE50: 0 | BF50: =SUM(BA50:BD50) -> 0
C52: 2199 | D52: Sub-Total | E52: =SUM(E49:E50) -> 0 | F52: =SUM(F49:F50) -> 0 | G52: =SUM(G49:G50) -> 0 | H52: =SUM(H49:H50) -> 0 | I52: =SUM(I49:I50) -> 0 | J52: =SUM(J49:J50) -> 0 | K52: =SUM(K49:K50) -> 0 | L52: =SUM(L49:L50) -> 0 | ... AQ52: =SUM(AQ49:AQ50) -> 0 | AS52: =SUM(AS49:AS50) -> 0 | AU52: =SUM(AU49:AU50) -> 0 | AV52: =SUM(AV49:AV50) -> 0 | AX52: =SUM(AX49:AX50) -> 0 | AY52: =SUM(AY49:AY50) -> 0 | BA52: =SUM(E52:N52) -> 0 | BB52: =SUM(O52:Y52) -> 0 | BC52: =SUM(Z52:AJ52) -> 0 | BD52: =SUM(AK52:AQ52) -> 0 | BE52: =SUM(AL52:AR52) -> 0 | BF52: =SUM(BA52:BD52) -> 0
B54: 2200 | C54: Sub-Contracts with supporting organisation (NGOs, Govts.)
C55: 2201 | D55: Misc NGO contributions | E55: 538.5858 | F55: 0 | G55: 0 | H55: 0 | I55: 10771.716 | J55: 0 | K55: 0 | L55: 0 | M55: 0 | N55: 0 | O55: 0 | P55: 0 | Q55: 0 | R55: 0 | S55: 0 | T55: 0 | U55: 9155.9586 | V55: 0 | W55: 0 | X55: 0 | Y55: 0 | Z55: 0 | AA55: 0 | AB55: 0 | AC55: 0 | AD55: 0 | AE55: 0 | AF55: 13572.362 | AG55: 13572.362 | AH55: 5170.4237 | AI55: 8886.6657 | AJ55: 0 | AK55: 0 | AL55: 0 | AM55: 0 | AN55: 2692.929 | AO55: 0 | AP55: 0 | AQ55: 2692.929 | AR55: 0 | AS55: =SUM(E55:AR55) -> 67053.932 | AU55: =$AS55/4 -> 16763.483 | AV55: =$AS55/4 -> 16763.483 | AW55: =$AS55/4 -> 16763.483 | AX55: =$AS55/4 -> 16763.483 | AY55: =SUM(AU55:AX55) -> 67053.932 | BA55: =SUM(E55:N55) -> 11310.302 | BB55: =SUM(O55:Y55) -> 9155.9586 | BC55: =SUM(Z55:AJ55) -> 41201.814 | BD55: =SUM(AK55:AQ55) -> 5385.858 | BE55: 0 | BF55: =SUM(BA55:BD55) -> 67053.932
C56: 2202 | D56: Misc CCO contributions | E56: 5385.858 | F56: 0 | G56: 0 | H56: 0 | I56: 10771.716 | J56: 0 | K56: 0 | L56: 0 | M56: 0 | N56: 0 | O56: 8078.787 | P56: 0 | Q56: 0 | R56: 0 | S56: 0 | T56: 8078.787 | U56: 9155.9586 | V56: 0 | W56: 0 | X56: 0 | Y56: 0 | Z56: 0 | AA56: 0 | AB56: 0 | AC56: 0 | AD56: 53858.58 | AE56: 26929.29 | AF56: 8078.787 | AG56: 8078.787 | AH56: 6732.3225 | AI56: 0 | AJ56: 0 | AK56: 21543.432 | AL56: 21543.432 | AM56: 0 | AN56: 0 | AO56: 0 | AP56: 0 | AQ56: 0 | AR56: 0 | AS56: =SUM(E56:AR56) -> 188235.74 | AU56: =$AS56/4 -> 47058.934 | AV56: =$AS56/4 -> 47058.934 | AW56: =$AS56/4 -> 47058.934 | AX56: =$AS56/4 -> 47058.934 | AY56: =SUM(AU56:AX56) -> 188235.74 | BA56: =SUM(E56:N56) -> 16157.574 | BB56: =SUM(O56:Y56) -> 25313.533 | BC56: =SUM(Z56:AJ56) -> 103677.77 | BD56: =SUM(AK56:AQ56) -> 43086.864 | BE56: 0 | BF56: =SUM(BA56:BD56) -> 188235.74
C58: 2299 | D58: Sub-Total | E58: =SUM(E55:E56) -> 5924.4438 | F58: =SUM(F55:F56) -> 0 | G58: =SUM(G55:G56) -> 0 | H58: =SUM(H55:H56) -> 0 | I58: =SUM(I55:I56) -> 21543.432 | J58: =SUM(J55:J56) -> 0 | K58: =SUM(K55:K56) -> 0 | L58: =SUM(L55:L56) -> 0 | ... AS58: =SUM(AS55:AS56) -> 255289.67 | AU58: =SUM(AU55:AU56) -> 63822.418 | AV58: =SUM(AV55:AV56) -> 63822.418 | AW58: =SUM(AW55:AW56) -> 63822.418 | AX58: =SUM(AX55:AX56) -> 63822.418 | AY58: =SUM(AY55:AY56) -> 255289.67 | BA58: =SUM(E58:N58) -> 27467.876 | BB58: =SUM(O58:Y58) -> 34469.491 | BC58: =SUM(Z58:AJ58) -> 144879.58 | BD58: =SUM(AK58:AQ58) -> 48472.722 | BE58: =SUM(BE55:BE56) -> 0 | BF58: =SUM(BA58:BD58) -> 255289.67
B60: 2300 | C60: Sub-Contracts with commercial organisations
C61: 2301 | D61: Misc private sector contributions | E61: 5385.858 | F61: 0 | G61: 0 | H61: 0 | I61: 8078.787 | J61: 0 | K61: 0 | L61: 0 | M61: 0 | N61: 0 | O61: 10771.716 | P61: 0 | Q61: 0 | R61: 0 | S61: 0 | T61: 10771.716 | U61: 0 | V61: 0 | W61: 0 | X61: 10771.716 | Y61: 0 | Z61: 5385.858 | AA61: 0 | AB61: 13464.645 | AC61: 0 | AD61: 0 | AE61: 0 | AF61: 0 | AG61: 0 | AH61: 8078.787 | AI61: 0 | AJ61: 5385.858 | AK61: 0 | AL61: 0 | AM61: 0 | AN61: 2692.929 | AO61: 0 | AP61: 0 | AQ61: 2692.929 | AR61: 0 | AS61: =SUM(E61:AR61) -> 83480.799 | AU61: =$AS61/4 -> 20870.2 | AV61: =$AS61/4 -> 20870.2 | AW61: =$AS61/4 -> 20870.2 | AX61: =$AS61/4 -> 20870.2 | AY61: =SUM(AU61:AX61) -> 83480.799 | BA61: =SUM(E61:N61) -> 13464.645 | BB61: =SUM(O61:Y61) -> 32315.148 | BC61: =SUM(Z61:AJ61) -> 32315.148 | BD61: =SUM(AK61:AQ61) -> 5385.858 | BE61: 0 | BF61: =SUM(BA61:BD61) -> 83480.799
C63: 2399 | D63: Sub-Total | E63: =E61 -> 5385.858 | F63: =F61 -> 0 | G63: =G61 -> 0 | H63: =H61 -> 0 | I63: =I61 -> 8078.787 | J63: =J61 -> 0 | K63: =K61 -> 0 | L63: =L61 -> 0 | ... AS63: =AS61 -> 83480.799 | AU63: =AU61 -> 20870.2 | AV63: =AV61 -> 20870.2 | AW63: =AW61 -> 20870.2 | AX63: =AX61 -> 20870.2 | AY63: =AY61 -> 83480.799 | BA63: =SUM(E63:N63) -> 13464.645 | BB63: =SUM(O63:Y63) -> 32315.148 | BC63: =SUM(Z63:AJ63) -> 32315.148 | BD63: =SUM(AK63:AQ63) -> 5385.858 | BE63: =BE61 -> 0 | BF63: =SUM(BA63:BD63) -> 83480.799
B65: 2999 | C65: Component Total | E65: =E52+E58+E63 -> 11310.302 | F65: =F52+F58+F63 -> 0 | G65: =G52+G58+G63 -> 0 | H65: =H52+H58+H63 -> 0 | I65: =I52+I58+I63 -> 29622.219 | J65: =J52+J58+J63 -> 0 | K65: =K52+K58+K63 -> 0 | L65: =L52+L58+L63 -> 0 | ... AS65: =AS52+AS58+AS63 -> 338770.47 | AU65: =AU52+AU58+AU63 -> 84692.617 | AV65: =AV52+AV58+AV63 -> 84692.617 | AW65: =AW52+AW58+AW63 -> 84692.617 | AX65: =AX52+AX58+AX63 -> 84692.617 | AY65: =AY52+AY58+AY63 -> 338770.47 | BA65: =SUM(E65:N65) -> 40932.521 | BB65: =SUM(O65:Y65) -> 66784.639 | BC65: =SUM(Z65:AJ65) -> 177194.73 | BD65: =SUM(AK65:AQ65) -> 53858.58 | BE65: =BE52+BE58+BE63 -> 0 | BF65: =SUM(BA65:BD65) -> 338770.47
A67: 30 | B67: TRAINING COMPONENT
B68: 3200 | C68: Group-Training
C69: 3201 | D69: Training of GOSL agency and project partner staff | E69: 0 | F69: 131.4482 | G69: 1971.723 | H69: 1971.723 | I69: 0 | J69: 0 | K69: 0 | L69: 1314.482 | M69: 328.6205 | N69: 12435 | O69: 0 | P69: 3186.4962 | Q69: 3288.6275 | R69: 3186.4962 | S69: 9661.6198 | T69: 0 | U69: 612.78773 | V69: 1797.5107 | W69: 8272.6343 | X69: 0 | Y69: 9661.6198 | Z69: 0 | AA69: 39.562325 | AB69: 3006.7367 | AC69: 0 | AD69: 0 | AE69: 696.29693 | AF69: 3742.596 | AG69: 0 | AH69: 0 | AI69: 0 | AJ69: 0 | AK69: 0 | AL69: 0 | AM69: 0 | AN69: 0 | AO69: 0 | AP69: 6582.8373 | AQ69: 0 | AS69: =SUM(E69:AQ69) -> 71888.818 | AU69: =$AS69/4 -> 17972.204 | AV69: =$AS69/4 -> 17972.204 | AW69: =$AS69/4 -> 17972.204 | AX69: =$AS69/4 -> 17972.204 | AY69: =SUM(AU69:AX69) -> 71888.818 | BA69: =SUM(E69:N69) -> 18152.996 | BB69: =SUM(O69:Y69) -> 39667.792 | BC69: =SUM(Z69:AJ69) -> 7485.192 | BD69: =SUM(AK69:AQ69) -> 6582.8373 | BE69: 0 | BF69: =SUM(BA69:BD69) -> 71888.818
C70: 3202 | D70: Volunteer and student placements | E70: 0 | F70: 1314.482 | G70: 0 | H70: 0 | I70: 657.241 | J70: 0 | K70: 0 | L70: 0 | M70: 0 | N70: 5586.5485 | O70: 0 | P70: 1446.8599 | Q70: 1446.8599 | R70: 1446.8599 | S70: 4340.5797 | T70: 0 | U70: 1021.3129 | V70: 765.98466 | W70: 3063.9386 | X70: 170.21881 | Y70: 4510.7985 | Z70: 65.937209 | AA70: 593.43488 | AB70: 1186.8698 | AC70: 0 | AD70: 26929.29 | AE70: 26929.29 | AF70: 1681.3988 | AG70: 197.81163 | AH70: 0 | AI70: 0 | AJ70: 197.81163 | AK70: 0 | AL70: 0 | AM70: 0 | AN70: 626.93688 | AO70: 0 | AP70: 1253.8738 | AQ70: 0 | AR70: 0 | AS70: =SUM(E70:AQ70) -> 85434.339 | AU70: =$AS70/4 -> 21358.585 | AV70: =$AS70/4 -> 21358.585 | AW70: =$AS70/4 -> 21358.585 | AX70: =$AS70/4 -> 21358.585 | AY70: =SUM(AU70:AX70) -> 85434.339 | BA70: =SUM(E70:N70) -> 7558.2715 | BB70: =SUM(O70:Y70) -> 18213.413 | BC70: =SUM(Z70:AJ70) -> 57781.844 | BD70: =SUM(AK70:AQ70) -> 1880.8106 | BE70: 0 | BF70: =SUM(BA70:BD70) -> 85434.339
C71: 3203 | D71: Training of community stakeholders and groups | E71: 0 | F71: 1445.9302 | G71: 1971.723 | H71: 0 | I71: 0 | J71: 6243.7895 | K71: 4600.687 | L71: 1643.1025 | M71: 0 | N71: 6703.8582 | O71: 0 | P71: 3744.8139 | Q71: 1804.3194 | R71: 2383.0634 | S71: 5889.5709 | T71: 680.87525 | U71: 2553.2822 | V71: 8681.1594 | W71: 1634.1006 | X71: 1872.4069 | Y71: 7081.1026 | Z71: 1516.5558 | AA71: 3164.986 | AB71: 632.99721 | AC71: 0 | AD71: 0 | AE71: 3362.7977 | AF71: 2017.6786 | AG71: 2175.9279 | AH71: 0 | AI71: 0 | AJ71: 2175.9279 | AK71: 0 | AL71: 0 | AM71: 0 | AN71: 6896.3057 | AO71: 0 | AP71: 5642.4319 | AQ71: 0 | AR71: 0 | AS71: =SUM(E71:AQ71) -> 86519.394 | AU71: =$AS71/4 -> 21629.848 | AV71: =$AS71/4 -> 21629.848 | AW71: =$AS71/4 -> 21629.848 | AX71: =$AS71/4 -> 21629.848 | AY71: =SUM(AU71:AX71) -> 86519.394 | BA71: =SUM(E71:N71) -> 22609.09 | BB71: =SUM(O71:Y71) -> 36324.695 | BC71: =SUM(Z71:AJ71) -> 15046.871 | BD71: =SUM(AK71:AQ71) -> 12538.738 | BE71: 0 | BF71: =SUM(BA71:BD71) -> 86519.394
C72: 3204 | D72: Awareness-raising in schools and youth organisations | E72: 0 | F72: 0 | G72: 0 | H72: 0 | I72: 0 | J72: 657.241 | K72: 0 | L72: 657.241 | M72: 0 | N72: 5586.5485 | O72: 0 | P72: 1446.8599 | Q72: 1446.8599 | R72: 1446.8599 | S72: 4340.5797 | T72: 0 | U72: 0 | V72: 2297.954 | W72: 3063.9386 | X72: 340.43763 | Y72: 4681.0173 | Z72: 131.87442 | AA72: 395.62325 | AB72: 1186.8698 | AC72: 395.62325 | AD72: 0 | AE72: 494.52907 | AF72: 1681.3988 | AG72: 395.62325 | AH72: 0 | AI72: 395.62325 | AJ72: 0 | AK72: 0 | AL72: 0 | AM72: 0 | AN72: 1253.8738 | AO72: 0 | AP72: 1253.8738 | AQ72: 0 | AR72: 0 | AS72: =SUM(E72:AQ72) -> 33550.45 | AU72: =$AS72/4 -> 8387.6125 | AV72: =$AS72/4 -> 8387.6125 | AW72: =$AS72/4 -> 8387.6125 | AX72: =$AS72/4 -> 8387.6125 | AY72: =SUM(AU72:AX72) -> 33550.45 | BA72: =SUM(E72:N72) -> 6901.0305 | BB72: =SUM(O72:Y72) -> 19064.507 | BC72: =SUM(Z72:AJ72) -> 5077.1651 | BD72: =SUM(AK72:AQ72) -> 2507.7475 | BE72: 0 | BF72: =SUM(BA72:BD72) -> 33550.45
C73: 3205 | D73: Pubic awareness-raising among general public | E73: 0 | F73: 0 | G73: 0 | H73: 0 | I73: 0 | J73: 10187.235 | K73: 4600.687 | L73: 1314.482 | M73: 0 | N73: 5586.5485 | O73: 0 | P73: 2468.1728 | Q73: 1446.8599 | R73: 1787.2975 | S73: 4681.0173 | T73: 340.43763 | U73: 1787.2975 | V73: 7915.1748 | W73: 3063.9386 | X73: 2468.1728 | Y73: 6808.7525 | Z73: 1351.7128 | AA73: 3560.6093 | AB73: 1186.8698 | AC73: 395.62325 | AD73: 0 | AE73: 2670.457 | AF73: 1681.3988 | AG73: 2868.2686 | AH73: 0 | AI73: 395.62325 | AJ73: 2472.6453 | AK73: 0 | AL73: 0 | AM73: 0 | AN73: 9090.5848 | AO73: 0 | AP73: 6269.3688 | AQ73: 0 | AR73: 0 | AS73: =SUM(E73:AQ73) -> 86399.236 | AU73: =$AS73/4 -> 21599.809 | AV73: =$AS73/4 -> 21599.809 | AW73: =$AS73/4 -> 21599.809 | AX73: =$AS73/4 -> 21599.809 | AY73: =SUM(AU73:AX73) -> 86399.236 | BA73: =SUM(E73:N73) -> 21688.953 | BB73: =SUM(O73:Y73) -> 32767.121 | BC73: =SUM(Z73:AJ73) -> 16583.208 | BD73: =SUM(AK73:AQ73) -> 15359.954 | BE73: 0 | BF73: =SUM(BA73:BD73) -> 86399.236
C75: 3299 | D75: Sub-Total | E75: =SUM(E69:E73) -> 0 | F75: =SUM(F69:F73) -> 2891.8604 | G75: =SUM(G69:G73) -> 3943.446 | H75: =SUM(H69:H73) -> 1971.723 | I75: =SUM(I69:I73) -> 657.241 | J75: =SUM(J69:J73) -> 17088.266 | K75: =SUM(K69:K73) -> 9201.374 | L75: =SUM(L69:L73) -> 4929.3075 | ... AS75: =SUM(AS69:AS73) -> 363792.24 | AU75: =SUM(AU69:AU73) -> 90948.059 | AV75: =SUM(AV69:AV73) -> 90948.059 | AW75: =SUM(AW69:AW73) -> 90948.059 | AX75: =SUM(AX69:AX73) -> 90948.059 | AY75: =SUM(AY69:AY73) -> 363792.24 | BA75: =SUM(E75:N75) -> 76910.342 | BB75: =SUM(O75:Y75) -> 146037.53 | BC75: =SUM(Z75:AJ75) -> 101974.28 | BD75: =SUM(AK75:AQ75) -> 38870.087 | BE75: =SUM(BE69:BE73) -> 0 | BF75: =SUM(BA75:BD75) -> 363792.24
B77: 3300 | C77: Meetings/Conferences
C78: 3301 | D78: Project management meetings | E78: 0 | F78: 0 | G78: 0 | H78: 0 | I78: 0 | J78: 0 | K78: 0 | L78: 0 | M78: 0 | N78: 0 | O78: 0 | P78: 0 | Q78: 0 | R78: 0 | S78: 0 | T78: 0 | U78: 0 | V78: 0 | W78: 0 | X78: 0 | Y78: 0 | Z78: 0 | AA78: 0 | AB78: 0 | AC78: 0 | AD78: 0 | AE78: 0 | AF78: 0 | AG78: 0 | AH78: 0 | AI78: 0 | AJ78: 0 | AK78: 0 | AL78: 0 | AM78: 0 | AN78: 0 | AO78: 0 | AP78: 0 | AQ78: 0 | AR78: 82433.24 | AS78: =SUM(E78:AR78) -> 82433.24 | AU78: =$AS78/4 -> 20608.31 | AV78: =$AS78/4 -> 20608.31 | AW78: =$AS78/4 -> 20608.31 | AX78: =$AS78/4 -> 20608.31 | AY78: =SUM(AU78:AX78) -> 82433.24 | BA78: =SUM(E78:N78) -> 0 | BB78: =SUM(O78:Y78) -> 0 | BC78: =SUM(Z78:AJ78) -> 0 | BD78: =SUM(AK78:AQ78) -> 0 | BE78: 82433.24 | BF78: =SUM(BA78:BE78) -> 82433.24
C79: 3302 | D79: National workshops and consultations | E79: 3562.2462 | F79: 1314.482 | G79: 4272.0665 | H79: 5257.928 | I79: 3286.205 | J79: 2628.964 | K79: 2628.964 | L79: 6572.41 | M79: 0 | N79: 5271.0728 | O79: 0 | P79: 1467.2862 | Q79: 1314.0892 | R79: 1824.7457 | S79: 4095.4646 | T79: 0 | U79: 153.19693 | V79: 10264.194 | W79: 2461.364 | X79: 2927.7636 | Y79: 7023.2282 | Z79: 1134.12 | AA79: 3461.7035 | AB79: 953.45204 | AC79: 0 | AD79: 1127.5263 | AE79: 2848.4874 | AF79: 1586.4493 | AG79: 3402.36 | AH79: 0 | AI79: 0 | AJ79: 2274.8337 | AK79: 0 | AL79: 0 | AM79: 3573.5402 | AN79: 10783.314 | AO79: 0 | AP79: 25704.412 | AQ79: 0 | AR79: 0 | AS79: =SUM(E79:AQ79) -> 123175.87 | AU79: =$AS79/4 -> 30793.968 | AV79: =$AS79/4 -> 30793.968 | AW79: =$AS79/4 -> 30793.968 | AX79: =$AS79/4 -> 30793.968 | AY79: =SUM(AU79:AX79) -> 123175.87 | BA79: =SUM(E79:N79) -> 34794.338 | BB79: =SUM(O79:Y79) -> 31531.333 | BC79: =SUM(Z79:AJ79) -> 16788.932 | BD79: =SUM(AK79:AQ79) -> 40061.267 | BE79: 0 | BF79: =SUM(BA79:BD79) -> 123175.87
C80: 3303 | D80: Regional and international meetings and conferences of relevance | E80: 0 | F80: 0 | G80: 0 | H80: 0 | I80: 0 | J80: 0 | K80: 538.5858 | L80: 0 | M80: 0 | N80: 538.5858 | O80: 538.5858 | P80: 0 | Q80: 0 | R80: 0 | S80: 0 | T80: 0 | U80: 0 | V80: 0 | W80: 0 | X80: 0 | Y80: 3231.5148 | Z80: 0 | AA80: 0 | AB80: 0 | AC80: 3231.5148 | AD80: 0 | AE80: 0 | AF80: 1615.7574 | AG80: 0 | AH80: 0 | AI80: 0 | AJ80: 0 | AK80: 0 | AL80: 0 | AM80: 0 | AN80: 0 | AO80: 0 | AP80: 0 | AQ80: 0 | AR80: 0 | AS80: =SUM(E80:AQ80) -> 9694.5444 | AU80: =$AS80/4 -> 2423.6361 | AV80: =$AS80/4 -> 2423.6361 | AW80: =$AS80/4 -> 2423.6361 | AX80: =$AS80/4 -> 2423.6361 | AY80: =SUM(AU80:AX80) -> 9694.5444 | BA80: =SUM(E80:N80) -> 1077.1716 | BB80: =SUM(O80:Y80) -> 3770.1006 | BC80: =SUM(Z80:AJ80) -> 4847.2722 | BD80: =SUM(AK80:AQ80) -> 0 | BE80: 0 | BF80: =SUM(BA80:BD80) -> 9694.5444
C81: 3304 | D81: Overseas training courses | E81: 0 | F81: 0 | G81: 0 | H81: 0 | I81: 0 | J81: 0 | K81: 1131.0302 | L81: 0 | M81: 0 | N81: 1131.0302 | O81: 1131.0302 | P81: 0 | Q81: 0 | R81: 0 | S81: 0 | T81: 0 | U81: 0 | V81: 0 | W81: 0 | X81: 0 | Y81: 4847.2722 | Z81: 0 | AA81: 0 | AB81: 0 | AC81: 4847.2722 | AD81: 0 | AE81: 0 | AF81: 1615.7574 | AG81: 1077.1716 | AH81: 0 | AI81: 0 | AJ81: 0 | AK81: 0 | AL81: 0 | AM81: 0 | AN81: 0 | AO81: 0 | AP81: 0 | AQ81: 0 | AR81: 0 | AS81: =SUM(E81:AQ81) -> 15780.564 | AU81: =$AS81/4 -> 3945.141 | AV81: =$AS81/4 -> 3945.141 | AW81: =$AS81/4 -> 3945.141 | AX81: =$AS81/4 -> 3945.141 | AY81: =SUM(AU81:AX81) -> 15780.564 | BA81: =SUM(E81:N81) -> 2262.0604 | BB81: =SUM(O81:Y81) -> 5978.3024 | BC81: =SUM(Z81:AJ81) -> 7540.2012 | BD81: =SUM(AK81:AQ81) -> 0 | BE81: 0 | BF81: =SUM(BA81:BD81) -> 15780.564
C83: 3399 | D83: Sub-Total | E83: =SUM(E78:E81) -> 3562.2462 | F83: =SUM(F78:F81) -> 1314.482 | G83: =SUM(G78:G81) -> 4272.0665 | H83: =SUM(H78:H81) -> 5257.928 | I83: =SUM(I78:I81) -> 3286.205 | J83: =SUM(J78:J81) -> 2628.964 | K83: =SUM(K78:K81) -> 4298.58 | L83: =SUM(L78:L81) -> 6572.41 | ... AS83: =SUM(AS78:AS81) -> 231084.22 | AU83: =SUM(AU78:AU81) -> 57771.055 | AV83: =SUM(AV78:AV81) -> 57771.055 | AW83: =SUM(AW78:AW81) -> 57771.055 | AX83: =SUM(AX78:AX81) -> 57771.055 | AY83: =SUM(AY78:AY81) -> 231084.22 | BA83: =SUM(E83:N83) -> 38133.57 | BB83: =SUM(O83:Y83) -> 41279.736 | BC83: =SUM(Z83:AJ83) -> 29176.406 | BD83: =SUM(AK83:AQ83) -> 40061.267 | BE83: =SUM(BE78:BE81) -> 82433.24 | BF83: =SUM(BA83:BE83) -> 231084.22
B85: 3999 | C85: Component Total | E85: =E75+E83 -> 3562.2462 | F85: =F75+F83 -> 4206.3424 | G85: =G75+G83 -> 8215.5125 | H85: =H75+H83 -> 7229.651 | I85: =I75+I83 -> 3943.446 | J85: =J75+J83 -> 19717.23 | K85: =K75+K83 -> 13499.954 | L85: =L75+L83 -> 11501.717 | ... AS85: =AS75+AS83 -> 594876.46 | AU85: =AU75+AU83 -> 148719.11 | AV85: =AV75+AV83 -> 148719.11 | AW85: =AW75+AW83 -> 148719.11 | AX85: =AX75+AX83 -> 148719.11 | AY85: =AY75+AY83 -> 594876.46 | BA85: =SUM(E85:N85) -> 115043.91 | BB85: =SUM(O85:Y85) -> 187317.26 | BC85: =SUM(Z85:AJ85) -> 131150.69 | BD85: =SUM(AK85:AQ85) -> 78931.353 | BE85: =BE75+BE83 -> 82433.24 | BF85: =SUM(BA85:BE85) -> 594876.46
A87: 40 | B87: EQUIPMENT AND PREMISES COMPONENT
B88: 4100 | C88: Expendable Equipment
C89: 4101 | D89: Field, lab and office consumables for NE coast intervention sites | E89: 0 | F89: 0 | G89: 1314.482 | H89: 3286.205 | I89: 0 | J89: 6572.41 | K89: 22346.194 | L89: 0 | M89: 0 | N89: 21787.539 | O89: 0 | P89: 16706.976 | Q89: 5983.1913 | R89: 9217.3487 | S89: 20673.075 | T89: 3744.8139 | U89: 11311.04 | V89: 17872.975 | W89: 13277.067 | X89: 4766.1268 | Y89: 1077.1716 | Z89: 6198.0977 | AA89: 9920.2531 | AB89: 5143.1023 | AC89: 791.24651 | AD89: 0 | AE89: 6132.1604 | AF89: 6557.4554 | AG89: 5538.7256 | AH89: 0 | AI89: 791.24651 | AJ89: 4747.4791 | AK89: 0 | AL89: 0 | AM89: 0 | AN89: 17554.233 | AO89: 0 | AP89: 3134.6844 | AQ89: 0 | AR89: 0 | AS89: =SUM(E89:AQ89) -> 226445.3 | AU89: =$AS89/4 -> 56611.325 | AV89: =$AS89/4 -> 56611.325 | AW89: =$AS89/4 -> 56611.325 | AX89: =$AS89/4 -> 56611.325 | AY89: =SUM(AU89:AX89) -> 226445.3 | BA89: =SUM(E89:N89) -> 55306.83 | BB89: =SUM(O89:Y89) -> 104629.79 | BC89: =SUM(Z89:AJ89) -> 45819.767 | BD89: =SUM(AK89:AQ89) -> 20688.917 | BE89: 0 | BF89: =SUM(BA89:BD89) -> 226445.3
C90: 4102 | D90: Field, lab and office consumables for project management | E90: 0 | F90: 0 | G90: 0 | H90: 1314.482 | I90: 0 | J90: 0 | K90: 0 | L90: 0 | M90: 0 | N90: 1656.2473 | O90: 0 | P90: 424.69594 | Q90: 437.46235 | R90: 424.69594 | S90: 1286.8542 | T90: 0 | U90: 188.94288 | V90: 76.598466 | W90: 1021.3129 | X90: 0 | Y90: 107.71716 | Z90: 0 | AA90: 73.190302 | AB90: 395.62325 | AC90: 0 | AD90: 0 | AE90: 29.671744 | AF90: 498.4853 | AG90: 0 | AH90: 0 | AI90: 0 | AJ90: 0 | AK90: 0 | AL90: 0 | AM90: 0 | AN90: 0 | AO90: 0 | AP90: 1253.8738 | AQ90: 0 | AR90: 0 | AS90: =SUM(E90:AQ90) -> 9189.8535 | AU90: =$AS90/4 -> 2297.4634 | AV90: =$AS90/4 -> 2297.4634 | AW90: =$AS90/4 -> 2297.4634 | AX90: =$AS90/4 -> 2297.4634 | AY90: =SUM(AU90:AX90) -> 9189.8535 | BA90: =SUM(E90:N90) -> 2970.7293 | BB90: =SUM(O90:Y90) -> 3968.2798 | BC90: =SUM(Z90:AJ90) -> 996.9706 | BD90: =SUM(AK90:AQ90) -> 1253.8738 | BE90: 0 | BF90: =SUM(BA90:BD90) -> 9189.8535
C91: 4103 | D91: Field, lab and office consumables for training activities | E91: 0 | F91: 0 | G91: 0 | H91: 1314.482 | I91: 0 | J91: 0 | K91: 3286.205 | L91: 0 | M91: 0 | N91: 2924.7224 | O91: 0 | P91: 3293.734 | Q91: 791.51748 | R91: 1591.5459 | S91: 3123.5152 | T91: 851.09406 | U91: 2834.1432 | V91: 765.98466 | W91: 1225.5755 | X91: 0 | Y91: 107.71716 | Z91: 989.05814 | AA91: 1097.8545 | AB91: 474.74791 | AC91: 0 | AD91: 0 | AE91: 296.71744 | AF91: 880.26174 | AG91: 0 | AH91: 0 | AI91: 0 | AJ91: 0 | AK91: 0 | AL91: 0 | AM91: 0 | AN91: 0 | AO91: 0 | AP91: 1253.8738 | AQ91: 0 | AR91: 0 | AS91: =SUM(E91:AQ91) -> 27102.75 | AU91: =$AS91/4 -> 6775.6875 | AV91: =$AS91/4 -> 6775.6875 | AW91: =$AS91/4 -> 6775.6875 | AX91: =$AS91/4 -> 6775.6875 | AY91: =SUM(AU91:AX91) -> 27102.75 | BA91: =SUM(E91:N91) -> 7525.4094 | BB91: =SUM(O91:Y91) -> 14584.827 | BC91: =SUM(Z91:AJ91) -> 3738.6398 | BD91: =SUM(AK91:AQ91) -> 1253.8738 | BE91: 0 | BF91: =SUM(BA91:BD91) -> 27102.75
C93: 4199 | D93: Sub-total | E93: =SUM(E89:E91) -> 0 | F93: =SUM(F89:F91) -> 0 | G93: =SUM(G89:G91) -> 1314.482 | H93: =SUM(H89:H91) -> 5915.169 | I93: =SUM(I89:I91) -> 0 | J93: =SUM(J89:J91) -> 6572.41 | K93: =SUM(K89:K91) -> 25632.399 | L93: =SUM(L89:L91) -> 0 | ... AS93: =SUM(AS89:AS91) -> 262737.9 | AU93: =SUM(AU89:AU91) -> 65684.476 | AV93: =SUM(AV89:AV91) -> 65684.476 | AW93: =SUM(AW89:AW91) -> 65684.476 | AX93: =SUM(AX89:AX91) -> 65684.476 | AY93: =SUM(AY89:AY91) -> 262737.9 | BA93: =SUM(E93:N93) -> 65802.969 | BB93: =SUM(O93:Y93) -> 123182.89 | BC93: =SUM(Z93:AJ93) -> 50555.377 | BD93: =SUM(AK93:AQ93) -> 23196.665 | BE93: =SUM(BE89:BE91) -> 0 | BF93: =SUM(BA93:BD93) -> 262737.9
B95: 4200 | C95: Non-Expendable Equipment
C96: 4201 | D96: Non-expendable equipment for NE coast intervention sites | E96: 0 | F96: 0 | G96: 0 | H96: 0 | I96: 0 | J96: 0 | K96: 13144.82 | L96: 0 | M96: 0 | N96: 24646.537 | O96: 0 | P96: 15872.904 | Q96: 7830.0654 | R96: 9064.1518 | S96: 22553.993 | T96: 3404.3763 | U96: 10213.129 | V96: 8170.503 | W96: 10979.113 | X96: 0 | Y96: 19149.616 | Z96: 3956.2325 | AA96: 3956.2325 | AB96: 4252.95 | AC96: 0 | AD96: 0 | AE96: 3164.986 | AF96: 7417.936 | AG96: 0 | AH96: 0 | AI96: 0 | AJ96: 0 | AK96: 0 | AL96: 0 | AM96: 0 | AN96: 0 | AO96: 0 | AP96: 0 | AQ96: 0 | AR96: 0 | AS96: =SUM(E96:AQ96) -> 167777.55 | AU96: =$AS96/4 -> 41944.387 | AV96: =$AS96/4 -> 41944.387 | AW96: =$AS96/4 -> 41944.387 | AX96: =$AS96/4 -> 41944.387 | AY96: =SUM(AU96:AX96) -> 167777.55 | BA96: =SUM(E96:N96) -> 37791.357 | BB96: =SUM(O96:Y96) -> 107237.85 | BC96: =SUM(Z96:AJ96) -> 22748.337 | BD96: =SUM(AK96:AQ96) -> 0 | BE96: 0 | BF96: =SUM(BA96:BD96) -> 167777.55
C97: 4202 | D97: Non-expendable equipment for project management | E97: 0 | F97: 0 | G97: 0 | H97: 1314.482 | I97: 0 | J97: 0 | K97: 0 | L97: 0 | M97: 0 | N97: 1478.7922 | O97: 0 | P97: 382.99233 | Q97: 382.99233 | R97: 382.99233 | S97: 1148.977 | T97: 0 | U97: 0 | V97: 434.05797 | W97: 714.91901 | X97: 0 | Y97: 1148.977 | Z97: 0 | AA97: 0 | AB97: 276.93628 | AC97: 0 | AD97: 0 | AE97: 168.13988 | AF97: 445.07616 | AG97: 0 | AH97: 0 | AI97: 0 | AJ97: 0 | AK97: 0 | AL97: 0 | AM97: 0 | AN97: 0 | AO97: 0 | AP97: 1253.8738 | AQ97: 0 | AR97: 0 | AS97: =SUM(E97:AQ97) -> 9533.2083 | AU97: =$AS97/4 -> 2383.3021 | AV97: =$AS97/4 -> 2383.3021 | AW97: =$AS97/4 -> 2383.3021 | AX97: =$AS97/4 -> 2383.3021 | AY97: =SUM(AU97:AX97) -> 9533.2083 | BA97: =SUM(E97:N97) -> 2793.2742 | BB97: =SUM(O97:Y97) -> 4595.9079 | BC97: =SUM(Z97:AJ97) -> 890.15232 | BD97: =SUM(AK97:AQ97) -> 1253.8738 | BE97: 0 | BF97: =SUM(BA97:BD97) -> 9533.2083
C98: 4203 | D98: Non-expendable equipment for training activities | E98: 0 | F98: 0 | G98: 0 | H98: 1971.723 | I98: 0 | J98: 0 | K98: 1971.723 | L98: 0 | M98: 0 | N98: 2103.1712 | O98: 0 | P98: 2076.6695 | Q98: 544.7002 | R98: 1055.3566 | S98: 2144.757 | T98: 510.65644 | U98: 1531.9693 | V98: 561.72208 | W98: 1072.3785 | X98: 0 | Y98: 1634.1006 | Z98: 593.43488 | AA98: 593.43488 | AB98: 415.40442 | AC98: 0 | AD98: 0 | AE98: 217.59279 | AF98: 632.99721 | AG98: 0 | AH98: 0 | AI98: 0 | AJ98: 0 | AK98: 0 | AL98: 10771.716 | AM98: 0 | AN98: 0 | AO98: 0 | AP98: 1880.8106 | AQ98: 0 | AR98: 0 | AS98: =SUM(E98:AQ98) -> 32284.318 | AU98: =$AS98/4 -> 8071.0796 | AV98: =$AS98/4 -> 8071.0796 | AW98: =$AS98/4 -> 8071.0796 | AX98: =$AS98/4 -> 8071.0796 | AY98: =SUM(AU98:AX98) -> 32284.318 | BA98: =SUM(E98:N98) -> 6046.6172 | BB98: =SUM(O98:Y98) -> 11132.31 | BC98: =SUM(Z98:AJ98) -> 2452.8642 | BD98: =SUM(AK98:AQ98) -> 12652.527 | BE98: 0 | BF98: =SUM(BA98:BD98) -> 32284.318
C99: 4204 | D99: Nursery and planting materials | E99: 0 | F99: 0 | G99: 0 | H99: 0 | I99: 0 | J99: 0 | K99: 0 | L99: 0 | M99: 0 | N99: 9858.615 | O99: 0 | P99: 2553.2822 | Q99: 2553.2822 | R99: 2553.2822 | S99: 7659.8466 | T99: 0 | U99: 0 | V99: 2553.2822 | W99: 5106.5644 | X99: 0 | Y99: 7659.8466 | Z99: 0 | AA99: 0 | AB99: 1978.1163 | AC99: 0 | AD99: 0 | AE99: 989.05814 | AF99: 2967.1744 | AG99: 0 | AH99: 0 | AI99: 0 | AJ99: 0 | AK99: 0 | AL99: 0 | AM99: 16157.574 | AN99: 0 | AO99: 0 | AP99: 0 | AQ99: 0 | AR99: 0 | AS99: =SUM(E99:AQ99) -> 62589.924 | AU99: =$AS99/4 -> 15647.481 | AV99: =$AS99/4 -> 15647.481 | AW99: =$AS99/4 -> 15647.481 | AX99: =$AS99/4 -> 15647.481 | AY99: =SUM(AU99:AX99) -> 62589.924 | BA99: =SUM(E99:N99) -> 9858.615 | BB99: =SUM(O99:Y99) -> 30639.386 | BC99: =SUM(Z99:AJ99) -> 5934.3488 | BD99: =SUM(AK99:AQ99) -> 16157.574 | BE99: 0 | BF99: =SUM(BA99:BD99) -> 62589.924
C101: 4299 | D101: Sub-total | E101: =SUM(E96:E99) -> 0 | F101: =SUM(F96:F99) -> 0 | G101: =SUM(G96:G99) -> 0 | H101: =SUM(H96:H99) -> 3286.205 | I101: =SUM(I96:I99) -> 0 | J101: =SUM(J96:J99) -> 0 | K101: =SUM(K96:K99) -> 15116.543 | L101: =SUM(L96:L99) -> 0 | ... AS101: =SUM(AS96:AS99) -> 272185 | AU101: =SUM(AU96:AU99) -> 68046.249 | AV101: =SUM(AV96:AV99) -> 68046.249 | AW101: =SUM(AW96:AW99) -> 68046.249 | AX101: =SUM(AX96:AX99) -> 68046.249 | AY101: =SUM(AY96:AY99) -> 272185 | BA101: =SUM(E101:N101) -> 56489.864 | BB101: =SUM(O101:Y101) -> 153605.46 | BC101: =SUM(Z101:AJ101) -> 32025.702 | BD101: =SUM(AK101:AQ101) -> 30063.975 | BE101: =SUM(BE96:BE99) -> 0 | BF101: =SUM(BA101:BD101) -> 272185
B103: 4300 | C103: Premises Rent
C104: 4301 | D104: Use of office facilities | E104: 0 | F104: 0 | G104: 0 | H104: 0 | I104: 0 | J104: 0 | K104: 0 | L104: 0 | M104: 0 | N104: 0 | O104: 13464.645 | P104: 8078.787 | Q104: 0 | R104: 0 | S104: 0 | T104: 0 | U104: 0 | V104: 0 | W104: 0 | X104: 0 | Y104: 0 | Z104: 0 | AA104: 0 | AB104: 0 | AC104: 0 | AD104: 0 | AE104: 0 | AF104: 0 | AG104: 0 | AH104: 0 | AI104: 0 | AJ104: 0 | AK104: 0 | AL104: 0 | AM104: 0 | AN104: 0 | AO104: 0 | AP104: 0 | AQ104: 0 | AR104: 0 | AS104: =SUM(E104:AQ104) -> 21543.432 | AU104: =$AS104/4 -> 5385.858 | AV104: =$AS104/4 -> 5385.858 | AW104: =$AS104/4 -> 5385.858 | AX104: =$AS104/4 -> 5385.858 | AY104: =SUM(AU104:AX104) -> 21543.432 | BA104: =SUM(E104:N104) -> 0 | BB104: =SUM(O104:Y104) -> 21543.432 | BC104: =SUM(Z104:AJ104) -> 0 | BD104: =SUM(AK104:AQ104) -> 0 | BE104: 0 | BF104: =SUM(BA104:BD104) -> 21543.432
C105: 4302 | D105: ='GEF funding'!D105 -> Use of laboratory facilities and herbarium | E105: 0 | F105: 0 | G105: 0 | H105: 0 | I105: 0 | J105: 0 | K105: 0 | L105: 0 | M105: 0 | N105: 6572.41 | O105: 0 | P105: 1702.1881 | Q105: 1702.1881 | R105: 1702.1881 | S105: 5106.5644 | T105: 0 | U105: 0 | V105: 510.65644 | W105: 4595.9079 | X105: 0 | Y105: 5106.5644 | Z105: 0 | AA105: 0 | AB105: 1780.3046 | AC105: 0 | AD105: 0 | AE105: 197.81163 | AF105: 1978.1163 | AG105: 0 | AH105: 0 | AI105: 0 | AJ105: 0 | AK105: 0 | AL105: 0 | AM105: 0 | AN105: 0 | AO105: 0 | AP105: 0 | AQ105: 0 | AR105: 0 | AS105: =SUM(E105:AQ105) -> 30954.9 | AU105: =$AS105/4 -> 7738.725 | AV105: =$AS105/4 -> 7738.725 | AW105: =$AS105/4 -> 7738.725 | AX105: =$AS105/4 -> 7738.725 | AY105: =SUM(AU105:AX105) -> 30954.9 | BA105: =SUM(E105:N105) -> 6572.41 | BB105: =SUM(O105:Y105) -> 20426.258 | BC105: =SUM(Z105:AJ105) -> 3956.2325 | BD105: =SUM(AK105:AQ105) -> 0 | BE105: 0 | BF105: =SUM(BA105:BD105) -> 30954.9
C106: 4303 | D106: Use of IT and GIS facilities | E106: 0 | F106: 0 | G106: 0 | H106: 3286.205 | I106: 0 | J106: 0 | K106: 0 | L106: 0 | M106: 0 | N106: 3023.3086 | O106: 0 | P106: 783.00654 | Q106: 783.00654 | R106: 783.00654 | S106: 2349.0196 | T106: 0 | U106: 0 | V106: 1429.838 | W106: 919.18159 | X106: 0 | Y106: 2349.0196 | Z106: 0 | AA106: 0 | AB106: 356.06093 | AC106: 21543.432 | AD106: 8078.787 | AE106: 553.87256 | AF106: 909.93349 | AG106: 0 | AH106: 0 | AI106: 0 | AJ106: 0 | AK106: 0 | AL106: 0 | AM106: 0 | AN106: 0 | AO106: 0 | AP106: 3134.6844 | AQ106: 0 | AR106: 0 | AS106: =SUM(E106:AQ106) -> 50282.363 | AU106: =$AS106/4 -> 12570.591 | AV106: =$AS106/4 -> 12570.591 | AW106: =$AS106/4 -> 12570.591 | AX106: =$AS106/4 -> 12570.591 | AY106: =SUM(AU106:AX106) -> 50282.363 | BA106: =SUM(E106:N106) -> 6309.5136 | BB106: =SUM(O106:Y106) -> 9396.0785 | BC106: =SUM(Z106:AJ106) -> 31442.086 | BD106: =SUM(AK106:AQ106) -> 3134.6844 | BE106: 0 | BF106: =SUM(BA106:BD106) -> 50282.363
C108: 4399 | D108: Sub-total | E108: =SUM(E104:E106) -> 0 | F108: =SUM(F104:F106) -> 0 | G108: =SUM(G104:G106) -> 0 | H108: =SUM(H104:H106) -> 3286.205 | I108: =SUM(I104:I106) -> 0 | J108: =SUM(J104:J106) -> 0 | K108: =SUM(K104:K106) -> 0 | L108: =SUM(L104:L106) -> 0 | ... AS108: =SUM(AS104:AS106) -> 102780.69 | AU108: =SUM(AU104:AU106) -> 25695.174 | AV108: =SUM(AV104:AV106) -> 25695.174 | AW108: =SUM(AW104:AW106) -> 25695.174 | AX108: =SUM(AX104:AX106) -> 25695.174 | AY108: =SUM(AY104:AY106) -> 102780.69 | BA108: =SUM(E108:N108) -> 12881.924 | BB108: =SUM(O108:Y108) -> 51365.768 | BC108: =SUM(Z108:AJ108) -> 35398.319 | BD108: =SUM(AK108:AQ108) -> 3134.6844 | BE108: =SUM(BE104:BE106) -> 0 | BF108: =SUM(BA108:BD108) -> 102780.69
B110: 4999 | C110: Component Total | E110: =E93+E101+E108 -> 0 | F110: =F93+F101+F108 -> 0 | G110: =G93+G101+G108 -> 1314.482 | H110: =H93+H101+H108 -> 12487.579 | I110: =I93+I101+I108 -> 0 | J110: =J93+J101+J108 -> 6572.41 | K110: =K93+K101+K108 -> 40748.942 | L110: =L93+L101+L108 -> 0 | ... AS110: =AS93+AS101+AS108 -> 637703.6 | AU110: =AU93+AU101+AU108 -> 159425.9 | AV110: =AV93+AV101+AV108 -> 159425.9 | AW110: =AW93+AW101+AW108 -> 159425.9 | AX110: =AX93+AX101+AX108 -> 159425.9 | AY110: =AY93+AY101+AY108 -> 637703.6 | BA110: =SUM(E110:N110) -> 135174.76 | BB110: =SUM(O110:Y110) -> 328154.12 | BC110: =SUM(Z110:AJ110) -> 117979.4 | BD110: =SUM(AK110:AQ110) -> 56395.324 | BE110: =BE93+BE101+BE108 -> 0 | BF110: =SUM(BA110:BD110) -> 637703.6
A112: 50 | B112: MISCELLANEOUS COMPONENT
B113: 5100 | C113: Operation and Maintenance of Equipment
C114: 5101 | D114: Operation and maintenance costs of field equipment and tools | E114: 0 | F114: 0 | G114: 131.4482 | H114: 920.1374 | I114: 0 | J114: 657.241 | K114: 4074.8942 | L114: 0 | M114: 0 | N114: 6445.5625 | O114: 0 | P114: 4131.1255 | Q114: 1852.3211 | R114: 2428.9373 | S114: 5859.1017 | T114: 851.09406 | U114: 2607.9224 | V114: 3043.5124 | W114: 3339.6931 | X114: 476.61268 | Y114: 2022.6788 | Z114: 1015.433 | AA114: 1387.6486 | AB114: 939.60523 | AC114: 2022.6788 | AD114: 1015.433 | AE114: 1387.6486 | AF114: 1397.5391 | AG114: 553.87256 | AH114: 0 | AI114: 79.124651 | AJ114: 474.74791 | AK114: 0 | AL114: 0 | AM114: 0 | AN114: 1755.4233 | AO114: 0 | AP114: 313.46844 | AQ114: 0 | AR114: 0 | AS114: =SUM(E114:AQ114) -> 51184.906 | AU114: =$AS114/4 -> 12796.226 | AV114: =$AS114/4 -> 12796.226 | AW114: =$AS114/4 -> 12796.226 | AX114: =$AS114/4 -> 12796.226 | AY114: =SUM(AU114:AX114) -> 51184.906 | BA114: =SUM(E114:N114) -> 12229.283 | BB114: =SUM(O114:Y114) -> 26612.999 | BC114: =SUM(Z114:AJ114) -> 10273.731 | BD114: =SUM(AK114:AQ114) -> 2068.8917 | BE114: 0 | BF114: =SUM(BA114:BD114) -> 51184.906
C115: 5102 | D115: Operation and maintenance of national project management, IT and GIS equipment | E115: 0 | F115: 0 | G115: 0 | H115: 328.6205 | I115: 0 | J115: 0 | K115: 0 | L115: 0 | M115: 0 | N115: 959.57186 | O115: 1346.4645 | P115: 1056.3982 | Q115: 248.51947 | R115: 248.51947 | S115: 745.5584 | T115: 0 | U115: 0 | V115: 194.04945 | W115: 551.50895 | X115: 0 | Y115: 745.5584 | Z115: 0 | AA115: 0 | AB115: 213.63656 | AC115: 2154.3432 | AD115: 807.8787 | AE115: 75.168418 | AF115: 288.80498 | AG115: 0 | AH115: 0 | AI115: 0 | AJ115: 0 | AK115: 0 | AL115: 0 | AM115: 0 | AN115: 0 | AO115: 0 | AP115: 313.46844 | AQ115: 0 | AR115: 0 | AS115: =SUM(E115:AQ115) -> 10278.069 | AU115: =$AS115/4 -> 2569.5174 | AV115: =$AS115/4 -> 2569.5174 | AW115: =$AS115/4 -> 2569.5174 | AX115: =$AS115/4 -> 2569.5174 | AY115: =SUM(AU115:AX115) -> 10278.069 | BA115: =SUM(E115:N115) -> 1288.1924 | BB115: =SUM(O115:Y115) -> 5136.5768 | BC115: =SUM(Z115:AJ115) -> 3539.8319 | BD115: =SUM(AK115:AQ115) -> 313.46844 | BE115: 0 | BF115: =SUM(BA115:BD115) -> 10278.069
C116: 5103 | D116: Operation and maintenance costs of vehicles | E116: 0 | F116: 598.08931 | G116: 525.7928 | H116: 460.0687 | I116: 0 | J116: 65.7241 | K116: 657.241 | L116: 328.6205 | M116: 492.93075 | N116: 6388.3825 | O116: 51.065644 | P116: 2384.7656 | Q116: 1777.0844 | R116: 1925.1748 | S116: 5167.8431 | T116: 280.86104 | U116: 2177.9497 | V116: 1046.8457 | W116: 3120.1108 | X116: 141.28161 | Y116: 5462.3217 | Z116: 203.0866 | AA116: 943.56146 | AB116: 1208.629 | AC116: 59.343488 | AD116: 193.85539 | AE116: 350.12658 | AF116: 1883.1667 | AG116: 164.18365 | AH116: 178.03046 | AI116: 59.343488 | AJ116: 89.015232 | AK116: 0 | AL116: 0 | AM116: 50.154951 | AN116: 520.35761 | AO116: 0 | AP116: 2115.912 | AQ116: 0 | AR116: 0 | AS116: =SUM(E116:AQ116) -> 41070.92 | AU116: =$AS116/4 -> 10267.73 | AV116: =$AS116/4 -> 10267.73 | AW116: =$AS116/4 -> 10267.73 | AX116: =$AS116/4 -> 10267.73 | AY116: =SUM(AU116:AX116) -> 41070.92 | BA116: =SUM(E116:N116) -> 9516.8497 | BB116: =SUM(O116:Y116) -> 23535.304 | BC116: =SUM(Z116:AJ116) -> 5332.3421 | BD116: =SUM(AK116:AQ116) -> 2686.4245 | BE116: 0 | BF116: =SUM(BA116:BD116) -> 41070.92
C118: 5199 | D118: Sub-total | E118: =SUM(E114:E116) -> 0 | F118: =SUM(F114:F116) -> 598.08931 | G118: =SUM(G114:G116) -> 657.241 | H118: =SUM(H114:H116) -> 1708.8266 | I118: =SUM(I114:I116) -> 0 | J118: =SUM(J114:J116) -> 722.9651 | K118: =SUM(K114:K116) -> 4732.1352 | L118: =SUM(L114:L116) -> 328.6205 | ... AS118: =SUM(AS114:AS116) -> 102533.9 | AU118: =SUM(AU114:AU116) -> 25633.474 | AV118: =SUM(AV114:AV116) -> 25633.474 | AW118: =SUM(AW114:AW116) -> 25633.474 | AX118: =SUM(AX114:AX116) -> 25633.474 | AY118: =SUM(AY114:AY116) -> 102533.9 | BA118: =SUM(E118:N118) -> 23034.325 | BB118: =SUM(O118:Y118) -> 55284.88 | BC118: =SUM(Z118:AJ118) -> 19145.905 | BD118: =SUM(AK118:AQ118) -> 5068.7847 | BE118: =SUM(BE114:BE116) -> 0 | BF118: =SUM(BA118:BD118) -> 102533.9
B120: 5200 | C120: Reporting Costs
C121: 5201 | D121: Project auditing | AR121: 5500 | AS121: 5500 | AU121: =$AS121/4 -> 1375 | AV121: =$AS121/4 -> 1375 | AW121: =$AS121/4 -> 1375 | AX121: =$AS121/4 -> 1375 | AY121: =SUM(AU121:AX121) -> 5500 | BA121: =SUM(E121:N121) -> 0 | BB121: =SUM(O121:Y121) -> 0 | BC121: =SUM(Z121:AJ121) -> 0 | BD121: =SUM(AK121:AQ121) -> 0 | BE121: 5500 | BF121: 5500
C122: 5202 | D122: Production of awareness-raising materials, including mascots | E122: 0 | F122: 0 | G122: 0 | H122: 1971.723 | I122: 0 | J122: 5915.169 | K122: 0 | L122: 0 | M122: 0 | N122: 7229.651 | O122: 5106.5644 | P122: 11574.879 | Q122: 1872.4069 | R122: 5106.5644 | S122: 8851.3783 | T122: 3234.1574 | U122: 10213.129 | V122: 510.65644 | W122: 4595.9079 | X122: 0 | Y122: 5617.2208 | Z122: 3758.4209 | AA122: 3956.2325 | AB122: 1780.3046 | AC122: 0 | AD122: 0 | AE122: 197.81163 | AF122: 2175.9279 | AG122: 0 | AH122: 0 | AI122: 0 | AJ122: 0 | AK122: 0 | AL122: 5385.858 | AM122: 5385.858 | AN122: 0 | AO122: 0 | AP122: 1880.8106 | AQ122: 0 | AR122: 0 | AS122: =SUM(E122:AQ122) -> 96320.632 | AU122: =$AS122/4 -> 24080.158 | AV122: =$AS122/4 -> 24080.158 | AW122: =$AS122/4 -> 24080.158 | AX122: =$AS122/4 -> 24080.158 | AY122: =SUM(AU122:AX122) -> 96320.632 | BA122: =SUM(E122:N122) -> 15116.543 | BB122: =SUM(O122:Y122) -> 56682.865 | BC122: =SUM(Z122:AJ122) -> 11868.698 | BD122: =SUM(AK122:AQ122) -> 12652.527 | BE122: 0 | BF122: =SUM(BA122:BD122) -> 96320.632
C123: 5203 | D123: Broadcasting and dissemination of awarenss-rainsing materials | E123: 0 | F123: 0 | G123: 0 | H123: 1971.723 | I123: 0 | J123: 3943.446 | K123: 0 | L123: 0 | M123: 0 | N123: 9727.1668 | O123: 4085.2515 | P123: 9668.4286 | Q123: 2519.2384 | R123: 4902.3018 | S123: 9940.7787 | T123: 2383.0634 | U123: 8476.8969 | V123: 1021.3129 | W123: 5208.6957 | X123: 0 | Y123: 7557.7153 | Z123: 2769.3628 | AA123: 3283.673 | AB123: 2017.6786 | AC123: 0 | AD123: 0 | AE123: 395.62325 | AF123: 2927.6121 | AG123: 0 | AH123: 0 | AI123: 0 | AJ123: 0 | AK123: 0 | AL123: 5385.858 | AM123: 5385.858 | AN123: 0 | AO123: 0 | AP123: 1880.8106 | AQ123: 0 | AR123: 0 | AS123: =SUM(E123:AQ123) -> 95452.495 | AU123: =$AS123/4 -> 23863.124 | AV123: =$AS123/4 -> 23863.124 | AW123: =$AS123/4 -> 23863.124 | AX123: =$AS123/4 -> 23863.124 | AY123: =SUM(AU123:AX123) -> 95452.495 | BA123: =SUM(E123:N123) -> 15642.336 | BB123: =SUM(O123:Y123) -> 55763.683 | BC123: =SUM(Z123:AJ123) -> 11393.95 | BD123: =SUM(AK123:AQ123) -> 12652.527 | BE123: 0 | BF123: =SUM(BA123:BD123) -> 95452.495
C124: 5204 | D124: Regional and international knowledge exchange | E124: 0 | F124: 0 | G124: 0 | H124: 0 | I124: 0 | J124: 0 | K124: 0 | L124: 0 | M124: 0 | N124: 2957.5845 | O124: 0 | P124: 765.98466 | Q124: 765.98466 | R124: 765.98466 | S124: 2297.954 | T124: 0 | U124: 1531.9693 | V124: 0 | W124: 765.98466 | X124: 0 | Y124: 2297.954 | Z124: 0 | AA124: 593.43488 | AB124: 296.71744 | AC124: 0 | AD124: 0 | AE124: 0 | AF124: 890.15232 | AG124: 0 | AH124: 0 | AI124: 0 | AJ124: 0 | AK124: 0 | AL124: 0 | AM124: 0 | AN124: 0 | AO124: 0 | AP124: 0 | AQ124: 0 | AR124: 0 | AS124: =SUM(E124:AQ124) -> 13929.705 | AU124: =$AS124/4 -> 3482.4263 | AV124: =$AS124/4 -> 3482.4263 | AW124: =$AS124/4 -> 3482.4263 | AX124: =$AS124/4 -> 3482.4263 | AY124: =SUM(AU124:AX124) -> 13929.705 | BA124: =SUM(E124:N124) -> 2957.5845 | BB124: =SUM(O124:Y124) -> 9191.8159 | BC124: =SUM(Z124:AJ124) -> 1780.3046 | BD124: =SUM(AK124:AQ124) -> 0 | BE124: 0 | BF124: =SUM(BA124:BD124) -> 13929.705
C125: 5205 | D125: Reporting to facilitate external communication and information exchange | E125: 98.58615 | F125: 0 | G125: 0 | H125: 0 | I125: 0 | J125: 0 | K125: 0 | L125: 0 | M125: 0 | N125: 1544.5163 | O125: 5385.858 | P125: 451.07985 | Q125: 374.48139 | R125: 374.48139 | S125: 1200.0426 | T125: 0 | U125: 510.65644 | V125: 0 | W125: 689.38619 | X125: 5385.858 | Y125: 1200.0426 | Z125: 0 | AA125: 197.81163 | AB125: 267.0457 | AC125: 0 | AD125: 0 | AE125: 0 | AF125: 464.85732 | AG125: 0 | AH125: 0 | AI125: 0 | AJ125: 13464.645 | AK125: 0 | AL125: 0 | AM125: 10771.716 | AN125: 0 | AO125: 0 | AP125: 0 | AQ125: 10771.716 | AR125: 0 | AS125: =SUM(E125:AR125) -> 53152.781 | AU125: =$AS125/4 -> 13288.195 | AV125: =$AS125/4 -> 13288.195 | AW125: =$AS125/4 -> 13288.195 | AX125: =$AS125/4 -> 13288.195 | AY125: =SUM(AU125:AX125) -> 53152.781 | BA125: =SUM(E125:N125) -> 1643.1025 | BB125: =SUM(O125:Y125) -> 15571.887 | BC125: =SUM(Z125:AJ125) -> 14394.36 | BD125: =SUM(AK125:AQ125) -> 21543.432 | BE125: 0 | BF125: =SUM(BA125:BD125) -> 53152.781
C126: 5206 | D126: Production of NE Coast interpretation materials | E126: 0 | F126: 0 | G126: 0 | H126: 0 | I126: 0 | J126: 0 | K126: 1314.482 | L126: 0 | M126: 0 | N126: 6506.6859 | O126: 26929.29 | P126: 1685.1662 | Q126: 1685.1662 | R126: 1685.1662 | S126: 5055.4987 | T126: 0 | U126: 2144.757 | V126: 1583.035 | W126: 2349.0196 | X126: 2692.929 | Y126: 5395.9364 | Z126: 131.87442 | AA126: 1226.4321 | AB126: 909.93349 | AC126: 0 | AD126: 0 | AE126: 613.21604 | AF126: 1958.3351 | AG126: 395.62325 | AH126: 0 | AI126: 0 | AJ126: 2692.929 | AK126: 0 | AL126: 10771.716 | AM126: 0 | AN126: 1253.8738 | AO126: 0 | AP126: 0 | AQ126: 10771.716 | AR126: 0 | AS126: =SUM(E126:AR126) -> 89752.782 | AU126: =$AS126/4 -> 22438.195 | AV126: =$AS126/4 -> 22438.195 | AW126: =$AS126/4 -> 22438.195 | AX126: =$AS126/4 -> 22438.195 | AY126: =SUM(AU126:AX126) -> 89752.782 | BA126: =SUM(E126:N126) -> 7821.1679 | BB126: =SUM(O126:Y126) -> 51205.965 | BC126: =SUM(Z126:AJ126) -> 7928.3434 | BD126: =SUM(AK126:AQ126) -> 22797.306 | BE126: 0 | BF126: =SUM(BA126:BD126) -> 89752.782
C128: 5299 | D128: Sub-total | E128: =SUM(E121:E126) -> 98.58615 | F128: =SUM(F121:F126) -> 0 | G128: =SUM(G121:G126) -> 0 | H128: =SUM(H121:H126) -> 3943.446 | I128: =SUM(I121:I126) -> 0 | J128: =SUM(J121:J126) -> 9858.615 | K128: =SUM(K121:K126) -> 1314.482 | L128: =SUM(L121:L126) -> 0 | ... AS128: =SUM(AS121:AS126) -> 354108.39 | AU128: =SUM(AU121:AU126) -> 88527.099 | AV128: =SUM(AV121:AV126) -> 88527.099 | AW128: =SUM(AW121:AW126) -> 88527.099 | AX128: =SUM(AX121:AX126) -> 88527.099 | AY128: =SUM(AY121:AY126) -> 354108.39 | BA128: =SUM(E128:N128) -> 43180.734 | BB128: =SUM(O128:Y128) -> 188416.21 | BC128: =SUM(Z128:AJ128) -> 47365.655 | BD128: =SUM(AK128:AQ128) -> 69645.791 | BE128: =SUM(BE121:BE126) -> 5500 | BF128: =SUM(BA126:BE126) -> 89752.782
B130: 5300 | C130: Sundry
C131: 5301 | D131: Telecommunication and website | E131: 0 | F131: 0 | G131: 0 | H131: 0 | I131: 0 | J131: 0 | K131: 657.241 | L131: 0 | M131: 0 | N131: 1925.7161 | O131: 510.65644 | P131: 1009.3976 | Q131: 498.74112 | R131: 668.95993 | S131: 1666.4422 | T131: 170.21881 | U131: 587.2549 | V131: 153.19693 | W131: 1266.428 | X131: 0 | Y131: 16157.574 | Z131: 197.81163 | AA131: 227.48337 | AB131: 490.57284 | AC131: 0 | AD131: 0 | AE131: 59.343488 | AF131: 579.58807 | AG131: 0 | AH131: 0 | AI131: 0 | AJ131: 0 | AK131: 0 | AL131: 0 | AM131: 0 | AN131: 10771.716 | AO131: 0 | AP131: 626.93688 | AQ131: 10771.716 | AR131: 0 | AS131: =SUM(E131:AR131) -> 48996.995 | AU131: =$AS131/4 -> 12249.249 | AV131: =$AS131/4 -> 12249.249 | AW131: =$AS131/4 -> 12249.249 | AX131: =$AS131/4 -> 12249.249 | AY131: =SUM(AU131:AX131) -> 48996.995 | BA131: =SUM(E131:N131) -> 2582.9571 | BB131: =SUM(O131:Y131) -> 22688.87 | BC131: =SUM(Z131:AJ131) -> 1554.7994 | BD131: =SUM(AK131:AQ131) -> 22170.369 | BE131: 0 | BF131: =SUM(BA131:BD131) -> 48996.995
C132: 5302 | D132: Casual labour | E132: 0 | F132: 0 | G132: 0 | H132: 3943.446 | I132: 0 | J132: 0 | K132: 1314.482 | L132: 0 | M132: 0 | N132: 36148.255 | O132: 0 | P132: 9021.5971 | Q132: 10042.91 | R132: 26929.29 | S132: 28086.104 | T132: 16157.574 | U132: 0 | V132: 10213.129 | W132: 18894.288 | X132: 340.43763 | Y132: 28426.542 | Z132: 131.87442 | AA132: 395.62325 | AB132: 7319.0302 | AC132: 0 | AD132: 0 | AE132: 3956.2325 | AF132: 10879.64 | AG132: 395.62325 | AH132: 0 | AI132: 0 | AJ132: 2692.929 | AK132: 0 | AL132: 0 | AM132: 15993.73 | AN132: 1253.8738 | AO132: 0 | AP132: 3761.6213 | AQ132: 0 | AR132: 0 | AS132: =SUM(E132:AR132) -> 236298.23 | AU132: =$AS132/4 -> 59074.558 | AV132: =$AS132/4 -> 59074.558 | AW132: =$AS132/4 -> 59074.558 | AX132: =$AS132/4 -> 59074.558 | AY132: =SUM(AU132:AX132) -> 236298.23 | BA132: =SUM(E132:N132) -> 41406.183 | BB132: =SUM(O132:Y132) -> 148111.87 | BC132: =SUM(Z132:AJ132) -> 25770.952 | BD132: =SUM(AK132:AQ132) -> 21009.225 | BE132: 0 | BF132: =SUM(BA132:BD132) -> 236298.23
C133: 5303 | D133: Business development | E133: 0 | F133: 0 | G133: 0 | H133: 0 | I133: 0 | J133: 3943.446 | K133: 0 | L133: 1314.482 | M133: 0 | N133: 0 | O133: 0 | P133: 4085.2515 | Q133: 0 | R133: 1361.7505 | S133: 1361.7505 | T133: 1361.7505 | U133: 4085.2515 | V133: 0 | W133: 0 | X133: 8078.787 | Y133: 0 | Z133: 1582.493 | AA133: 1582.493 | AB133: 0 | AC133: 0 | AD133: 0 | AE133: 0 | AF133: 0 | AG133: 0 | AH133: 0 | AI133: 0 | AJ133: 1077.1716 | AK133: 0 | AL133: 26929.29 | AM133: 21543.432 | AN133: 21543.432 | AO133: 0 | AP133: 0 | AQ133: 0 | AR133: 0 | AS133: =SUM(E133:AR133) -> 99850.781 | AU133: =$AS133/4 -> 24962.695 | AV133: =$AS133/4 -> 24962.695 | AW133: =$AS133/4 -> 24962.695 | AX133: =$AS133/4 -> 24962.695 | AY133: =SUM(AU133:AX133) -> 99850.781 | BA133: =SUM(E133:N133) -> 5257.928 | BB133: =SUM(O133:Y133) -> 20334.542 | BC133: =SUM(Z133:AJ133) -> 4242.1576 | BD133: =SUM(AK133:AQ133) -> 70016.154 | BE133: 0 | BF133: =SUM(BA133:BD133) -> 99850.781
C135: 5399 | D135: Sub-total | E135: =SUM(E131:E133) -> 0 | F135: =SUM(F131:F133) -> 0 | G135: =SUM(G131:G133) -> 0 | H135: =SUM(H131:H133) -> 3943.446 | I135: =SUM(I131:I133) -> 0 | J135: =SUM(J131:J133) -> 3943.446 | K135: =SUM(K131:K133) -> 1971.723 | L135: =SUM(L131:L133) -> 1314.482 | ... AS135: =SUM(AS131:AS133) -> 385146.01 | AU135: =SUM(AU131:AU133) -> 96286.502 | AV135: =SUM(AV131:AV133) -> 96286.502 | AX135: =SUM(AX131:AX133) -> 96286.502 | AY135: =SUM(AY131:AY133) -> 385146.01 | BA135: =SUM(E135:N135) -> 49247.068 | BB135: =SUM(O135:Y135) -> 191135.28 | BC135: =SUM(Z135:AJ135) -> 31567.909 | BD135: =SUM(AK135:AQ135) -> 113195.75 | BE135: =SUM(BE131:BE133) -> 0 | BF135: =SUM(BA135:BD135) -> 385146.01
...

Sheet Total Terr ES budget
B1: GF/
B2: BUDGET in UNEP Format - Government of St. Lucia: Total Resources
D5: Breakdown by | E5: Activity | AT5: Year | AZ5: Component | BF5: Focal Area
D6: Component | O6: 2 | AR6: Total | AT6: Year 1 | AU6: Year 2 | AV6: Year 3 | AW6: Year 4 | AX6: Total | AZ6: 1 | BA6: 2 | BB6: 3 | BC6: 4 | BD6: Total | BF6: BD1 | BG6: BD2 | BH6: LD | BI6: SFM/REDD | BJ6: CC | BK6: Total
D7: Activity | E7: ='GEF funding'!E7 -> 1.1.1.1 | F7: ='GEF funding'!F7 -> 1.1.1.2 | G7: ='GEF funding'!G7 -> 1.1.1.3 | H7: ='GEF funding'!H7 -> 1.1.2.1 | I7: ='GEF funding'!I7 -> 1.1.2.2 | J7: ='GEF funding'!J7 -> 1.1.2.3 | K7: ='GEF funding'!K7 -> 1.1.3.1 | L7: ='GEF funding'!L7 -> 1.1.3.2 | ... AQ7: ='GEF funding'!AQ7 -> 4.2.2.2 | AR7: US$ | AT7: US$ | AU7: US$ | AV7: US$ | AW7: US$ | AX7: US$ | AZ7: US$ | BA7: US$ | BB7: US$ | BC7: US$ | BD7: US$ | BF7: US$ | BG7: US$ | BH7: US$ | BI7: US$ | BJ7: US$ | BK7: US$
A8: 10 | B8: PROJECT PERSONNEL COMPONENT
B9: 1100 | C9: Project Personnel
C10: 1101 | D10: Full-time project coordiantor | E10: ='GEF funding'!E10+'Appendix 2'!E10 -> 171.5297 | F10: ='GEF funding'!F10+'Appendix 2'!F10 -> 900.06274 | G10: ='GEF funding'!G10+'Appendix 2'!G10 -> 630.70492 | H10: ='GEF funding'!H10+'Appendix 2'!H10 -> 871.41937 | I10: ='GEF funding'!I10+'Appendix 2'!I10 -> 273.76449 | J10: ='GEF funding'!J10+'Appendix 2'!J10 -> 1183.1914 | K10: ='GEF funding'!K10+'Appendix 2'!K10 -> 1358.3566 | L10: ='GEF funding'!L10+'Appendix 2'!L10 -> 609.22239 | ... AI10: ='GEF funding'!AI10+'Appendix 2'!AI10 -> 401.08587 | AJ10: ='GEF funding'!AI10+'Appendix 2'!AI10 -> 401.08587 | AK10: ='GEF funding'!AJ10+'Appendix 2'!AJ10 -> 1631.1261 | AL10: ='GEF funding'!AK10+'Appendix 2'!AK10 -> 500 | AM10: ='GEF funding'!AL10+'Appendix 2'!AL10 -> 500 | AN10: ='GEF funding'!AM10+'Appendix 2'!AM10 -> 293.33877 | AO10: ='GEF funding'!AN10+'Appendix 2'!AN10 -> 3820.8158 | AP10: ='GEF funding'!AO10+'Appendix 2'!AO10 -> 1650 | AQ10: ='GEF funding'!AP10+'Appendix 2'!AP10 -> 7022.3656 | AR10: =SUM(E10:AQ10) -> 106452.19 | AT10: =$AR10/4 -> 26613.047 | AU10: =$AR10/4 -> 26613.047 | AV10: =$AR10/4 -> 26613.047 | AW10: =$AR10/4 -> 26613.047 | AX10: =SUM(AT10:AW10) -> 106452.19 | AZ10: =SUM(E10:N10) -> 12722.35 | BA10: =SUM(O10:Y10) -> 47870.373 | BB10: =SUM(Z10:AK10) -> 32072.943 | BC10: =SUM(AL10:AQ10) -> 13786.52 | BD10: =SUM(AZ10:BC10) -> 106452.19 | BF10: =SUM(E10:N10) -> 12722.35 | BG10: =SUM(Z10:AK10) -> 32072.943 | BJ10: =SUM(O10:Y10) -> 47870.373 | BK10: =SUM(BF10:BJ10) -> 92665.666
C11: 1102 | D11: Part-time project director | E11: ='GEF funding'!E11+'Appendix 2'!E11 -> 0 | F11: ='GEF funding'!F11+'Appendix 2'!F11 -> 0 | G11: ='GEF funding'!G11+'Appendix 2'!G11 -> 0 | H11: ='GEF funding'!H11+'Appendix 2'!H11 -> 0 | I11: ='GEF funding'!I11+'Appendix 2'!I11 -> 0 | J11: ='GEF funding'!J11+'Appendix 2'!J11 -> 0 | K11: ='GEF funding'!K11+'Appendix 2'!K11 -> 0 | L11: ='GEF funding'!L11+'Appendix 2'!L11 -> 0 | ... AI11: ='GEF funding'!AI11+'Appendix 2'!AI11 -> 0 | AJ11: ='GEF funding'!AI11+'Appendix 2'!AI11 -> 0 | AK11: ='GEF funding'!AJ11+'Appendix 2'!AJ11 -> 0 | AL11: ='GEF funding'!AK11+'Appendix 2'!AK11 -> 0 | AM11: ='GEF funding'!AL11+'Appendix 2'!AL11 -> 0 | AN11: ='GEF funding'!AM11+'Appendix 2'!AM11 -> 0 | AO11: ='GEF funding'!AN11+'Appendix 2'!AN11 -> 0 | AP11: ='GEF funding'!AO11+'Appendix 2'!AO11 -> 0 | AQ11: ='GEF funding'!AP11+'Appendix 2'!AP11 -> 0 | AR11: =SUM(E11:AQ11) -> 0 | AT11: =$AR11/4 -> 0 | AU11: =$AR11/4 -> 0 | AV11: =$AR11/4 -> 0 | AW11: =$AR11/4 -> 0 | AX11: =SUM(AT11:AW11) -> 0 | AZ11: =SUM(E11:N11) -> 0 | BA11: =SUM(O11:Y11) -> 0 | BB11: =SUM(Z11:AK11) -> 0 | BC11: =SUM(AL11:AQ11) -> 0 | BD11: =SUM(AZ11:BC11) -> 0 | BF11: =SUM(E11:N11) -> 0 | BG11: =SUM(Z11:AK11) -> 0 | BJ11: =SUM(O11:Y11) -> 0 | BK11: =SUM(BF11:BJ11) -> 0
C12: 1103 | D12: Forester, Wildlife biologist, Conservationist | E12: ='GEF funding'!E12+'Appendix 2'!E12 -> 0 | F12: ='GEF funding'!F12+'Appendix 2'!F12 -> 9201.374 | G12: ='GEF funding'!G12+'Appendix 2'!G12 -> 5915.169 | H12: ='GEF funding'!H12+'Appendix 2'!H12 -> 5257.928 | I12: ='GEF funding'!I12+'Appendix 2'!I12 -> 3286.205 | J12: ='GEF funding'!J12+'Appendix 2'!J12 -> 1643.1025 | K12: ='GEF funding'!K12+'Appendix 2'!K12 -> 0 | L12: ='GEF funding'!L12+'Appendix 2'!L12 -> 7886.892 | ... AI12: ='GEF funding'!AI12+'Appendix 2'!AI12 -> 395.62325 | AJ12: ='GEF funding'!AI12+'Appendix 2'!AI12 -> 395.62325 | AK12: ='GEF funding'!AJ12+'Appendix 2'!AJ12 -> 0 | AL12: ='GEF funding'!AK12+'Appendix 2'!AK12 -> 5385.858 | AM12: ='GEF funding'!AL12+'Appendix 2'!AL12 -> 5385.858 | AN12: ='GEF funding'!AM12+'Appendix 2'!AM12 -> 0 | AO12: ='GEF funding'!AN12+'Appendix 2'!AN12 -> 1253.8738 | AP12: ='GEF funding'!AO12+'Appendix 2'!AO12 -> 0 | AQ12: ='GEF funding'!AP12+'Appendix 2'!AP12 -> 25077.475 | AR12: =SUM(E12:AQ12) -> 336126.73 | AT12: =$AR12/4 -> 84031.682 | AU12: =$AR12/4 -> 84031.682 | AV12: =$AR12/4 -> 84031.682 | AW12: =$AR12/4 -> 84031.682 | AX12: =SUM(AT12:AW12) -> 336126.73 | AZ12: =SUM(E12:N12) -> 71195.041 | BA12: =SUM(O12:Y12) -> 153316.08 | BB12: =SUM(Z12:AK12) -> 74512.538 | BC12: =SUM(AL12:AQ12) -> 37103.065 | BD12: =SUM(AZ12:BC12) -> 336126.73 | BF12: =SUM(E12:N12) -> 71195.041 | BG12: =SUM(Z12:AK12) -> 74512.538 | BJ12: =SUM(O12:Y12) -> 153316.08 | BK12: =SUM(BF12:BJ12) -> 299023.66
C13: 1104 | D13: Fisheries/marine biologist | E13: ='GEF funding'!E13+'Appendix 2'!E13 -> 0 | F13: ='GEF funding'!F13+'Appendix 2'!F13 -> 7229.651 | G13: ='GEF funding'!G13+'Appendix 2'!G13 -> 5257.928 | H13: ='GEF funding'!H13+'Appendix 2'!H13 -> 657.241 | I13: ='GEF funding'!I13+'Appendix 2'!I13 -> 1971.723 | J13: ='GEF funding'!J13+'Appendix 2'!J13 -> 23660.676 | K13: ='GEF funding'!K13+'Appendix 2'!K13 -> 7886.892 | L13: ='GEF funding'!L13+'Appendix 2'!L13 -> 1314.482 | ... AI13: ='GEF funding'!AI13+'Appendix 2'!AI13 -> 3164.986 | AJ13: ='GEF funding'!AI13+'Appendix 2'!AI13 -> 3164.986 | AK13: ='GEF funding'!AJ13+'Appendix 2'!AJ13 -> 10286.205 | AL13: ='GEF funding'!AK13+'Appendix 2'!AK13 -> 2692.929 | AM13: ='GEF funding'!AL13+'Appendix 2'!AL13 -> 2692.929 | AN13: ='GEF funding'!AM13+'Appendix 2'!AM13 -> 2194.2791 | AO13: ='GEF funding'!AN13+'Appendix 2'!AN13 -> 44825.987 | AP13: ='GEF funding'!AO13+'Appendix 2'!AO13 -> 0 | AQ13: ='GEF funding'!AP13+'Appendix 2'!AP13 -> 18808.106 | AR13: =SUM(E13:AQ13) -> 461305.01 | AT13: =$AR13/4 -> 115326.25 | AU13: =$AR13/4 -> 115326.25 | AV13: =$AR13/4 -> 115326.25 | AW13: =$AR13/4 -> 115326.25 | AX13: =SUM(AT13:AW13) -> 461305.01 | AZ13: =SUM(E13:N13) -> 87149.764 | BA13: =SUM(O13:Y13) -> 194645.21 | BB13: =SUM(Z13:AK13) -> 108295.81 | BC13: =SUM(AL13:AQ13) -> 71214.231 | BD13: =SUM(AZ13:BC13) -> 461305.01 | BF13: =SUM(E13:N13) -> 87149.764 | BG13: =SUM(Z13:AK13) -> 108295.81 | BJ13: =SUM(O13:Y13) -> 194645.21 | BK13: =SUM(BF13:BJ13) -> 390090.78
